Workbook
Name _38b: #REF!
Name _38b: #REF!
Name _38b: #REF!
Name _38b: 'إحصاءات شركات الإيداع'!$C$58
Name FrequencyList: '[1]Report Form'!$F$4:$F$8
Name PeriodList: '[1]Report Form'!$E$4:$E$76

Sheet إحصاءات شركات الإيداع
B3: إحصاءات شركات الإيداع (البنك المركزي وشركات الإيداع الأخرى) | C3: رقم الجدول .Table No | D3: Depository Corporations Statistics (Central Bank and Other Depository Corporations)
B6: البنك المركزي الأردني | D6: Central Bank of Jordan
B7: ميزانية البنك المركزي الأردني (الموجودات) ..................................................................................................................... | C7: 2a | D7: Central Bank of Jordan Balance Sheet (Assets)...................................................................................................................
B8: ميزانية البنك المركزي الأردني (المطلوبات) ..................................................................................................................... | C8: 2b | D8: Central Bank of Jordan Balance Sheet (Liabilities)...................................................................................................................
B9: الاحتياطيات الاجنبية للبنك المركزي الاردني ............................................................................................. | C9: 3 | D9: Central Bank of Jordan Foreign Reserves ...................................................................................................................
B10: النقود الاحتياطية ............................................................................................................................... | C10: 4 | D10: Reserve Money..................................................................................................................................................................................................................................
B11: النقد المصدر حسب فئات العملة ............................................................................................................ | C11: 5 | D11: Currency Issued According Denomination...................................................................................................................
B12: شركات الإيداع الأخرى | D12: Other Depository Corporations
B13: الميزانية الموحدة لشركات الإيداع الأخرى (الموجودات) .............................................................................................. | C13: 6a | D13: Consolidated Balance Sheet of Other Depository Corporations (Assets)...................................................................................................................
B14: الميزانية الموحدة لشركات الإيداع الأخرى (المطلوبات) .............................................................................................. | C14: 6b | D14: Consolidated Balance Sheet of Other Depository Corporations (Liabilities)...................................................................................................................
B15: موجودات شركات الإيداع الأخرى من العملات الأجنبية ............................................................................... | C15: 7a | D15: Assets of Other Depository Corporations in Foreign Currencies ...................................................................................................................
B16: مطلوبات شركات الإيداع الأخرى من العملات الأجنبية ............................................................................... | C16: 7b | D16: Liabilities of Other Depository Corporations in Foreign Currencies ...................................................................................................................
B17: الميزانية الموحدة للبنوك الإسلامية (الموجودات) ........................................................................................................... | C17: 8a | D17: Consolidated Balance Sheet of Islamic Banks (Assets)...................................................................................................................
B18: الميزانية الموحدة للبنوك الإسلامية (المطلوبات) ........................................................................................................... | C18: 8b | D18: Consolidated Balance Sheet of Islamic Banks (Liabilities)...................................................................................................................
B19: الميزانية الموحدة للبنوك التجارية (الموجودات) ....................................................................................................... | C19: 9a | D19: Consolidated Balance Sheet of Commercial Banks (Assets)...................................................................................................................
B20: الميزانية الموحدة للبنوك التجارية (المطلوبات) ....................................................................................................... | C20: 9b | D20: Consolidated Balance Sheet of Commercial Banks (Liabilities)...................................................................................................................
B21: الميزانية الموحدة لفروع البنوك الاردنية العاملة في الاراضي الفلسطينية (الموجودات) .......................................................... | C21: 10a | D21: Consolidated Balance Sheet of Jordanian Banks' Branches Operating In Palestine (Assets)...................................................................................................................
B22: الميزانية الموحدة لفروع البنوك الاردنية العاملة في الاراضي الفلسطينية (المطلوبات) .......................................................... | C22: 10b | D22: Consolidated Balance Sheet of Jordanian Banks' Branches Operating In Palestine (Liabilities)...................................................................................................................
B23: المسح النقدي | D23: Monetary Survey
B24: مسح شركات الإيداع ......................................................................................................................... | C24: 11 | D24: Depository Corporations Survey...................................................................................................................
B25: عرض النقد وفقا لمكوناته والجهة المحتفظة به .................................................................................................................... | C25: 12 | D25: Money Supply According to Components and Holder...................................................................................................................
B26: الائتمان المحلي الممنوح من قبل شركات الإيداع وفقا لنوع الائتمان .................................................................................................................... | C26: 13 | D26: Domestic Claims Extended by the Depository Corporations According to Type of Claims...................................................................................................................
B27: التسهيلات الائتمانية الممنوحة من قبل شركات الإيداع الأخرى | D27: Credit Facilities Extended by Other Depository Corporations
B28: التوزيع الجغرافي للتسهيلات الائتمانية / ربع سنوي ................................................................................................................... | C28: 14 | D28: Geographic Distribution of Credit Facilities / Quarterly...................................................................................................................
B29: التسهيلات الائتمانية حسب النشاط الاقتصادي (قيمة، وعدد العملاء) / ربع سنوي ................................................................................................................... | C29: 15 | D29: Credit Facilities According to Economic Activity (Value, and Number of Clients) / Quarterly...................................................................................................................
B30: التسهيلات الممنوحة لقطاع الزراعة / ربع سنوي ................................................................................................................... | C30: 16 | D30: Credits Extended to Agriculture Sector / Quarterly...................................................................................................................
B31: التسهيلات الممنوحة لقطاع الصناعة والتعدين / ربع سنوي ................................................................................................................... | C31: 17 | D31: Credits Extended to Industry and Mining Sector / Quarterly...................................................................................................................
B32: التسهيلات الممنوحة لقطاع الانشاءات / ربع سنوي ................................................................................................................... | C32: 18 | D32: Credits Extended to Construction Sector / Quarterly...................................................................................................................
B33: التسهيلات الممنوحة لقطاع التجارة العامة / ربع سنوي ................................................................................................................... | C33: 19 | D33: Credits Extended to General Trade Sector / Quarterly...................................................................................................................
B34: التسهيلات الممنوحة لقطاع خدمات النقل / ربع سنوي ................................................................................................................... | C34: 20 | D34: Credits Extended to Transportations Services Sector / Quarterly...................................................................................................................
B35: التسهيلات الممنوحة لقطاع السياحة والفنادق والمطاعم / ربع سنوي ................................................................................................................... | C35: 21 | D35: Credits Extended to Tourism, Hotels and Restuarants Sector / Quarterly...................................................................................................................
B36: التسهيلات الممنوحة لقطاع خدمات ومرافق عامة / ربع سنوي ................................................................................................................... | C36: 22 | D36: Credits Extended to Public Services and Utilities Sector / Quarterly...................................................................................................................
B37: التسهيلات الممنوحة لقطاع الخدمات المالية / ربع سنوي ................................................................................................................... | C37: 23 | D37: Credits Extended to Financial Services Sector / Quarterly...................................................................................................................
B38: التسهيلات الأخرى لغايات استهلاكية / ربع سنوي ................................................................................................................... | C38: 24 | D38: Other Credits for Consumption Purposes / Quarterly...................................................................................................................
B39: التسهيلات الائتمانية حسب النشاط الاقتصادي / شهري ................................................................................................................... | C39: 25 | D39: Credit Facilities According to Economic Activity / Monthly...................................................................................................................
... B43: مديونية الأفراد ........................................................................................................................................................................................... ........................................... | C43: 29 | D43: Household Debt.............................................................................................................................................
B44: الودائع لدى شركات الإيداع الأخرى | D44: Deposits with Other Depository Corporations
B45: التوزيع الجغرافي لودائع العملاء لدى شركات الإيداع الأخرى ................................................................................................................... | C45: 30 | D45: Geographic Distribution of Deposits with Other Depository Corporations...................................................................................................................
B46: الودائع لدى شركات الإيداع الأخرى حسب الجهة المودعة ونوع الوديعة .................................................................................................................... | C46: 31a | D46: Total Deposits According to Depositor and Type...................................................................................................................
B47: الودائع لدى شركات الإيداع الأخرى حسب الجهة المودعة ونوع الوديعة .................................................................................................................... | C47: 31b | D47: Total Deposits According to Depositor and Type...................................................................................................................
B48: الودائع بالعملة المحلية حسب الجهة المودعة ونوع الوديعة .................................................................................................................... | C48: 32a | D48: Deposits in Domestic Currency According to Depositor and Type..................................................................................................................
B49: الودائع بالعملة المحلية حسب الجهة المودعة ونوع الوديعة .................................................................................................................... | C49: 32b | D49: Deposits in Domestic Currency According to Depositor and Type..................................................................................................................
B50: الودائع بالعملات الاجنبية حسب الجهة المودعة ونوع الوديعة .................................................................................................................... | C50: 33a | D50: Deposits in Foreign Currency According to Depositor and Type..................................................................................................................
B51: الودائع بالعملات الاجنبية حسب الجهة المودعة ونوع الوديعة .................................................................................................................... | C51: 33b | D51: Deposits in Foreign Currency According to Depositor and Type..................................................................................................................
B52: مؤشرات المتانة المالية | C52: 34 | D52: Financial Soundness Indictors
B53: أسعار الفائدة/ العائد والصرف المعلنة من قبل البنك المركزي الأردني | D53: Interest Rates, Returns and Exchange Rates Announced by the Central Bank of Jordan
B54: أسعار الفائدة على أدوات السياسة النقدية ................................................................................................................... | C54: 35 | D54: Interest Rates on Monetary Policy Instruments..................................................................................................................
B55: أسعار الفائدة/ العائد على السندات والأذونات والصكوك الإسلامية الحكومية ................................................................................................................... | C55: 36 | D55: Interest Rates / Return on Government Bonds, Bills and Islamic Sukuk..................................................................................................................
B56: أسعار الفائدة في السوق المصرفي ................................................................................................................... | C56: 37 | D56: Interest Rates in the Banking Market..................................................................................................................
B57: أسعار الصرف المعلنة من قبل البنك المركزي الأردني (اسعـــار الشــــراء) ................................................................................................................... | C57: 38a | D57: Exchange Rates Announced by the Central Bank of Jordan (Buying Rates)..................................................................................................................
B58: أسعار الصرف المعلنة من قبل البنك المركزي الأردني (اسعــار البيــــع) ................................................................................................................... | C58: 38b | D58: Exchange Rates Announced by the Central Bank of Jordan (Selling Rates)..................................................................................................................

Sheet 2a
B2: Financial Sector Statistics | E2: Table (2a) جدول | P2: إحصاءات القطاع المالي
B3: 2a | E3: ميزانية البنك المركزي الأردني (الموجودات)
E4: Central Bank of Jordan Balance Sheet (Assets) | R4: مليون دينار JD million
C6: الموجودات
D8: الموجودات الأجنبية | O8: الموجودات المحلية
D10: Foreign Assets | O10: Domestic Assets
E12: الأصول الاحتياطية الرسمية | L12: موجودات اجنبية أخرى | R12: موجودات أخرى
E13: Official Reserve Assets | L13: Other Foreign Assets
C14: Assets | F14: الذهب النقدي | G14: نقد بالعملة الأجنبية | H14: أرصدة وودائع | I14: الأوراق المالية | J14: حقوق السحب الخاصة | K14: حسابات مستحقة أخرى | M14: قروض أخرى* | N14: الأسهم وحقوق الملكية الأخرى | P14: ائتمان ممنوح للبنوك والمؤسسات المالية المحلية وأوراق مالية | Q14: الأسهم وحقوق الملكية الأخرى
F16: Monetary Gold | G16: Cash in Foreign Currency | H16: Balances and Deposits | I16: Securities | J16: SDRs | K16: Other Accounts Receivable | M16: Other Loans* | N16: Shares and Other Equity | P16: Claims to banks & domestic financial institutions, & Securities | Q16: Shares and Other Equity | R16: Unclass-ified Assets
B17: الفترة Period
B18: 2014 | C18: =+D18+O18 -> 14032.781 | D18: =+E18+L18 -> 12442.907 | E18: =SUM(F18:K18) -> 11375.25 | F18: 527.993 | G18: 175.41084 | H18: 5702.3417 | I18: 4827.9691 | J18: 127.197 | K18: 14.338 | L18: =N18+M18 -> 1067.6572 | M18: 766.88221 | N18: 300.775 | O18: 1589.874 | P18: 1553.828 | Q18: 6.402 | R18: 29.644
B19: 2015 | C19: =+D19+O19 -> 14329.44 | D19: =+E19+L19 -> 12829.724 | E19: =SUM(F19:K19) -> 11747.84 | F19: 997.875 | G19: 199.82472 | H19: 4606.4327 | I19: 5829.5546 | J19: 97.308 | K19: 16.845 | L19: =N19+M19 -> 1081.8842 | M19: 766.88221 | N19: 315.002 | O19: 1499.716 | P19: 1193.86 | Q19: 8.796 | R19: 297.06
B20: 2016 | C20: =+D20+O20 -> 13453.025 | D20: =+E20+L20 -> 12115.514 | E20: =SUM(F20:K20) -> 11017.952 | F20: 1078.548 | G20: 214.53352 | H20: 4614.2824 | I20: 5020.2903 | J20: 67.796 | K20: 22.502 | L20: =N20+M20 -> 1097.5622 | M20: 766.88221 | N20: 330.68 | O20: 1337.511 | P20: 1065.778 | Q20: 16.712 | R20: 255.021
B21: 2017 | C21: =+D21+O21 -> 13367.569 | D21: =+E21+L21 -> 12171.899 | E21: =SUM(F21:K21) -> 11046.954 | F21: 1473.702 | G21: 232.68758 | H21: 4623.4558 | I21: 4640.4209 | J21: 43.126 | K21: 33.562 | L21: =N21+M21 -> 1124.9452 | M21: 766.88221 | N21: 358.063 | O21: 1195.67 | P21: 1058.583 | Q21: 15.23 | R21: 121.857
B22: 2018 | C22: =+D22+O22 -> 12901.566 | D22: =+E22+L22 -> 11476.66 | E22: =SUM(F22:K22) -> 10334.727 | F22: 1302.181 | G22: 178.78069 | H22: 5202.4624 | I22: 3580.4126 | J22: 22.747 | K22: 48.143 | L22: =N22+M22 -> 1141.9332 | M22: 766.88221 | N22: 375.051 | O22: 1424.906 | P22: 1234.138 | Q22: 30.314 | R22: 160.454
B23: 2019 | C23: =+D23+O23 -> 13709.534 | D23: =+E23+L23 -> 12068.976 | E23: =SUM(F23:K23) -> 10919.487 | F23: 1518.973 | G23: 102.45269 | H23: 5739.7988 | I23: 3512.3081 | J23: 11.658 | K23: 34.296 | L23: =N23+M23 -> 1149.4892 | M23: 766.88221 | N23: 382.607 | O23: 1640.558 | P23: 1569.453 | Q23: 30.331 | R23: 40.774
B24: 2020 | C24: =+D24+O24 -> 16025.634 | D24: =+E24+L24 -> 13198.877 | E24: =SUM(F24:K24) -> 12024.402 | F24: 2646.003 | G24: 283.49776 | H24: 6268.2304 | I24: 2790.9924 | J24: 13.847 | K24: 21.831 | L24: =N24+M24 -> 1174.4752 | M24: 766.88221 | N24: 407.593 | O24: 2826.757 | P24: 2731.081 | Q24: 45.29 | R24: 50.386
B25: 2021 | C25: =+D25+O25 -> 17680.019 | D25: =+E25+L25 -> 14686.407 | E25: =SUM(F25:K25) -> 13502.594 | F25: 2646.136 | G25: 239.88805 | H25: 7749.0201 | I25: 2842.2966 | J25: 11.586 | K25: 13.667 | L25: =N25+M25 -> 1183.8132 | M25: 766.88221 | N25: 416.931 | O25: 2993.612 | P25: 2896.154 | Q25: 46.436 | R25: 51.022
B26: 2022 | C26: =+D26+O26 -> 17004.846 | D26: =+E26+L26 -> 14083.057 | E26: =SUM(F26:K26) -> 12896.354 | F26: 2837.065 | G26: 244.38265 | H26: 6863.2996 | I26: 2885.1427 | J26: 7.565 | K26: 58.899 | L26: =N26+M26 -> 1186.7032 | M26: 766.88221 | N26: 419.821 | O26: 2921.789 | P26: 2822.74 | Q26: 48.797 | R26: 50.252
B27: 2023 | C27: =+D27+O27 -> 17270.476 | D27: =+E27+L27 -> 14711.003 | E27: =SUM(F27:K27) -> 13520.72 | F27: 3347.236 | G27: 228.8996 | H27: 6649.8754 | I27: 3198.5487 | J27: 7.099 | K27: 89.061 | L27: =N27+M27 -> 1190.2833 | M27: 766.88221 | N27: 423.40114 | O27: 2559.473 | P27: 2469.498 | Q27: 49.825 | R27: 40.15
B28: 2024 | C28: 19279.114 | D28: 16751.789 | E28: 15550.514 | F28: 4256.829 | G28: 242.44901 | H28: 7799.0883 | I28: 3149.402 | J28: 3.464 | K28: 99.282 | L28: 1201.275 | M28: 766.882 | N28: 434.393 | O28: 2527.325 | P28: 2421.415 | Q28: 56.775 | R28: 49.135
B29: 2025** | C29: =+D29+O29 -> 22381.413 | D29: =+E29+L29 -> 19995.432 | E29: =SUM(F29:K29) -> 18768.622 | F29: 7194.81 | G29: 275.20609 | H29: 8037.5263 | I29: 3170.243 | J29: 6.551 | K29: 84.286 | L29: =N29+M29 -> 1226.81 | M29: 766.882 | N29: 459.928 | O29: 2385.981 | P29: 2258.996 | Q29: 68.076 | R29: 58.909
B30: 2014
B31: 41974 | C31: =+D31+O31 -> 14032.781 | D31: =+E31+L31 -> 12442.907 | E31: =SUM(F31:K31) -> 11375.25 | F31: 527.993 | G31: 175.41084 | H31: 5702.3417 | I31: 4827.9691 | J31: 127.197 | K31: 14.338 | L31: =N31+M31 -> 1067.6572 | M31: 766.88221 | N31: 300.775 | O31: 1589.874 | P31: 1553.828 | Q31: 6.402 | R31: 29.644
B32: 2015
B33: 42005 | C33: =+D33+O33 -> 13870.43 | D33: =+E33+L33 -> 12293.448 | E33: =SUM(F33:K33) -> 11225.791 | F33: 667.263 | G33: 174.18591 | H33: 5209.8272 | I33: 5038.092 | J33: 123.982 | K33: 12.441 | L33: =N33+M33 -> 1067.6572 | M33: 766.88221 | N33: 300.775 | O33: 1576.982 | P33: 1539.615 | Q33: 6.402 | R33: 30.965
B34: 42036 | C34: =+D34+O34 -> 14036.604 | D34: =+E34+L34 -> 12458.492 | E34: =SUM(F34:K34) -> 11390.835 | F34: 853.754 | G34: 177.99682 | H34: 4793.7428 | I34: 5430.8161 | J34: 119.567 | K34: 14.958 | L34: =N34+M34 -> 1067.6572 | M34: 766.88221 | N34: 300.775 | O34: 1578.112 | P34: 1532.522 | Q34: 6.402 | R34: 39.188
B35: 42064 | C35: =+D35+O35 -> 13958.51 | D35: =+E35+L35 -> 12445.942 | E35: =SUM(F35:K35) -> 11378.285 | F35: 899.559 | G35: 176.96659 | H35: 4501.4923 | I35: 5667.776 | J35: 117.014 | K35: 15.477 | L35: =N35+M35 -> 1067.6572 | M35: 766.88221 | N35: 300.775 | O35: 1512.568 | P35: 1319.529 | Q35: 6.402 | R35: 186.637
B36: 42095 | C36: =+D36+O36 -> 14113.303 | D36: =+E36+L36 -> 12610.915 | E36: =SUM(F36:K36) -> 11535.177 | F36: 984.057 | G36: 180.00746 | H36: 4751.3869 | I36: 5486.5183 | J36: 117.52 | K36: 15.687 | L36: =N36+M36 -> 1075.7382 | M36: 766.88221 | N36: 308.856 | O36: 1502.388 | P36: 1338.741 | Q36: 6.402 | R36: 157.245
B37: 42125 | C37: =+D37+O37 -> 14127.737 | D37: =+E37+L37 -> 12616.461 | E37: =SUM(F37:K37) -> 11540.703 | F37: 949.632 | G37: 179.52028 | H37: 4907.0058 | I37: 5376.256 | J37: 112.741 | K37: 15.548 | L37: =N37+M37 -> 1075.7582 | M37: 766.88221 | N37: 308.876 | O37: 1511.276 | P37: 1330.407 | Q37: 6.402 | R37: 174.467
B38: 42156 | C38: =+D38+O38 -> 14272.238 | D38: =+E38+L38 -> 12700.533 | E38: =SUM(F38:K38) -> 11622.599 | F38: 955.391 | G38: 190.34354 | H38: 4736.7076 | I38: 5613.0687 | J38: 113.773 | K38: 13.315 | L38: =N38+M38 -> 1077.9342 | M38: 766.88221 | N38: 311.052 | O38: 1571.705 | P38: 1381.359 | Q38: 6.402 | R38: 183.944
B39: 42186 | C39: =+D39+O39 -> 15202.996 | D39: =+E39+L39 -> 13619.15 | E39: =SUM(F39:K39) -> 12541.216 | F39: 1026.35 | G39: 195.32871 | H39: 5566.3149 | I39: 5626.8786 | J39: 112.186 | K39: 14.158 | L39: =N39+M39 -> 1077.9342 | M39: 766.88221 | N39: 311.052 | O39: 1583.846 | P39: 1315.948 | Q39: 6.402 | R39: 261.496
B40: 42217 | C40: =+D40+O40 -> 15272.622 | D40: =+E40+L40 -> 13793.858 | E40: =SUM(F40:K40) -> 12715.924 | F40: 1074.719 | G40: 198.13889 | H40: 5479.7726 | I40: 5838.6201 | J40: 106.628 | K40: 18.045 | L40: =N40+M40 -> 1077.9342 | M40: 766.88221 | N40: 311.052 | O40: 1478.764 | P40: 1247.374 | Q40: 6.402 | R40: 224.988
B41: 42248 | C41: =+D41+O41 -> 15063.872 | D41: =+E41+L41 -> 13580.717 | E41: =SUM(F41:K41) -> 12502.783 | F41: 1051.181 | G41: 200.10475 | H41: 5220.0829 | I41: 5909.0015 | J41: 106.375 | K41: 16.038 | L41: =N41+M41 -> 1077.9342 | M41: 766.88221 | N41: 311.052 | O41: 1483.155 | P41: 1243.643 | Q41: 6.402 | R41: 233.11
B42: 42278 | C42: =+D42+O42 -> 14786.667 | D42: =+E42+L42 -> 13432.004 | E42: =SUM(F42:K42) -> 12354.069 | F42: 991.52 | G42: 200.57908 | H42: 5058.7846 | I42: 5979.2747 | J42: 105.897 | K42: 18.014 | L42: =N42+M42 -> 1077.9342 | M42: 766.88221 | N42: 311.052 | O42: 1354.663 | P42: 1150.005 | Q42: 6.402 | R42: 198.256
B43: 42309 | C43: =+D43+O43 -> 14262.918 | D43: =+E43+L43 -> 12804.175 | E43: =SUM(F43:K43) -> 11726.24 | F43: 993.225 | G43: 200.05366 | H43: 4312.3346 | I43: 6105.9815 | J43: 96.351 | K43: 18.294 | L43: =N43+M43 -> 1077.9352 | M43: 766.88221 | N43: 311.053 | O43: 1458.743 | P43: 1161.086 | Q43: 6.402 | R43: 291.255
B44: 42339 | C44: =+D44+O44 -> 14329.44 | D44: =+E44+L44 -> 12829.724 | E44: =SUM(F44:K44) -> 11747.84 | F44: 997.875 | G44: 199.82472 | H44: 4606.4327 | I44: 5829.5546 | J44: 97.308 | K44: 16.845 | L44: =N44+M44 -> 1081.8842 | M44: 766.88221 | N44: 315.002 | O44: 1499.716 | P44: 1193.86 | Q44: 8.796 | R44: 297.06
B45: 2016
B46: 42370 | C46: =+D46+O46 -> 14256.253 | D46: =+E46+L46 -> 12829.735 | E46: =SUM(F46:K46) -> 11744.066 | F46: 1001.522 | G46: 199.3544 | H46: 4505.319 | I46: 5921.2997 | J46: 96.862 | K46: 19.709 | L46: =N46+M46 -> 1085.6692 | M46: 766.88221 | N46: 318.787 | O46: 1426.518 | P46: 1168.741 | Q46: 8.796 | R46: 248.981
B47: 42401 | C47: =+D47+O47 -> 13985.623 | D47: =+E47+L47 -> 12703.619 | E47: =SUM(F47:K47) -> 11617.95 | F47: 1084.785 | G47: 199.62276 | H47: 4251.5753 | I47: 5969.7447 | J47: 89.867 | K47: 22.355 | L47: =N47+M47 -> 1085.6692 | M47: 766.88221 | N47: 318.787 | O47: 1282.004 | P47: 1117.661 | Q47: 8.796 | R47: 155.547
B48: 42430 | C48: =+D48+O48 -> 13670.938 | D48: =+E48+L48 -> 12450.74 | E48: =SUM(F48:K48) -> 11358.95 | F48: 1124.015 | G48: 200.21387 | H48: 3842.3179 | I48: 6080.0033 | J48: 91.038 | K48: 21.362 | L48: =N48+M48 -> 1091.7902 | M48: 766.88221 | N48: 324.908 | O48: 1220.198 | P48: 1045.091 | Q48: 8.796 | R48: 166.311
B49: 42461 | C49: =+D49+O49 -> 13515.765 | D49: =+E49+L49 -> 12274.113 | E49: =SUM(F49:K49) -> 11180.516 | F49: 983.771 | G49: 199.98924 | H49: 3611.0696 | I49: 6271.3704 | J49: 91.212 | K49: 23.104 | L49: =N49+M49 -> 1093.5972 | M49: 766.88221 | N49: 326.715 | O49: 1241.652 | P49: 1087.698 | Q49: 8.796 | R49: 145.158
B50: 42491 | C50: =+D50+O50 -> 13321.02 | D50: =+E50+L50 -> 12074.27 | E50: =SUM(F50:K50) -> 10980.653 | F50: 1005.975 | G50: 200.39649 | H50: 3837.4902 | I50: 5830.5906 | J50: 84.475 | K50: 21.726 | L50: =N50+M50 -> 1093.6162 | M50: 766.88221 | N50: 326.734 | O50: 1246.75 | P50: 1056.855 | Q50: 8.796 | R50: 181.099
B51: 42522 | C51: =+D51+O51 -> 13256.199 | D51: =+E51+L51 -> 12062.482 | E51: =SUM(F51:K51) -> 10968.865 | F51: 1114.585 | G51: 200.17817 | H51: 3793.6357 | I51: 5755.2265 | J51: 83.876 | K51: 21.364 | L51: =N51+M51 -> 1093.6162 | M51: 766.88221 | N51: 326.734 | O51: 1193.717 | P51: 1084.665 | Q51: 8.796 | R51: 100.256
B52: 42552 | C52: =+D52+O52 -> 13108.636 | D52: =+E52+L52 -> 11955.59 | E52: =SUM(F52:K52) -> 10861.562 | F52: 1241.865 | G52: 200.15927 | H52: 3602.5272 | I52: 5712.6991 | J52: 83.727 | K52: 20.584 | L52: =N52+M52 -> 1094.0282 | M52: 766.88221 | N52: 327.146 | O52: 1153.046 | P52: 1068.905 | Q52: 8.796 | R52: 75.345
B53: 42583 | C53: =+D53+O53 -> 12994.336 | D53: =+E53+L53 -> 11836.516 | E53: =SUM(F53:K53) -> 10742.488 | F53: 1012.095 | G53: 201.339 | H53: 4181.6858 | I53: 5248.1852 | J53: 76.997 | K53: 22.186 | L53: =N53+M53 -> 1094.0282 | M53: 766.88221 | N53: 327.146 | O53: 1157.82 | P53: 1035.709 | Q53: 8.796 | R53: 113.315
B54: 42614 | C54: =+D54+O54 -> 13056.003 | D54: =+E54+L54 -> 11838.112 | E54: =SUM(F54:K54) -> 10744.084 | F54: 1061.654 | G54: 200.24486 | H54: 4452.5707 | I54: 4929.6427 | J54: 77.177 | K54: 22.795 | L54: =N54+M54 -> 1094.0282 | M54: 766.88221 | N54: 327.146 | O54: 1217.891 | P54: 1100.268 | Q54: 8.796 | R54: 108.827
B55: 42644 | C55: =+D55+O55 -> 12753.924 | D55: =+E55+L55 -> 11523.355 | E55: =SUM(F55:K55) -> 10429.327 | F55: 1114.324 | G55: 201.26004 | H55: 3896.2102 | I55: 5116.983 | J55: 75.666 | K55: 24.884 | L55: =N55+M55 -> 1094.0282 | M55: 766.88221 | N55: 327.146 | O55: 1230.569 | P55: 1068.568 | Q55: 18.796 | R55: 143.205
B56: 42675 | C56: =+D56+O56 -> 13237.113 | D56: =+E56+L56 -> 11924.366 | E56: =SUM(F56:K56) -> 10830.338 | F56: 1033.718 | G56: 200.43862 | H56: 4662.5032 | I56: 4844.3913 | J56: 68.534 | K56: 20.753 | L56: =N56+M56 -> 1094.0282 | M56: 766.88221 | N56: 327.146 | O56: 1312.747 | P56: 1080.079 | Q56: 18.796 | R56: 213.872
B57: 42705 | C57: =+D57+O57 -> 13453.025 | D57: =+E57+L57 -> 12115.514 | E57: =SUM(F57:K57) -> 11017.952 | F57: 1078.548 | G57: 214.53352 | H57: 4614.2824 | I57: 5020.2903 | J57: 67.796 | K57: 22.502 | L57: =N57+M57 -> 1097.5622 | M57: 766.88221 | N57: 330.68 | O57: 1337.511 | P57: 1065.778 | Q57: 16.712 | R57: 255.021
B58: 2017
B59: 42736 | C59: =+D59+O59 -> 13053.793 | D59: =+E59+L59 -> 11646.526 | E59: =SUM(F59:K59) -> 10548.231 | F59: 1196.9 | G59: 216.72543 | H59: 4004.5957 | I59: 5038.2067 | J59: 68.65 | K59: 23.153 | L59: =N59+M59 -> 1098.2952 | M59: 766.88221 | N59: 331.413 | O59: 1407.267 | P59: 1177.413 | Q59: 16.712 | R59: 213.142
B60: 42767 | C60: =+D60+O60 -> 12474.392 | D60: =+E60+L60 -> 11252.425 | E60: =SUM(F60:K60) -> 10154.076 | F60: 1125.042 | G60: 219.80433 | H60: 3661.0468 | I60: 5062.9912 | J60: 61.214 | K60: 23.978 | L60: =N60+M60 -> 1098.3492 | M60: 766.88221 | N60: 331.467 | O60: 1221.967 | P60: 1036.853 | Q60: 16.712 | R60: 168.402
B61: 42795 | C61: =+D61+O61 -> 12641.83 | D61: =+E61+L61 -> 11307.774 | E61: =SUM(F61:K61) -> 10209.425 | F61: 1192.236 | G61: 219.73159 | H61: 3968.1744 | I61: 4744.4607 | J61: 61.628 | K61: 23.194 | L61: =N61+M61 -> 1098.3492 | M61: 766.88221 | N61: 331.467 | O61: 1334.056 | P61: 1148.204 | Q61: 16.712 | R61: 169.14
B62: 42826 | C62: =+D62+O62 -> 12344.471 | D62: =+E62+L62 -> 11154.053 | E62: =SUM(F62:K62) -> 10047.88 | F62: 1172.187 | G62: 219.77341 | H62: 3935.7099 | I62: 4631.2522 | J62: 61.924 | K62: 27.033 | L62: =N62+M62 -> 1106.1732 | M62: 766.88221 | N62: 339.291 | O62: 1190.418 | P62: 1020.526 | Q62: 16.712 | R62: 153.18
B63: 42856 | C63: =+D63+O63 -> 12632.403 | D63: =+E63+L63 -> 11315.455 | E63: =SUM(F63:K63) -> 10209.263 | F63: 1204.438 | G63: 229.03611 | H63: 4112.4597 | I63: 4577.9844 | J63: 55.492 | K63: 29.853 | L63: =N63+M63 -> 1106.1922 | M63: 766.88221 | N63: 339.31 | O63: 1316.948 | P63: 1143.542 | Q63: 15.668 | R63: 157.738
B64: 42887 | C64: =+D64+O64 -> 12497.156 | D64: =+E64+L64 -> 11223.348 | E64: =SUM(F64:K64) -> 10117.156 | F64: 1176.129 | G64: 229.20629 | H64: 4237.9459 | I64: 4389.6915 | J64: 55.622 | K64: 28.561 | L64: =N64+M64 -> 1106.1922 | M64: 766.88221 | N64: 339.31 | O64: 1273.808 | P64: 1086.739 | Q64: 15.668 | R64: 171.401
B65: 42917 | C65: =+D65+O65 -> 12356.286 | D65: =+E65+L65 -> 11113.737 | E65: =SUM(F65:K65) -> 10007.133 | F65: 1173.901 | G65: 230.0101 | H65: 4218.5714 | I65: 4297.3828 | J65: 56.342 | K65: 30.926 | L65: =N65+M65 -> 1106.6032 | M65: 766.88221 | N65: 339.721 | O65: 1242.549 | P65: 1065.421 | Q65: 19.718 | R65: 157.41
B66: 42948 | C66: =+D66+O66 -> 12260.791 | D66: =+E66+L66 -> 10976.073 | E66: =SUM(F66:K66) -> 9869.4696 | F66: 1139.71 | G66: 230.87202 | H66: 4144.1843 | I66: 4276.2743 | J66: 49.444 | K66: 28.985 | L66: =N66+M66 -> 1106.6032 | M66: 766.88221 | N66: 339.721 | O66: 1284.718 | P66: 1143.007 | Q66: 19.718 | R66: 121.993
B67: 42979 | C67: =+D67+O67 -> 12344.515 | D67: =+E67+L67 -> 10972.556 | E67: =SUM(F67:K67) -> 9865.9528 | F67: 1130.818 | G67: 229.8661 | H67: 4189.0749 | I67: 4237.0619 | J67: 49.022 | K67: 30.11 | L67: =N67+M67 -> 1106.6032 | M67: 766.88221 | N67: 339.721 | O67: 1371.959 | P67: 1198.883 | Q67: 19.718 | R67: 153.358
B68: 43009 | C68: =+D68+O68 -> 12988.245 | D68: =+E68+L68 -> 11610.587 | E68: =SUM(F68:K68) -> 10503.984 | F68: 1308.122 | G68: 229.4801 | H68: 4400.3906 | I68: 4483.4864 | J68: 48.77 | K68: 33.735 | L68: =N68+M68 -> 1106.6032 | M68: 766.88221 | N68: 339.721 | O68: 1377.658 | P68: 1200.877 | Q68: 19.718 | R68: 157.063
B69: 43040 | C69: =+D69+O69 -> 12831.831 | D69: =+E69+L69 -> 11561.012 | E69: =SUM(F69:K69) -> 10454.41 | F69: 1235.56 | G69: 232.90869 | H69: 4377.9369 | I69: 4532.6891 | J69: 42.924 | K69: 32.391 | L69: =N69+M69 -> 1106.6022 | M69: 766.88221 | N69: 339.72 | O69: 1270.819 | P69: 1110.775 | Q69: 19.718 | R69: 140.326
B70: 43070 | C70: =+D70+O70 -> 13367.569 | D70: =+E70+L70 -> 12171.899 | E70: =SUM(F70:K70) -> 11046.954 | F70: 1473.702 | G70: 232.68758 | H70: 4623.4558 | I70: 4640.4209 | J70: 43.126 | K70: 33.562 | L70: =N70+M70 -> 1124.9452 | M70: 766.88221 | N70: 358.063 | O70: 1195.67 | P70: 1058.583 | Q70: 15.23 | R70: 121.857
B71: 2018
B72: 43101 | C72: =+D72+O72 -> 13152.242 | D72: =+E72+L72 -> 11978.478 | E72: =SUM(F72:K72) -> 10852.777 | F72: 1186.034 | G72: 265.26829 | H72: 4446.7503 | I72: 4878.7704 | J72: 44.066 | K72: 31.888 | L72: =N72+M72 -> 1125.7012 | M72: 766.88221 | N72: 358.819 | O72: 1173.764 | P72: 1065.627 | Q72: 15.23 | R72: 92.907
B73: 43132 | C73: =+D73+O73 -> 13011.409 | D73: =+E73+L73 -> 11807.933 | E73: =SUM(F73:K73) -> 10682.231 | F73: 1145.366 | G73: 207.46757 | H73: 4625.1021 | I73: 4633.4301 | J73: 37.904 | K73: 32.961 | L73: =N73+M73 -> 1125.7022 | M73: 766.88221 | N73: 358.82 | O73: 1203.476 | P73: 1071.453 | Q73: 15.23 | R73: 116.793
B74: 43160 | C74: =+D74+O74 -> 12908.156 | D74: =+E74+L74 -> 11640.016 | E74: =SUM(F74:K74) -> 10514.314 | F74: 1088.222 | G74: 134.55129 | H74: 4643.3908 | I74: 4576.9651 | J74: 38.067 | K74: 33.118 | L74: =N74+M74 -> 1125.7022 | M74: 766.88221 | N74: 358.82 | O74: 1268.14 | P74: 1144.466 | Q74: 15.23 | R74: 108.444
B75: 43191 | C75: =+D75+O75 -> 12752.873 | D75: =+E75+L75 -> 11474.722 | E75: =SUM(F75:K75) -> 10341.117 | F75: 1270.361 | G75: 133.83052 | H75: 4608.0392 | I75: 4256.1934 | J75: 37.551 | K75: 35.142 | L75: =N75+M75 -> 1133.6052 | M75: 766.88221 | N75: 366.723 | O75: 1278.151 | P75: 1148.958 | Q75: 15.23 | R75: 113.963
B76: 43221 | C76: =+D76+O76 -> 12634.573 | D76: =+E76+L76 -> 11207.569 | E76: =SUM(F76:K76) -> 10073.944 | F76: 1292.491 | G76: 133.24013 | H76: 4351.676 | I76: 4228.4333 | J76: 31.907 | K76: 36.197 | L76: =N76+M76 -> 1133.6242 | M76: 766.88221 | N76: 366.742 | O76: 1427.004 | P76: 1266.65 | Q76: 28.834 | R76: 131.52
B77: 43252 | C77: =+D77+O77 -> 12675.805 | D77: =+E77+L77 -> 11132.307 | E77: =SUM(F77:K77) -> 9998.683 | F77: 1292.356 | G77: 175.729 | H77: 4465.986 | I77: 3994.923 | J77: 31.775 | K77: 37.914 | L77: =N77+M77 -> 1133.624 | M77: 766.882 | N77: 366.742 | O77: 1543.498 | P77: 1329.083 | Q77: 28.834 | R77: 185.581
B78: 43282 | C78: =+D78+O78 -> 12418.713 | D78: =+E78+L78 -> 10848.159 | E78: =SUM(F78:K78) -> 9714.1191 | F78: 1314.205 | G78: 178.50739 | H78: 4129.1496 | I78: 4023.7331 | J78: 31.66 | K78: 36.864 | L78: =N78+M78 -> 1134.04 | M78: 766.882 | N78: 367.158 | O78: 1570.554 | P78: 1324.511 | Q78: 30.184 | R78: 215.859
B79: 43313 | C79: =+D79+O79 -> 12815.032 | D79: =+E79+L79 -> 11173.838 | E79: =SUM(F79:K79) -> 10039.798 | F79: 1327.728 | G79: 178.75467 | H79: 4487.1609 | I79: 3981.6094 | J79: 27.163 | K79: 37.382 | L79: =N79+M79 -> 1134.04 | M79: 766.882 | N79: 367.158 | O79: 1641.194 | P79: 1374.254 | Q79: 30.184 | R79: 236.756
B80: 43344 | C80: =+D80+O80 -> 12306.741 | D80: =+E80+L80 -> 10779.333 | E80: =SUM(F80:K80) -> 9645.2926 | F80: 1330.519 | G80: 178.22481 | H80: 4412.6065 | I80: 3661.9823 | J80: 26.431 | K80: 35.529 | L80: =N80+M80 -> 1134.0402 | M80: 766.88221 | N80: 367.158 | O80: 1527.408 | P80: 1248.617 | Q80: 30.184 | R80: 248.607
B81: 43374 | C81: =+D81+O81 -> 12619.88 | D81: =+E81+L81 -> 11132.212 | E81: =SUM(F81:K81) -> 9998.1719 | F81: 1309.071 | G81: 177.53541 | H81: 4867.9941 | I81: 3576.7624 | J81: 26.183 | K81: 40.626 | L81: =N81+M81 -> 1134.0402 | M81: 766.88221 | N81: 367.158 | O81: 1487.668 | P81: 1241.254 | Q81: 30.184 | R81: 216.23
B82: 43405 | C82: =+D82+O82 -> 12485.343 | D82: =+E82+L82 -> 11047.377 | E82: =SUM(F82:K82) -> 9913.3376 | F82: 1386.985 | G82: 176.7111 | H82: 4748.781 | I82: 3535.6604 | J82: 22.565 | K82: 42.635 | L82: =N82+M82 -> 1134.0392 | M82: 766.88221 | N82: 367.157 | O82: 1437.966 | P82: 1197.256 | Q82: 30.184 | R82: 210.526
B83: 43435 | C83: =+D83+O83 -> 12901.566 | D83: =+E83+L83 -> 11476.66 | E83: =SUM(F83:K83) -> 10334.727 | F83: 1302.181 | G83: 178.78069 | H83: 5202.4624 | I83: 3580.4126 | J83: 22.747 | K83: 48.143 | L83: =N83+M83 -> 1141.9332 | M83: 766.88221 | N83: 375.051 | O83: 1424.906 | P83: 1234.138 | Q83: 30.314 | R83: 160.454
B84: 2019
B85: 43466 | C85: =+D85+O85 -> 12686.845 | D85: =+E85+L85 -> 11362.186 | E85: =SUM(F85:K85) -> 10219.842 | F85: 1343.91 | G85: 178.65107 | H85: 5116.7271 | I85: 3509.5757 | J85: 22.851 | K85: 48.127 | L85: =N85+M85 -> 1142.3442 | M85: 766.88221 | N85: 375.462 | O85: 1324.659 | P85: 1174.354 | Q85: 30.314 | R85: 119.991
B86: 43497 | C86: =+D86+O86 -> 12647.008 | D86: =+E86+L86 -> 11339.806 | E86: =SUM(F86:K86) -> 10197.462 | F86: 1286.306 | G86: 177.97587 | H86: 5310.5872 | I86: 3351.1148 | J86: 19.627 | K86: 51.851 | L86: =N86+M86 -> 1142.3442 | M86: 766.88221 | N86: 375.462 | O86: 1307.202 | P86: 1153.713 | Q86: 30.314 | R86: 123.175
B87: 43525 | C87: =+D87+O87 -> 12776.304 | D87: =+E87+L87 -> 11305.361 | E87: =SUM(F87:K87) -> 10163.017 | F87: 1352.288 | G87: 176.97724 | H87: 5339.9645 | I87: 3220.7964 | J87: 19.495 | K87: 53.496 | L87: =N87+M87 -> 1142.3442 | M87: 766.88221 | N87: 375.462 | O87: 1470.943 | P87: 1291.942 | Q87: 30.314 | R87: 148.687
B88: 43556 | C88: =+D88+O88 -> 12641.527 | D88: =+E88+L88 -> 11257.863 | E88: =SUM(F88:K88) -> 10115.183 | F88: 1452.401 | G88: 176.06034 | H88: 5263.9881 | I88: 3145.0136 | J88: 19.412 | K88: 58.308 | L88: =N88+M88 -> 1142.6802 | M88: 766.88221 | N88: 375.798 | O88: 1383.664 | P88: 1193.837 | Q88: 30.314 | R88: 159.513
B89: 43586 | C89: =+D89+O89 -> 12802.907 | D89: =+E89+L89 -> 11274.924 | E89: =SUM(F89:K89) -> 10132.22 | F89: 1463.752 | G89: 175.68436 | H89: 5344.2011 | I89: 3072.9989 | J89: 16.848 | K89: 58.736 | L89: =N89+M89 -> 1142.7032 | M89: 766.88221 | N89: 375.821 | O89: 1527.983 | P89: 1334.616 | Q89: 30.314 | R89: 163.053
B90: 43617 | C90: =+D90+O90 -> 12972.835 | D90: =+E90+L90 -> 11533.894 | E90: =SUM(F90:K90) -> 10391.191 | F90: 1085.54 | G90: 186.94216 | H90: 6037.2946 | I90: 3009.7752 | J90: 16.993 | K90: 54.646 | L90: =N90+M90 -> 1142.7032 | M90: 766.88221 | N90: 375.821 | O90: 1438.941 | P90: 1359.924 | Q90: 30.314 | R90: 48.703
B91: 43647 | C91: =+D91+O91 -> 13133.012 | D91: =+E91+L91 -> 11716.516 | E91: =SUM(F91:K91) -> 10573.403 | F91: 1140.898 | G91: 182.77336 | H91: 6292.031 | I91: 2892.8146 | J91: 17.005 | K91: 47.881 | L91: =N91+M91 -> 1143.1132 | M91: 766.88221 | N91: 376.231 | O91: 1416.496 | P91: 1348.208 | Q91: 30.314 | R91: 37.974
B92: 43678 | C92: =+D92+O92 -> 13318.94 | D92: =+E92+L92 -> 11835.926 | E92: =SUM(F92:K92) -> 10692.813 | F92: 1248.297 | G92: 182.70327 | H92: 6492.0448 | I92: 2716.4194 | J92: 13.87 | K92: 39.478 | L92: =N92+M92 -> 1143.1132 | M92: 766.88221 | N92: 376.231 | O92: 1483.014 | P92: 1413.415 | Q92: 30.314 | R92: 39.285
B93: 43709 | C93: =+D93+O93 -> 13267.748 | D93: =+E93+L93 -> 11906.352 | E93: =SUM(F93:K93) -> 10763.239 | F93: 1293.14 | G93: 182.63041 | H93: 5990.1541 | I93: 3251.6725 | J93: 13.802 | K93: 31.84 | L93: =N93+M93 -> 1143.1132 | M93: 766.88221 | N93: 376.231 | O93: 1361.396 | P93: 1292.983 | Q93: 30.562 | R93: 37.851
B94: 43739 | C94: =+D94+O94 -> 13258.651 | D94: =+E94+L94 -> 11817.022 | E94: =SUM(F94:K94) -> 10673.909 | F94: 1366.441 | G94: 182.97832 | H94: 4850.6563 | I94: 4224.2561 | J94: 13.928 | K94: 35.649 | L94: =N94+M94 -> 1143.1132 | M94: 766.88221 | N94: 376.231 | O94: 1441.629 | P94: 1372.813 | Q94: 30.562 | R94: 38.254
B95: 43770 | C95: =+D95+O95 -> 13106.405 | D95: =+E95+L95 -> 11668.339 | E95: =SUM(F95:K95) -> 10525.226 | F95: 1452.799 | G95: 182.11915 | H95: 5211.8587 | I95: 3633.3563 | J95: 11.574 | K95: 33.519 | L95: =N95+M95 -> 1143.1132 | M95: 766.88221 | N95: 376.231 | O95: 1438.066 | P95: 1356.263 | Q95: 30.562 | R95: 51.241
B96: 43800 | C96: =+D96+O96 -> 13709.534 | D96: =+E96+L96 -> 12068.976 | E96: =SUM(F96:K96) -> 10919.487 | F96: 1518.973 | G96: 102.45269 | H96: 5739.7988 | I96: 3512.3081 | J96: 11.658 | K96: 34.296 | L96: =N96+M96 -> 1149.4892 | M96: 766.88221 | N96: 382.607 | O96: 1640.558 | P96: 1569.453 | Q96: 30.331 | R96: 40.774
B97: 2020
B98: 43831 | C98: =+D98+O98 -> 13736.506 | D98: =+E98+L98 -> 12130.576 | E98: =SUM(F98:K98) -> 10980.679 | F98: 1631.863 | G98: 158.7676 | H98: 5761.1621 | I98: 3384.1215 | J98: 11.592 | K98: 33.173 | L98: =N98+M98 -> 1149.8972 | M98: 766.88221 | N98: 383.015 | O98: 1605.93 | P98: 1532.495 | Q98: 30.331 | R98: 43.104
B99: 43862 | C99: =+D99+O99 -> 13661.204 | D99: =+E99+L99 -> 12125.036 | E99: =SUM(F99:K99) -> 10974.804 | F99: 1662.575 | G99: 158.59067 | H99: 5837.8739 | I99: 3272.1986 | J99: 9.663 | K99: 33.903 | L99: =N99+M99 -> 1150.2322 | M99: 766.88221 | N99: 383.35 | O99: 1536.168 | P99: 1462.974 | Q99: 30.331 | R99: 42.863
B100: 43891 | C100: =+D100+O100 -> 14918.408 | D100: =+E100+L100 -> 12241.817 | E100: =SUM(F100:K100) -> 11091.585 | F100: 1990.155 | G100: 356.70303 | H100: 5215.9185 | I100: 3494.0887 | J100: 9.037 | K100: 25.683 | L100: =N100+M100 -> 1150.2322 | M100: 766.88221 | N100: 383.35 | O100: 2676.591 | P100: 2603.688 | Q100: 30.331 | R100: 42.572
B101: 43922 | C101: =+D101+O101 -> 14936.614 | D101: =+E101+L101 -> 12036.02 | E101: =SUM(F101:K101) -> 10885.788 | F101: 2111.222 | G101: 312.41104 | H101: 5087.8594 | I101: 3338.3088 | J101: 9.622 | K101: 26.365 | L101: =N101+M101 -> 1150.2322 | M101: 766.88221 | N101: 383.35 | O101: 2900.594 | P101: 2826.514 | Q101: 30.331 | R101: 43.749
B102: 43952 | C102: =+D102+O102 -> 14743.439 | D102: =+E102+L102 -> 11988.141 | E102: =SUM(F102:K102) -> 10837.909 | F102: 2207.109 | G102: 293.54943 | H102: 5148.3482 | I102: 3155.2926 | J102: 7.049 | K102: 26.561 | L102: =N102+M102 -> 1150.2322 | M102: 766.88221 | N102: 383.35 | O102: 2755.298 | P102: 2672.353 | Q102: 37.15 | R102: 45.795
B103: 43983 | C103: =+D103+O103 -> 15003.667 | D103: =+E103+L103 -> 12077.109 | E103: =SUM(F103:K103) -> 10926.877 | F103: 2102.756 | G103: 275.66012 | H103: 5333.8323 | I103: 3176.7456 | J103: 7.089 | K103: 30.794 | L103: =N103+M103 -> 1150.2322 | M103: 766.88221 | N103: 383.35 | O103: 2926.558 | P103: 2842.12 | Q103: 37.151 | R103: 47.287
B104: 44013 | C104: =+D104+O104 -> 17124.653 | D104: =+E104+L104 -> 13972.302 | E104: =SUM(F104:K104) -> 12821.662 | F104: 2147.67 | G104: 281.79266 | H104: 6901.8523 | I104: 3445.9763 | J104: 17.187 | K104: 27.184 | L104: =N104+M104 -> 1150.6392 | M104: 766.88221 | N104: 383.757 | O104: 3152.351 | P104: 3066.197 | Q104: 37.15 | R104: 49.004
B105: 44044 | C105: =+D105+O105 -> 17010.538 | D105: =+E105+L105 -> 13874.379 | E105: =SUM(F105:K105) -> 12723.74 | F105: 2559.263 | G105: 272.97132 | H105: 6639.9881 | I105: 3213.8994 | J105: 15.73 | K105: 21.888 | L105: =N105+M105 -> 1150.6392 | M105: 766.88221 | N105: 383.757 | O105: 3136.159 | P105: 3051.32 | Q105: 37.15 | R105: 47.689
B106: 44075 | C106: =+D106+O106 -> 16991.425 | D106: =+E106+L106 -> 13872.051 | E106: =SUM(F106:K106) -> 12717.406 | F106: 2646.974 | G106: 262.60971 | H106: 6635.5932 | I106: 3136.1407 | J106: 15.607 | K106: 20.481 | L106: =N106+M106 -> 1154.6452 | M106: 766.88221 | N106: 387.763 | O106: 3119.374 | P106: 3035.917 | Q106: 37.15 | R106: 46.307
...

Sheet 2b
B2: Financial Sector Statistics | E2: Table (2b) جدول | P2: إحصاءات القطاع المالي
E3: ميزانية البنك المركزي الأردني (المطلوبات)
E4: Central Bank of Jordan Balance Sheet (Liabilities) | Q4: مليون دينار JD million
C6: المطلوبات
D8: القاعدة النقدية | I8: مطلوبات أخرى لشركات الإيداع الأخرى Other Liabilities to Other Depository Corporations | M8: ودائع القطاع العام | N8: ودائع الشركات المالية الأخرى | O8: مطلوبات لغير المقيمين | P8: الأسهم وحقوق الملكية الأخرى | Q8: مطلوبات أخرى
D9: Monetary Base
E10: النقد المصدر | F10: المطلوبات لشركات الإيداع الأخرى
F11: Liabilities to Other Depository Corporations
G12: الاحتياطي الإلزامي | H12: الاحتياطي الفائض | J12: نافذة الإيداع لليلة واحدة | K12: شهادات الإيداع | L12: ودائع أخرى بالعملات الأجنبية
C14: Liabilities | E14: Currency Issued | G14: Legal Reserves | H14: Excess Reserves | J14: Overnight window deposits | K14: Certificates of Deposit | L14: Other Deposits in foreign currencies | M14: Deposits of Public Sector | N14: Deposits of Other Financial Corpo-rations | O14: Liabilities to Nonresidents | P14: Shares and Other Equity | Q14: Unclassified Liabilities
B15: الفترة Period
B16: 2014 | C16: 14032.782 | D16: 7041.624 | E16: 4177.854 | F16: 2863.77 | G16: 1457.091 | H16: 1406.679 | I16: 4416.044 | J16: 3418.5 | K16: 259.3 | L16: 738.244 | M16: 958.787 | N16: 5.732 | O16: 1362.882 | P16: 154.084 | Q16: 93.629
B17: 2015 | C17: 14329.44 | D17: 7505.719 | E17: 4336.768 | F17: 3168.951 | G17: 1605.366 | H17: 1563.585 | I17: 4445.902 | J17: 2751.5 | K17: 1076.5 | L17: 617.902 | M17: 915.206 | N17: 4.453 | O17: 1120.598 | P17: 240.138 | Q17: 97.424
B18: 2016 | C18: 13453.025 | D18: 7731.58 | E18: 4620.786 | F18: 3110.794 | G18: 1628.342 | H18: 1482.452 | I18: 3295.405 | J18: 1527 | K18: 1030.9 | L18: 737.505 | M18: 1032.416 | N18: 15.071 | O18: 971.393 | P18: 293.492 | Q18: 113.668
B19: 2017 | C19: 13367.569 | D19: 7698.459 | E19: 4836.496 | F19: 2861.963 | G19: 1603.694 | H19: 1258.269 | I19: 3354.604 | J19: 1911.5 | K19: 600 | L19: 843.104 | M19: 960.198 | N19: 24.535 | O19: 929.302 | P19: 324.971 | Q19: 75.5
B20: 2018 | C20: 12901.566 | D20: 7271.769 | E20: 4802.431 | F20: 2469.338 | G20: 1580.304 | H20: 889.034 | I20: 2974.064 | J20: 1534.5 | K20: 600 | L20: 839.564 | M20: 513.759 | N20: 3.583 | O20: 1674.064 | P20: 368.754 | Q20: 95.573
B21: 2019 | C21: 13709.534 | D21: 8083.45 | E21: 5162.008 | F21: 2921.442 | G21: 1654.008 | H21: 1267.434 | I21: 2973.52 | J21: 1713.5 | K21: 500 | L21: 760.02 | M21: 396.805 | N21: 1.738 | O21: 1726.324 | P21: 380.211 | Q21: 147.486
B22: 2020 | C22: 16025.633 | D22: 9148.17 | E22: 6496.496 | F22: 2651.674 | G22: 1221.595 | H22: 1430.079 | I22: 3721.779 | J22: 2984.5 | K22: 0 | L22: 737.279 | M22: 413.289 | N22: 4.579 | O22: 1672.019 | P22: 468.21056 | Q22: 597.586
B23: 2021 | C23: 17680.019 | D23: 9816.045 | E23: 6834.841 | F23: 2981.204 | G23: 1335.504 | H23: 1645.7 | I23: 4491.942 | J23: 3782 | K23: 0 | L23: 709.942 | M23: 567.597 | N23: 11.187 | O23: 1817.966 | P23: 502.175 | Q23: 473.107
B24: 2022 | C24: 17004.846 | D24: 9152.154 | E24: 6678.204 | F24: 2473.95 | G24: 1457.092 | H24: 1016.858 | I24: 4713.616 | J24: 3459.5 | K24: 600 | L24: 654.116 | M24: 1204.365 | N24: 8.355 | O24: 1179.366 | P24: 543.283 | Q24: 203.707
B25: 2023 | C25: 17270.476 | D25: 8859.992 | E25: 6441.259 | F25: 2418.733 | G25: 1507.477 | H25: 911.256 | I25: 5513.552 | J25: 4042 | K25: 800 | L25: 671.552 | M25: 615.643 | N25: 28.252 | O25: 1123.508 | P25: 597.426 | Q25: 532.103
B26: 2024 | C26: 19279.114 | D26: 9418.266 | E26: 6733.124 | F26: 2685.142 | G26: 1589.252 | H26: 1095.89 | I26: 6342.542 | J26: 5141.5 | K26: 550 | L26: 651.042 | M26: 664.783 | N26: 47.696 | O26: 824.18586 | P26: 733.762 | Q26: 1247.879
B27: 2025* | C27: 22381.413 | D27: 10038.355 | E27: 7050.988 | F27: 2987.367 | G27: 1638.612 | H27: 1348.755 | I27: 6277.4 | J27: 5265.5 | K27: 325 | L27: 686.9 | M27: 870.587 | N27: 35.035 | O27: 796.56337 | P27: 903.205 | Q27: 3460.268
B28: 2014
B29: 41974 | C29: 14032.782 | D29: 7041.624 | E29: 4177.854 | F29: 2863.77 | G29: 1457.091 | H29: 1406.679 | I29: =+SUM(J29:L29) -> 4416.044 | J29: 3418.5 | K29: 259.3 | L29: 738.244 | M29: 958.787 | N29: 5.732 | O29: 1362.882 | P29: 154.084 | Q29: 93.629
B30: 2015
B31: 42005 | C31: 13870.43 | D31: 6930.004 | E31: 4137.307 | F31: 2792.697 | G31: 1469.612 | H31: 1323.085 | I31: =+SUM(J31:L31) -> 4608.453 | J31: 3626.5 | K31: 259.3 | L31: 722.653 | M31: 738.646 | N31: 26.532 | O31: 1315.044 | P31: 157.176 | Q31: 94.575
B32: 42036 | C32: 14036.604 | D32: 6908.604 | E32: 4110.675 | F32: 2797.929 | G32: 1491.805 | H32: 1306.124 | I32: =+SUM(J32:L32) -> 4886.7 | J32: 2807.5 | K32: 1259.3 | L32: 819.9 | M32: 734.535 | N32: 20.775 | O32: 1263.719 | P32: 114.857 | Q32: 107.414
B33: 42064 | C33: 13958.51 | D33: 6858.152 | E33: 4138.197 | F33: 2719.955 | G33: 1499.623 | H33: 1220.332 | I33: =+SUM(J33:L33) -> 4497.174 | J33: 2696.5 | K33: 1084.5 | L33: 716.174 | M33: 1020.915 | N33: 12.497 | O33: 1239.03 | P33: 239.873 | Q33: 90.869
B34: 42095 | C34: 14113.302 | D34: 6964.087 | E34: 4203.449 | F34: 2760.638 | G34: 1524.622 | H34: 1236.016 | I34: =+SUM(J34:L34) -> 4691.764 | J34: 2857 | K34: 1084.5 | L34: 750.264 | M34: 856.714 | N34: 7.232 | O34: 1268.122 | P34: 239.873 | Q34: 85.51
B35: 42125 | C35: 14127.737 | D35: 6965.97 | E35: 4224.455 | F35: 2741.515 | G35: 1534.611 | H35: 1206.904 | I35: =+SUM(J35:L35) -> 4828.028 | J35: 2973.5 | K35: 1084.5 | L35: 770.028 | M35: 750.845 | N35: 4.561 | O35: 1246.136 | P35: 239.873 | Q35: 92.324
B36: 42156 | C36: 14272.238 | D36: 7260.596 | E36: 4336.77 | F36: 2923.826 | G36: 1547.666 | H36: 1376.16 | I36: =+SUM(J36:L36) -> 4776.586 | J36: 2746.5 | K36: 1161 | L36: 869.086 | M36: 656.227 | N36: 8.563 | O36: 1232.214 | P36: 239.873 | Q36: 98.179
B37: 42186 | C37: 15202.998 | D37: 7475.818 | E37: 4520.167 | F37: 2955.651 | G37: 1555.502 | H37: 1400.149 | I37: =+SUM(J37:L37) -> 4992.394 | J37: 3022.5 | K37: 1161 | L37: 808.894 | M37: 1170.662 | N37: 5.787 | O37: 1228.237 | P37: 239.873 | Q37: 90.227
B38: 42217 | C38: 15272.622 | D38: 7504.074 | E38: 4426.599 | F38: 3077.475 | G38: 1568.292 | H38: 1509.183 | I38: =+SUM(J38:L38) -> 5008.604 | J38: 3118.5 | K38: 1161 | L38: 729.104 | M38: 1217.934 | N38: 4.698 | O38: 1212.8 | P38: 239.873 | Q38: 84.639
B39: 42248 | C39: 15063.872 | D39: 7519.931 | E39: 4495.063 | F39: 3024.868 | G39: 1577.307 | H39: 1447.561 | I39: =+SUM(J39:L39) -> 4961.139 | J39: 3171 | K39: 1161 | L39: 629.139 | M39: 1066.068 | N39: 7.318 | O39: 1187.767 | P39: 239.873 | Q39: 81.776
B40: 42278 | C40: 14786.667 | D40: 7482.134 | E40: 4387.498 | F40: 3094.636 | G40: 1593.226 | H40: 1501.41 | I40: =+SUM(J40:L40) -> 4858.982 | J40: 3137 | K40: 1076.5 | L40: 645.482 | M40: 947.056 | N40: 12.938 | O40: 1165.648 | P40: 239.873 | Q40: 80.036
B41: 42309 | C41: 14262.917 | D41: 7451.182 | E41: 4351.43 | F41: 3099.752 | G41: 1601.211 | H41: 1498.541 | I41: =+SUM(J41:L41) -> 4691.389 | J41: 2959 | K41: 1076.5 | L41: 655.889 | M41: 662.744 | N41: 5.499 | O41: 1129.602 | P41: 239.873 | Q41: 82.628
B42: 42339 | C42: 14329.44 | D42: 7505.719 | E42: 4336.768 | F42: 3168.951 | G42: 1605.366 | H42: 1563.585 | I42: =+SUM(J42:L42) -> 4445.902 | J42: 2751.5 | K42: 1076.5 | L42: 617.902 | M42: 915.206 | N42: 4.453 | O42: 1120.598 | P42: 240.138 | Q42: 97.424
B43: 2016
B44: 42370 | C44: 14256.252 | D44: 7314.096 | E44: 4281.632 | F44: 3032.464 | G44: 1611.49 | H44: 1420.974 | I44: =+SUM(J44:L44) -> 4579.184 | J44: 2833.5 | K44: 1076.5 | L44: 669.184 | M44: 893.039 | N44: 49.831 | O44: 1088.614 | P44: 240.138 | Q44: 91.35
B45: 42401 | C45: 13985.623 | D45: 7349.997 | E45: 4295.627 | F45: 3054.37 | G45: 1617.308 | H45: 1437.062 | I45: =+SUM(J45:L45) -> 4454.609 | J45: 2739.5 | K45: 1076.5 | L45: 638.609 | M45: 770.748 | N45: 26.239 | O45: 1042.389 | P45: 240.138 | Q45: 101.503
B46: 42430 | C46: 13670.938 | D46: 7377.55 | E46: 4371.249 | F46: 3006.301 | G46: 1625.205 | H46: 1381.096 | I46: =+SUM(J46:L46) -> 4305.902 | J46: 2681.5 | K46: 1000 | L46: 624.402 | M46: 582.707 | N46: 33.065 | O46: 1025.025 | P46: 240.138 | Q46: 106.551
B47: 42461 | C47: 13515.766 | D47: 7526.236 | E47: 4453.731 | F47: 3072.505 | G47: 1634.103 | H47: 1438.402 | I47: =+SUM(J47:L47) -> 3674.052 | J47: 2076 | K47: 1000 | L47: 598.052 | M47: 929.95 | N47: 26.369 | O47: 1010.427 | P47: 240.138 | Q47: 108.594
B48: 42491 | C48: 13321.019 | D48: 7498.656 | E48: 4496.649 | F48: 3002.007 | G48: 1638.675 | H48: 1363.332 | I48: =+SUM(J48:L48) -> 3714.553 | J48: 2119.5 | K48: 1000 | L48: 595.053 | M48: 654.429 | N48: 24.871 | O48: 1005.013 | P48: 240.138 | Q48: 183.359
B49: 42522 | C49: 13256.199 | D49: 7850.742 | E49: 4836.843 | F49: 3013.899 | G49: 1634.354 | H49: 1379.545 | I49: =+SUM(J49:L49) -> 3320.868 | J49: 1591 | K49: 1000 | L49: 729.868 | M49: 641.216 | N49: 15.605 | O49: 988.039 | P49: 240.138 | Q49: 199.591
B50: 42552 | C50: 13108.635 | D50: 7765.942 | E50: 4756.79 | F50: 3009.152 | G50: 1631.26 | H50: 1377.892 | I50: =+SUM(J50:L50) -> 3137.122 | J50: 1492 | K50: 1000 | L50: 645.122 | M50: 777.638 | N50: 3.866 | O50: 1050.005 | P50: 240.138 | Q50: 133.924
B51: 42583 | C51: 12994.336 | D51: 7819.084 | E51: 4757.249 | F51: 3061.835 | G51: 1639.892 | H51: 1421.943 | I51: =+SUM(J51:L51) -> 3183.972 | J51: 1511.5 | K51: 1000 | L51: 672.472 | M51: 527.22 | N51: 5.938 | O51: 1087.622 | P51: 240.138 | Q51: 130.362
B52: 42614 | C52: 13056.003 | D52: 7800.59 | E52: 4767.833 | F52: 3032.757 | G52: 1646.087 | H52: 1386.67 | I52: =+SUM(J52:L52) -> 3002.863 | J52: 1288.5 | K52: 1030.9 | L52: 683.463 | M52: 802.49004 | N52: 8.247 | O52: 1068.743 | P52: 240.138 | Q52: 132.932
B53: 42644 | C53: 12753.924 | D53: 7760.208 | E53: 4651.907 | F53: 3108.301 | G53: 1653.722 | H53: 1454.579 | I53: =+SUM(J53:L53) -> 2975.362 | J53: 1257.5 | K53: 1030.9 | L53: 686.962 | M53: 537.008 | N53: 9.614 | O53: 1059.136 | P53: 240.138 | Q53: 172.458
B54: 42675 | C54: 13237.113 | D54: 7650.676 | E54: 4633.276 | F54: 3017.4 | G54: 1637.874 | H54: 1379.526 | I54: =+SUM(J54:L54) -> 3347.081 | J54: 1598.5 | K54: 1030.9 | L54: 717.681 | M54: 791.572 | N54: 13.019 | O54: 1013.879 | P54: 240.138 | Q54: 180.748
B55: 42705 | C55: 13453.025 | D55: 7731.58 | E55: 4620.786 | F55: 3110.794 | G55: 1628.342 | H55: 1482.452 | I55: =+SUM(J55:L55) -> 3295.405 | J55: 1527 | K55: 1030.9 | L55: 737.505 | M55: 1032.416 | N55: 15.071 | O55: 971.393 | P55: 293.492 | Q55: 113.668
B56: 2017
B57: 42736 | C57: 13053.793 | D57: 7530.882 | E57: 4519.867 | F57: 3011.015 | G57: 1625.078 | H57: 1385.937 | I57: =+SUM(J57:L57) -> 3171.927 | J57: 1473.5 | K57: 1030.9 | L57: 667.527 | M57: 922.765 | N57: 45.738 | O57: 970.898 | P57: 293.492 | Q57: 118.091
B58: 42767 | C58: 12474.392 | D58: 7535.73 | E58: 4525.089 | F58: 3010.641 | G58: 1609.095 | H58: 1401.546 | I58: =+SUM(J58:L58) -> 2782.89 | J58: 1123.5 | K58: 930.9 | L58: 728.49 | M58: 774.967 | N58: 23.895 | O58: 962.652 | P58: 293.546 | Q58: 100.712
B59: 42795 | C59: 12641.83 | D59: 7277.429 | E59: 4598.059 | F59: 2679.37 | G59: 1581.228 | H59: 1098.142 | I59: =+SUM(J59:L59) -> 3022.329 | J59: 1344.5 | K59: 900 | L59: 777.829 | M59: 907.033 | N59: 2.821 | O59: 968.484 | P59: 285.546 | Q59: 178.188
B60: 42826 | C60: 12344.47 | D60: 7313.46 | E60: 4656.102 | F60: 2657.358 | G60: 1559.355 | H60: 1098.003 | I60: =+SUM(J60:L60) -> 2836.967 | J60: 1191 | K60: 900 | L60: 745.967 | M60: 787.011 | N60: 4.806 | O60: 964.846 | P60: 285.546 | Q60: 151.834
B61: 42856 | C61: 12632.404 | D61: 7460.561 | E61: 4696.393 | F61: 2764.168 | G61: 1554.395 | H61: 1209.773 | I61: =+SUM(J61:L61) -> 2980.15 | J61: 1284.5 | K61: 900 | L61: 795.65 | M61: 805.117 | N61: 3.265 | O61: 951.775 | P61: 285.702 | Q61: 145.834
B62: 42887 | C62: 12497.156 | D62: 7894.083 | E62: 5104.958 | F62: 2789.125 | G62: 1572.763 | H62: 1216.362 | I62: =+SUM(J62:L62) -> 2635.929 | J62: 1010.5 | K62: 800 | L62: 825.429 | M62: 568.199 | N62: 5.684 | O62: 984.033 | P62: 285.702 | Q62: 123.526
B63: 42917 | C63: 12356.285 | D63: 7665.789 | E63: 4889.956 | F63: 2775.833 | G63: 1579.011 | H63: 1196.822 | I63: =+SUM(J63:L63) -> 2832.124 | J63: 1429 | K63: 600 | L63: 803.124 | M63: 446.985 | N63: 6.71 | O63: 988.107 | P63: 285.702 | Q63: 130.868
B64: 42948 | C64: 12260.79 | D64: 7822.735 | E64: 5157.56 | F64: 2665.175 | G64: 1588.924 | H64: 1076.251 | I64: =+SUM(J64:L64) -> 2387.839 | J64: 985 | K64: 600 | L64: 802.839 | M64: 657.029 | N64: 1.595 | O64: 973.021 | P64: 285.702 | Q64: 132.869
B65: 42979 | C65: 12344.515 | D65: 7588.786 | E65: 4857.612 | F65: 2731.174 | G65: 1592.943 | H65: 1138.231 | I65: =+SUM(J65:L65) -> 2802.242 | J65: 1367.5 | K65: 600 | L65: 834.742 | M65: 557.3 | N65: 2.638 | O65: 969.481 | P65: 285.702 | Q65: 138.366
B66: 43009 | C66: 12988.245 | D66: 7633.852 | E66: 4789.833 | F66: 2844.019 | G66: 1586.637 | H66: 1257.382 | I66: =+SUM(J66:L66) -> 3308.567 | J66: 1875 | K66: 600 | L66: 833.567 | M66: 658.652 | N66: 11.392 | O66: 942.308 | P66: 285.702 | Q66: 147.772
B67: 43040 | C67: 12831.83 | D67: 7635.715 | E67: 4835.193 | F67: 2800.522 | G67: 1595.065 | H67: 1205.457 | I67: =+SUM(J67:L67) -> 3253.577 | J67: 1820.5 | K67: 600 | L67: 833.077 | M67: 573.166 | N67: 12.189 | O67: 936.069 | P67: 285.702 | Q67: 135.412
B68: 43070 | C68: 13367.569 | D68: 7698.459 | E68: 4836.496 | F68: 2861.963 | G68: 1603.694 | H68: 1258.269 | I68: =+SUM(J68:L68) -> 3354.604 | J68: 1911.5 | K68: 600 | L68: 843.104 | M68: 960.198 | N68: 24.535 | O68: 929.302 | P68: 324.971 | Q68: 75.5
B69: 2018
B70: 43101 | C70: 13152.242 | D70: 7630.694 | E70: 4823.036 | F70: 2807.658 | G70: 1606.317 | H70: 1201.341 | I70: =+SUM(J70:L70) -> 3357.566 | J70: 1957 | K70: 600 | L70: 800.566 | M70: 764.477 | N70: 58.605 | O70: 929.251 | P70: 324.971 | Q70: 86.678
B71: 43132 | C71: 13011.409 | D71: 7651.395 | E71: 4848.078 | F71: 2803.317 | G71: 1611.801 | H71: 1191.516 | I71: =+SUM(J71:L71) -> 3412.959 | J71: 1985 | K71: 600 | L71: 827.959 | M71: 600.482 | N71: 28.083 | O71: 898.4 | P71: 324.971 | Q71: 95.119
B72: 43160 | C72: 12908.156 | D72: 7645.744 | E72: 4896.632 | F72: 2749.112 | G72: 1609.695 | H72: 1139.417 | I72: =+SUM(J72:L72) -> 3418.905 | J72: 1998 | K72: 600 | L72: 820.905 | M72: 517.048 | N72: 3.844 | O72: 893.455 | P72: 324.971 | Q72: 104.189
B73: 43191 | C73: 12752.873 | D73: 7723.043 | E73: 4905.4 | F73: 2817.643 | G73: 1613.4 | H73: 1204.243 | I73: =+SUM(J73:L73) -> 3106.864 | J73: 1662 | K73: 600 | L73: 844.864 | M73: 586.789 | N73: 8.811 | O73: 888.121 | P73: 324.971 | Q73: 114.274
B74: 43221 | C74: 12634.572 | D74: 7705.32 | E74: 4976.736 | F74: 2728.584 | G74: 1627.15 | H74: 1101.434 | I74: =+SUM(J74:L74) -> 3042.465 | J74: 1633.5 | K74: 600 | L74: 808.965 | M74: 541.845 | N74: 5.791 | O74: 889.453 | P74: 324.971 | Q74: 124.727
B75: 43252 | C75: 12675.806 | D75: 7822.504 | E75: 5099.857 | F75: 2722.647 | G75: 1635.378 | H75: 1087.269 | I75: =+SUM(J75:L75) -> 3125.917 | J75: 1688 | K75: 600 | L75: 837.917 | M75: 382.075 | N75: 2.997 | O75: 888.272 | P75: 324.971 | Q75: 129.07
B76: 43282 | C76: 12418.713 | D76: 7553.301 | E76: 5015.456 | F76: 2537.845 | G76: 1615.291 | H76: 922.554 | I76: =+SUM(J76:L76) -> 2972.193 | J76: 1576.5 | K76: 600 | L76: 795.693 | M76: 554.427 | N76: 8.36 | O76: 870.928 | P76: 322.917 | Q76: 136.587
B77: 43313 | C77: 12815.032 | D77: 7420.782 | E77: 5070.232 | F77: 2350.55 | G77: 1602.297 | H77: 748.253 | I77: =+SUM(J77:L77) -> 3167.373 | J77: 1740 | K77: 600 | L77: 827.373 | M77: 381.107 | N77: 6.521 | O77: 1224.362 | P77: 322.917 | Q77: 291.97
B78: 43344 | C78: 12306.74 | D78: 7220.346 | E78: 4890.647 | F78: 2329.699 | G78: 1595.466 | H78: 734.233 | I78: =+SUM(J78:L78) -> 2821.219 | J78: 1420.5 | K78: 600 | L78: 800.719 | M78: 489.231 | N78: 7.221 | O78: 1220.573 | P78: 322.917 | Q78: 225.233
B79: 43374 | C79: 12619.88 | D79: 7263.017 | E79: 4837.923 | F79: 2425.094 | G79: 1594.236 | H79: 830.858 | I79: =+SUM(J79:L79) -> 2905.896 | J79: 1491 | K79: 600 | L79: 814.896 | M79: 515.022 | N79: 11.359 | O79: 1444.683 | P79: 322.917 | Q79: 156.986
B80: 43405 | C80: 12485.343 | D80: 7238.896 | E80: 4813.112 | F80: 2425.784 | G80: 1585.172 | H80: 840.612 | I80: =+SUM(J80:L80) -> 2617.44 | J80: 1211 | K80: 600 | L80: 806.44 | M80: 464.844 | N80: 7.816 | O80: 1672.726 | P80: 322.917 | Q80: 160.704
B81: 43435 | C81: 12901.566 | D81: 7271.769 | E81: 4802.431 | F81: 2469.338 | G81: 1580.304 | H81: 889.034 | I81: =+SUM(J81:L81) -> 2974.064 | J81: 1534.5 | K81: 600 | L81: 839.564 | M81: 513.759 | N81: 3.583 | O81: 1674.064 | P81: 368.754 | Q81: 95.573
B82: 2019
B83: 43466 | C83: 12686.845 | D83: 7145.731 | E83: 4748.031 | F83: 2397.7 | G83: 1580.352 | H83: 817.348 | I83: =+SUM(J83:L83) -> 2715.453 | J83: 1317.5 | K83: 600 | L83: 797.953 | M83: 651.888 | N83: 37.656 | O83: 1665.513 | P83: 368.754 | Q83: 101.85
B84: 43497 | C84: 12647.008 | D84: 7214.323 | E84: 4773.255 | F84: 2441.068 | G84: 1583.035 | H84: 858.033 | I84: =+SUM(J84:L84) -> 2747.148 | J84: 1248 | K84: 700 | L84: 799.148 | M84: 542.841 | N84: 5.072 | O84: 1653.533 | P84: 368.754 | Q84: 115.337
B85: 43525 | C85: 12776.304 | D85: 7310.998 | E85: 4817.896 | F85: 2493.102 | G85: 1581.521 | H85: 911.581 | I85: =+SUM(J85:L85) -> 2723.958 | J85: 1249 | K85: 700 | L85: 774.958 | M85: 594.0343 | N85: 3.327 | O85: 1651.647 | P85: 368.754 | Q85: 123.586
B86: 43556 | C86: 12641.526 | D86: 7482.674 | E86: 4917.53 | F86: 2565.144 | G86: 1587.878 | H86: 977.266 | I86: =+SUM(J86:L86) -> 2334.531 | J86: 878.5 | K86: 700 | L86: 756.031 | M86: 688.8953 | N86: 3.205 | O86: 1632.38 | P86: 368.754 | Q86: 131.087
B87: 43586 | C87: 12802.906 | D87: 7831.914 | E87: 5253.537 | F87: 2578.377 | G87: 1598.457 | H87: 979.92 | I87: =+SUM(J87:L87) -> 2224.32 | J87: 937 | K87: 600 | L87: 687.32 | M87: 485.932 | N87: 3.341 | O87: 1740.166 | P87: 368.777 | Q87: 148.456
B88: 43617 | C88: 12972.835 | D88: 7727.623 | E88: 5093.603 | F88: 2634.02 | G88: 1603.665 | H88: 1030.355 | I88: =+SUM(J88:L88) -> 2317.346 | J88: 1113.5 | K88: 500 | L88: 703.846 | M88: 636.596 | N88: 1.971 | O88: 1755.987 | P88: 368.777 | Q88: 164.535
B89: 43647 | C89: 13133.012 | D89: 7896.352 | E89: 5170.711 | F89: 2725.641 | G89: 1614.73 | H89: 1110.911 | I89: =+SUM(J89:L89) -> 2440.919 | J89: 1226 | K89: 500 | L89: 714.919 | M89: 486.271 | N89: 10.675 | O89: 1751.455 | P89: 368.777 | Q89: 178.563
B90: 43678 | C90: 13318.939 | D90: 7815.2798 | E90: 5199.154 | F90: 2616.1258 | G90: 1633.353 | H90: 982.7728 | I90: =+SUM(J90:L90) -> 2677.426 | J90: 1482.5 | K90: 500 | L90: 694.926 | M90: 441.49965 | N90: 4.49 | O90: 1747.521 | P90: 368.777 | Q90: 263.946
B91: 43709 | C91: 13267.748 | D91: 7984.637 | E91: 5121.419 | F91: 2863.218 | G91: 1649.459 | H91: 1213.759 | I91: =+SUM(J91:L91) -> 2470.552 | J91: 1287 | K91: 500 | L91: 683.552 | M91: 471.412 | N91: 6.21 | O91: 1737.21 | P91: 369.026 | Q91: 228.701
B92: 43739 | C92: 13258.651 | D92: 7899.897 | E92: 5129.9 | F92: 2769.997 | G92: 1637.1 | H92: 1132.897 | I92: =+SUM(J92:L92) -> 2613.426 | J92: 1403 | K92: 500 | L92: 710.426 | M92: 394.106 | N92: 5.353 | O92: 1737.168 | P92: 369.026 | Q92: 239.675
B93: 43770 | C93: 13106.405 | D93: 7941.578 | E93: 5125.934 | F93: 2815.644 | G93: 1652.274 | H93: 1163.37 | I93: =+SUM(J93:L93) -> 2491.895 | J93: 1241 | K93: 500 | L93: 750.895 | M93: 357.897 | N93: 2.438 | O93: 1730.192 | P93: 369.026 | Q93: 213.379
B94: 43800 | C94: 13709.534 | D94: 8083.45 | E94: 5162.008 | F94: 2921.442 | G94: 1654.008 | H94: 1267.434 | I94: =+SUM(J94:L94) -> 2973.52 | J94: 1713.5 | K94: 500 | L94: 760.02 | M94: 396.805 | N94: 1.738 | O94: 1726.324 | P94: 380.211 | Q94: 147.486
B95: 2020
B96: 43831 | C96: 13736.506 | D96: 7982.208 | E96: 5146.806 | F96: 2835.402 | G96: 1651.817 | H96: 1183.585 | I96: =+SUM(J96:L96) -> 2921.569 | J96: 1692.5 | K96: 500 | L96: 729.069 | M96: 512.933 | N96: 10.824 | O96: 1717.686 | P96: 380.211 | Q96: 211.075
B97: 43862 | C97: 13661.205 | D97: 8138.89 | E97: 5201.331 | F97: 2937.559 | G97: 1663.84 | H97: 1273.719 | I97: =+SUM(J97:L97) -> 2775.832 | J97: 1564.5 | K97: 500 | L97: 711.332 | M97: 349.699 | N97: 3.218 | O97: 1710.762 | P97: 380.211 | Q97: 302.593
B98: 43891 | C98: 14918.409 | D98: 9503.756 | E98: 6471.268 | F98: 3032.488 | G98: 1662.737 | H98: 1369.751 | I98: =+SUM(J98:L98) -> 2339.293 | J98: 1573 | K98: 0 | L98: 766.293 | M98: 711.085 | N98: 5.699 | O98: 1696.46 | P98: 380.211 | Q98: 281.905
B99: 43922 | C99: 14936.615 | D99: 9343.775 | E99: 6611.469 | F99: 2732.306 | G99: 1662.734 | H99: 1069.572 | I99: =+SUM(J99:L99) -> 2162.696 | J99: 1385 | K99: 0 | L99: 777.696 | M99: 456.045 | N99: 16.634 | O99: 1696.516 | P99: 380.211 | Q99: 880.738
B100: 43952 | C100: 14743.44 | D100: 8993.366 | E100: 6610.554 | F100: 2382.812 | G100: 1222.783 | H100: 1160.029 | I100: =+SUM(J100:L100) -> 2238.157 | J100: 1522.5 | K100: 0 | L100: 715.657 | M100: 639.037 | N100: 1.928 | O100: 1694.2 | P100: 380.211 | Q100: 796.541
B101: 43983 | C101: 15003.667 | D101: 8809.605 | E101: 6327.706 | F101: 2481.899 | G101: 1216.364 | H101: 1265.535 | I101: =+SUM(J101:L101) -> 2572.862 | J101: 1903 | K101: 0 | L101: 669.862 | M101: 595.433 | N101: 23.617 | O101: 1691.92 | P101: 380.211 | Q101: 930.019
B102: 44013 | C102: 17124.652 | D102: 9083.878 | E102: 6663.125 | F102: 2420.753 | G102: 1230.877 | H102: 1189.876 | I102: =+SUM(J102:L102) -> 2672.224 | J102: 2038 | K102: 0 | L102: 634.224 | M102: 1551.55 | N102: 29.785 | O102: 1692.051 | P102: 380.211 | Q102: 1714.953
B103: 44044 | C103: 17010.537 | D103: 9146.287 | E103: 6510.886 | F103: 2635.401 | G103: 1240.851 | H103: 1394.55 | I103: =+SUM(J103:L103) -> 3057.506 | J103: 2408.5 | K103: 0 | L103: 649.006 | M103: 1058.206 | N103: 38.484 | O103: 1689.057 | P103: 380.211 | Q103: 1640.786
B104: 44075 | C104: 16991.424 | D104: 9188.524 | E104: 6472.976 | F104: 2715.548 | G104: 1185.783 | H104: 1529.765 | I104: =+SUM(J104:L104) -> 3385.584 | J104: 2691.5 | K104: 0 | L104: 694.084 | M104: 780.783 | N104: 39.151 | O104: 1682.269 | P104: 380.211 | Q104: 1534.902
...

Sheet 3
B2: Financial Sector Statistics | F2: جدول (3) Table | R2: إحصاءات القطاع المالي
F3: الاحتياطيات الاجنبية للبنك المركزي الاردني
F4: Central Bank of Jordan Foreign Reserves | T4: مليون دينار JD Million
C6: الموجودات من الذهب والعملات الاجنبية Assets in Gold and Foreign Currencies | K6: المطلوبات بالعملات الاجنبية Liabilities in Foreign Currencies | R6: إجمالي الاحتياطيات الأجنبية للبنك المركزي (بما فيه الذهب وحقوق السحب الخاصة) | T6: التغطية لمستوردات المملكة من السلع والخدمات (بالأشهر)
C7: الذهــــــب** **Gold | E7: العملات الاجنبية Foreign Currencies | H7: موجودات اخرى بالعملة الاجنبية Other Assets in Foreign Currencies | K7: ودائع شركات الإيداع الأخرى | L7: ودائع غير المقيمين | M7: ودائع الحكومة المركزية | N7: ودائع المؤسسات العامة | O7: ودائع الاحتياطي | P7: اخرى | R7: CBJ's Gross Foreign Reserves (including gold and SDRs)
C8: بالاونصات | D8: القيمـــة | E8: حقوق السحب الخاصة | F8: نقد وارصدة وودائع جاهزة | G8: سندات واذونات | H8: ديون على الخارج تنفيذا لاتفاقيات الدفع | I8: المساهمة في المؤسسات المالية الدولية | K8: Other Depository Corporations Deposits | L8: Non-Resident Deposits | M8: Central Government Deposits | N8: Public Entities Deposits | O8: Reserve Deposits | P8: Other Deposits | R8: إجمالي الاحتياطيات الأجنبية (مليون دينار) | S8: إجمالي الاحتياطيات الأجنبية مقوماً بالدولار الامريكي (مليون دولار) | T8: Coverage of the Kingdom’s Imports of Goods and Services (In Months)
C10: Ounces | D10: Value | E10: SDRs | F10: Cash, Balances & Deposits | G10: Bonds & Treasury Bills | H10: Loans Arising From Payment Agreements | I10: Subscription to Inter. Financial Institutions | R10: Gross Foreign Reserves (JD Million) | S10: Gross foreign reserves Evaluated in Million of U.S. Dollar
B11: الفترة Period
B12: 2014 | C12: 620456 | D12: 528 | E12: 127.2 | F12: 5892.1 | G12: 4828 | H12: 766.9 | I12: 300.8 | J12: =SUM(D12:I12) -> 12443 | K12: 738.2 | L12: 0 | M12: 100.3 | N12: 1.9 | O12: 1194.7 | P12: 5.7 | Q12: =SUM(K12:P12) -> 2040.8 | R12: =+D12+E12+F12+G12-K12 -> 10637.1 | S12: 15003 | T12: 7.9
B13: 2015 | C13: 1325270 | D13: 997.9 | E13: 97.3 | F13: 4823.1 | G13: 5829.6 | H13: 766.9 | I13: 315 | J13: =SUM(D13:I13) -> 12829.8 | K13: 617.9 | L13: 0 | M13: 121.3 | N13: 1.1 | O13: 958 | P13: 9 | Q13: =SUM(K13:P13) -> 1707.3 | R13: =+D13+E13+F13+G13-K13 -> 11130 | S13: 15698.2 | T13: 8.6
B14: 2016 | C14: 1325216.8 | D14: 1078.5 | E14: 67.8 | F14: 4851.3 | G14: 5020.3 | H14: 766.9 | I14: 330.7 | J14: =SUM(D14:I14) -> 12115.5 | K14: 737.5 | L14: 0 | M14: 108 | N14: 1.4 | O14: 763.1 | P14: 3.5 | Q14: =SUM(K14:P14) -> 1613.5 | R14: =+D14+E14+F14+G14-K14 -> 10280.4 | S14: 14499.9 | T14: 7.5
B15: 2017 | C15: 1595588.6 | D15: 1473.7 | E15: 43.1 | F15: 4889.7 | G15: 4640.4 | H15: 766.9 | I15: 358.1 | J15: =SUM(D15:I15) -> 12171.9 | K15: 843.1 | L15: 0 | M15: 44.9 | N15: 0 | O15: 663.5 | P15: 3.3 | Q15: =SUM(K15:P15) -> 1554.8 | R15: =+D15+E15+F15+G15-K15 -> 10203.8 | S15: 14391.8 | T15: 7.6
B16: 2018 | C16: 1435953 | D16: 1302.2 | E16: 22.7 | F16: 5429.4 | G16: 3580.4 | H16: 766.9 | I16: 375.1 | J16: =SUM(D16:I16) -> 11476.7 | K16: 839.6 | L16: 0 | M16: 65.2 | N16: 0.2 | O16: 1407 | P16: 3.9 | Q16: =SUM(K16:P16) -> 2315.9 | R16: =+D16+E16+F16+G16-K16 -> 9495.1 | S16: 13392.2 | T16: 7.3
B17: 2019 | C17: 1406327 | D17: 1519 | E17: 11.7 | F17: 5876.5 | G17: 3512.3 | H17: 766.9 | I17: 382.6 | J17: =SUM(D17:I17) -> 12069 | K17: 760 | L17: 0 | M17: 60.1 | N17: 0.1 | O17: 1346.1 | P17: 9.8 | Q17: =SUM(K17:P17) -> 2176.1 | R17: =+D17+E17+F17+G17-K17 -> 10159.5 | S17: 14329.3 | T17: 9.3
B18: 2020 | C18: 1974363.8 | D18: 2646 | E18: 13.8 | F18: 6573.6 | G18: 2791 | H18: 766.9 | I18: 407.6 | J18: =SUM(D18:I18) -> 13198.9 | K18: 737.3 | L18: 0 | M18: 105.4 | N18: 0.1 | O18: 1287.8 | P18: 28.6 | Q18: =SUM(K18:P18) -> 2159.2 | R18: =+D18+E18+F18+G18-K18 -> 11287.1 | S18: 15919.7 | T18: 8.2
B19: 2021 | C19: 2075123.8 | D19: 2646.1 | E19: 11.6 | F19: 8002.6 | G19: 2842.3 | H19: 766.9 | I19: 416.9 | J19: =SUM(D19:I19) -> 14686.4 | K19: 709.9 | L19: 0 | M19: 90.1 | N19: 2.5 | O19: 1114.2 | P19: 32.9 | Q19: =SUM(K19:P19) -> 1949.6 | R19: =+D19+E19+F19+G19-K19 -> 12792.7 | S19: 18043.2 | T19: 7.2
B20: 2022 | C20: 2212731.6 | D20: 2837.1 | E20: 7.6 | F20: 7166.6 | G20: 2885.1 | H20: 766.9 | I20: 419.8 | J20: =SUM(D20:I20) -> 14083.1 | K20: 654.1 | L20: 0 | M20: 149.4 | N20: 1.2 | O20: 840.2 | P20: 25.7 | Q20: =SUM(K20:P20) -> 1670.6 | R20: =+D20+E20+F20+G20-K20 -> 12242.3 | S20: 17266.9 | T20: 7.1
B21: 2023 | C21: 2288466 | D21: 3347.236 | E21: 7.099 | F21: 6967.836 | G21: 3198.549 | H21: 766.882 | I21: 423.401 | J21: =SUM(D21:I21) -> 14711.003 | K21: 671.552 | L21: 0 | M21: 112.624 | N21: 0 | O21: 808.698 | P21: 45.635 | Q21: =SUM(K21:P21) -> 1638.509 | R21: =+D21+E21+F21+G21-K21 -> 12849.168 | S21: 18122.945 | T21: 7.1
B22: 2024 | C22: 2303441.3 | D22: 4256.829 | E22: 3.464 | F22: 8140.819 | G22: 3149.402 | H22: 766.882 | I22: 434.393 | J22: =SUM(D22:I22) -> 16751.789 | K22: 651.042 | L22: 0 | M22: 149.154 | N22: 0 | O22: 551.985 | P22: 35.044 | Q22: =SUM(K22:P22) -> 1387.225 | R22: =+D22+E22+F22+G22-K22 -> 14899.472 | S22: 21014.77 | T22: 7.7075979
B23: 2025 | C23: 2342849.8 | D23: 7194.81 | E23: 6.551 | F23: 8397.0184 | G23: 3170.2429 | H23: 766.88221 | I23: 459.928 | J23: =SUM(D23:I23) -> 19995.432 | K23: 686.9 | L23: 0 | M23: 332.711 | N23: 0 | O23: 547.299 | P23: 28.571 | Q23: =SUM(K23:P23) -> 1595.481 | R23: =+D23+E23+F23+G23-K23 -> 18081.722 | S23: 25503.134 | T23: 8.6678082
B24: 2014
B25: 41640 | C25: 500363.44 | D25: 448.2 | E25: 151.7 | F25: 4277.4 | G25: 5226.6 | H25: 766.9 | I25: 303.9 | J25: =SUM(D25:I25) -> 11174.7 | K25: 690.7 | L25: 0 | M25: 145.2 | N25: 1.31 | O25: 1338.7 | P25: 53.4 | Q25: =SUM(K25:P25) -> 2229.31 | R25: =+D25+E25+F25+G25-K25 -> 9413.2 | S25: 13276.73 | T25: 6.42
B26: 41671 | C26: 470363.44 | D26: 442.8 | E26: 149.4 | F26: 4175.3 | G26: 5330 | H26: 766.9 | I26: 303.9 | J26: =SUM(D26:I26) -> 11168.3 | K26: 698.8 | L26: 0 | M26: 146.5 | N26: 3.4 | O26: 1314.3 | P26: 48.4 | Q26: =SUM(K26:P26) -> 2211.4 | R26: =+D26+E26+F26+G26-K26 -> 9398.7 | S26: 13256.28 | T26: 6.45
B27: 41699 | C27: 520363 | D27: 478 | E27: 149.2 | F27: 4292 | G27: 5340.3 | H27: 766.9 | I27: 303.9 | J27: =SUM(D27:I27) -> 11330.3 | K27: 694.4 | L27: 0 | M27: 154.9 | N27: 3.5 | O27: 1300.4 | P27: 41.4 | Q27: =SUM(K27:P27) -> 2194.6 | R27: =+D27+E27+F27+G27-K27 -> 9565.1 | S27: 13490.97 | T27: 6.62
B28: 41730 | C28: 525363.44 | D28: 481.9 | E28: 149.9 | F28: 4594.2 | G28: 5202.1 | H28: 766.9 | I28: 310.8 | J28: =SUM(D28:I28) -> 11505.8 | K28: 660.3 | L28: 0 | M28: 147.8 | N28: 13.4 | O28: 1287.7 | P28: 7.8 | Q28: =SUM(K28:P28) -> 2117 | R28: =+D28+E28+F28+G28-K28 -> 9767.8 | S28: 13776.87 | T28: 6.81
B29: 41760 | C29: 530363.44 | D29: 473.14 | E29: 145.46 | F29: 5159.29 | G29: 4911.75 | H29: 766.88 | I29: 310.82 | J29: =SUM(D29:I29) -> 11767.34 | K29: 650 | L29: 0 | M29: 127.38 | N29: 3.2 | O29: 1336.14 | P29: 6.95 | Q29: =SUM(K29:P29) -> 2123.67 | R29: =+D29+E29+F29+G29-K29 -> 10039.64 | S29: 14160.26 | T29: 7.05
B30: 41791 | C30: 540363.44 | D30: 494.4 | E30: 145.8 | F30: 5619 | G30: 5208.8 | H30: 766.9 | I30: 310.8 | J30: =SUM(D30:I30) -> 12545.7 | K30: 678.2 | L30: 0 | M30: 122.9 | N30: 6.4 | O30: 1322.6 | P30: 16.7 | Q30: =SUM(K30:P30) -> 2146.8 | R30: =+D30+E30+F30+G30-K30 -> 10789.8 | S30: 15218.34 | T30: 7.64
B31: 41821 | C31: 540363.44 | D31: 499 | E31: 145 | F31: 5365.8 | G31: 5525.6 | H31: 766.9 | I31: 310.8 | J31: =SUM(D31:I31) -> 12613.1 | K31: 631.2 | L31: 0 | M31: 136.2 | N31: 6.4 | O31: 1378.6 | P31: 20.8 | Q31: =SUM(K31:P31) -> 2173.2 | R31: =+D31+E31+F31+G31-K31 -> 10904.2 | S31: 15379.69 | T31: 7.78
B32: 41852 | C32: 545363 | D32: 497.34 | E32: 137.85 | F32: 5798.21 | G32: 5251.74 | H32: 766.88 | I32: 310.82 | J32: =SUM(D32:I32) -> 12762.84 | K32: 742.72 | L32: 0 | M32: 132.02 | N32: 19.74 | O32: 1366.61 | P32: 18.68 | Q32: =SUM(K32:P32) -> 2279.77 | R32: =+D32+E32+F32+G32-K32 -> 10942.42 | S32: 15433.6 | T32: 7.87
B33: 41883 | C33: 635382 | D33: 548.6 | E33: 135 | F33: 5606.2 | G33: 5184 | H33: 766.88 | I33: 310.82 | J33: =SUM(D33:I33) -> 12551.5 | K33: 632 | L33: 0 | M33: 141.1 | N33: 4.4 | O33: 1359.6 | P33: 11.1 | Q33: =SUM(K33:P33) -> 2148.2 | R33: =+D33+E33+F33+G33-K33 -> 10841.8 | S33: 15291.68 | T33: 7.86
B34: 41913 | C34: 630382 | D34: 542.1 | E34: 135.2 | F34: 5828.6 | G34: 4862 | H34: 766.88 | I34: 310.82 | J34: =SUM(D34:I34) -> 12445.6 | K34: 613.3 | L34: 0 | M34: 117.5 | N34: 4.8 | O34: 1276.9 | P34: 10.1 | Q34: =SUM(K34:P34) -> 2022.6 | R34: =+D34+E34+F34+G34-K34 -> 10754.6 | S34: 15168.69 | T34: 7.85
B35: 41944 | C35: 680382 | D35: 562.9 | E35: 128.5 | F35: 5709.6 | G35: 4992.4 | H35: 766.9 | I35: 310.8 | J35: =SUM(D35:I35) -> 12471.1 | K35: 668.4 | L35: 0 | M35: 121.9 | N35: 7.9 | O35: 1256.6 | P35: 8.1 | Q35: =SUM(K35:P35) -> 2062.9 | R35: =+D35+E35+F35+G35-K35 -> 10725 | S35: 15126.94 | T35: 7.9
B36: 41974 | C36: 620456 | D36: 528 | E36: 127.2 | F36: 5892.1 | G36: 4828 | H36: 766.9 | I36: 300.8 | J36: =SUM(D36:I36) -> 12443 | K36: 738.2 | L36: 0 | M36: 100.3 | N36: 1.9 | O36: 1194.7 | P36: 5.7 | Q36: =SUM(K36:P36) -> 2040.8 | R36: =+D36+E36+F36+G36-K36 -> 10637.1 | S36: 15002.96 | T36: 7.89
B37: 2015
B38: 42005 | C38: 733456 | D38: 667.3 | E38: 124 | F38: 5396.4 | G38: 5038.1 | H38: 766.9 | I38: 300.8 | J38: =SUM(D38:I38) -> 12293.5 | K38: 722.6 | L38: 0 | M38: 102.3 | N38: 2.9 | O38: 1150.8 | P38: 11.7 | Q38: =SUM(K38:P38) -> 1990.3 | R38: =+D38+E38+F38+G38-K38 -> 10503.2 | S38: 14814.1 | T38: 7.82
B39: 42036 | C39: 994558 | D39: 853.8 | E39: 119.6 | F39: 4986.7 | G39: 5430.8 | H39: 766.9 | I39: 300.8 | J39: =SUM(D39:I39) -> 12458.6 | K39: 819.9 | L39: 0 | M39: 110.1 | N39: 2.2 | O39: 1099.4 | P39: 13.9 | Q39: =SUM(K39:P39) -> 2045.5 | R39: =+D39+E39+F39+G39-K39 -> 10571 | S39: 14909.73 | T39: 7.9
B40: 42064 | C40: 1072934 | D40: 899.6 | E40: 117 | F40: 4694 | G40: 5667.8 | H40: 766.9 | I40: 300.8 | J40: =SUM(D40:I40) -> 12446.1 | K40: 716.2 | L40: 0 | M40: 110.9 | N40: 0.9 | O40: 1078 | P40: 10.1 | Q40: =SUM(K40:P40) -> 1916.1 | R40: =+D40+E40+F40+G40-K40 -> 10662.2 | S40: 15038.36 | T40: 7.99
B41: 42095 | C41: 1146685 | D41: 984.1 | E41: 117.5 | F41: 4947.1 | G41: 5486.5 | H41: 766.9 | I41: 308.9 | J41: =SUM(D41:I41) -> 12611 | K41: 750.3 | L41: 0 | M41: 126.1 | N41: 0.9 | O41: 1106.1 | P41: 7.4 | Q41: =SUM(K41:P41) -> 1990.8 | R41: =+D41+E41+F41+G41-K41 -> 10784.9 | S41: 15211.42 | T41: 8.11
B42: 42125 | C42: 1124743 | D42: 949.6 | E42: 112.7 | F42: 5102 | G42: 5376.3 | H42: 766.9 | I42: 308.9 | J42: =SUM(D42:I42) -> 12616.4 | K42: 770 | L42: 0 | M42: 114.1 | N42: 13.7 | O42: 1084.6 | P42: 6.9 | Q42: =SUM(K42:P42) -> 1989.3 | R42: =+D42+E42+F42+G42-K42 -> 10770.6 | S42: 15191.26 | T42: 8.13
B43: 42156 | C43: 1144873 | D43: 955.4 | E43: 113.8 | F43: 4940.4 | G43: 5613 | H43: 766.9 | I43: 311.1 | J43: =SUM(D43:I43) -> 12700.6 | K43: 869.1 | L43: 0 | M43: 183.1 | N43: 0.5 | O43: 1069.2 | P43: 5.9 | Q43: =SUM(K43:P43) -> 2127.8 | R43: =+D43+E43+F43+G43-K43 -> 10753.5 | S43: 15167.14 | T43: 8.14
B44: 42186 | C44: 1324913 | D44: 1026.4 | E44: 112.2 | F44: 5775.8 | G44: 5626.9 | H44: 766.9 | I44: 311.1 | J44: =SUM(D44:I44) -> 13619.3 | K44: 808.9 | L44: 0 | M44: 104.5 | N44: 8.2 | O44: 1065.7 | P44: 9.3 | Q44: =SUM(K44:P44) -> 1996.6 | R44: =+D44+E44+F44+G44-K44 -> 11732.4 | S44: 16547.81 | T44: 8.91
B45: 42217 | C45: 1336948.4 | D45: 1074.72 | E45: 106.63 | F45: 5695.96 | G45: 5838.62 | H45: 766.88 | I45: 311.05 | J45: =SUM(D45:I45) -> 13793.86 | K45: 729.1 | L45: 0 | M45: 117.57 | N45: 3.14 | O45: 1048.71 | P45: 10.8 | Q45: =SUM(K45:P45) -> 1909.32 | R45: =+D45+E45+F45+G45-K45 -> 11986.83 | S45: 16906.66 | T45: 9.14
B46: 42248 | C46: 1317013.1 | D46: 1051.2 | E46: 106.4 | F46: 5436.2 | G46: 5909 | H46: 766.88 | I46: 311.05 | J46: =SUM(D46:I46) -> 13580.73 | K46: 629.1 | L46: 0 | M46: 111.3 | N46: 1.5 | O46: 1024.3 | P46: 10 | Q46: =SUM(K46:P46) -> 1776.2 | R46: =+D46+E46+F46+G46-K46 -> 11873.7 | S46: 16747.11 | T46: 9.08
B47: 42278 | C47: 1205121.8 | D47: 991.52 | E47: 105.9 | F47: 5277.38 | G47: 5979.28 | H47: 766.88 | I47: 311.05 | J47: =SUM(D47:I47) -> 13432.01 | K47: 645.48 | L47: 0 | M47: 117.66 | N47: 1.64 | O47: 1002.73 | P47: 9.85 | Q47: =SUM(K47:P47) -> 1777.36 | R47: =+D47+E47+F47+G47-K47 -> 11708.6 | S47: 16514.23 | T47: 8.98
B48: 42309 | C48: 1325147.2 | D48: 993.2 | E48: 96.4 | F48: 4530.7 | G48: 6105.98 | H48: 766.9 | I48: 311.1 | J48: =SUM(D48:I48) -> 12804.28 | K48: 655.9 | L48: 0 | M48: 174.98 | N48: 5.1 | O48: 969.8 | P48: 10.6 | Q48: =SUM(K48:P48) -> 1816.38 | R48: =+D48+E48+F48+G48-K48 -> 11070.38 | S48: 15614.08 | T48: 8.52
B49: 42339 | C49: 1325270 | D49: 997.9 | E49: 97.3 | F49: 4823.1 | G49: 5829.6 | H49: 766.9 | I49: 315 | J49: =SUM(D49:I49) -> 12829.8 | K49: 617.9 | L49: 0 | M49: 121.3 | N49: 1.1 | O49: 958 | P49: 9 | Q49: =SUM(K49:P49) -> 1707.3 | R49: =+D49+E49+F49+G49-K49 -> 11130 | S49: 15698.17 | T49: 8.6
B50: 2016
B51: 42370 | C51: 1265474.1 | D51: 1001.5 | E51: 96.9 | F51: 4724.4 | G51: 5921.3 | H51: 766.9 | I51: 318.8 | J51: =SUM(D51:I51) -> 12829.8 | K51: 669.2 | L51: 0 | M51: 120.2 | N51: 1.5 | O51: 927.7 | P51: 7.4 | Q51: =SUM(K51:P51) -> 1726 | R51: =+D51+E51+F51+G51-K51 -> 11074.9 | S51: 15620.45 | T51: 8.52
B52: 42401 | C52: 1245591.1 | D52: 1084.8 | E52: 89.9 | F52: 4473.6 | G52: 5969.7 | H52: 766.9 | I52: 318.8 | J52: =SUM(D52:I52) -> 12703.7 | K52: 638.6 | L52: 0 | M52: 124.7 | N52: 2.8 | O52: 880.4 | P52: 6.2 | Q52: =SUM(K52:P52) -> 1652.7 | R52: =+D52+E52+F52+G52-K52 -> 10979.4 | S52: 15485.76 | T52: 8.41
B53: 42430 | C53: 1290688.1 | D53: 1124 | E53: 91 | F53: 4063.9 | G53: 6080 | H53: 766.9 | I53: 324.9 | J53: =SUM(D53:I53) -> 12450.7 | K53: 624.4 | L53: 0 | M53: 120.5 | N53: 2.9 | O53: 861.1 | P53: 5.6 | Q53: =SUM(K53:P53) -> 1614.5 | R53: =+D53+E53+F53+G53-K53 -> 10734.5 | S53: 15140.34 | T53: 8.18
B54: 42461 | C54: 1109906.4 | D54: 983.8 | E54: 91.2 | F54: 3834.2 | G54: 6271.4 | H54: 766.9 | I54: 326.7 | J54: =SUM(D54:I54) -> 12274.2 | K54: 598.1 | L54: 0 | M54: 193.2 | N54: 2.7 | O54: 845.9 | P54: 4.1 | Q54: =SUM(K54:P54) -> 1644 | R54: =+D54+E54+F54+G54-K54 -> 10582.5 | S54: 14925.95 | T54: 8.03
B55: 42491 | C55: 1170057.9 | D55: 1006 | E55: 84.5 | F55: 4059.6 | G55: 5830.6 | H55: 766.9 | I55: 326.7 | J55: =SUM(D55:I55) -> 12074.3 | K55: 595.1 | L55: 0 | M55: 190.7 | N55: 4.5 | O55: 840.5 | P55: 4 | Q55: =SUM(K55:P55) -> 1634.8 | R55: =+D55+E55+F55+G55-K55 -> 10385.6 | S55: 14648.24 | T55: 7.85
B56: 42522 | C56: 1195105.5 | D56: 1114.6 | E56: 83.9 | F56: 4015.2 | G56: 5755.2 | H56: 766.9 | I56: 326.7 | J56: =SUM(D56:I56) -> 12062.5 | K56: 729.9 | L56: 0 | M56: 195.1 | N56: 2.4 | O56: 824.9 | P56: 4 | Q56: =SUM(K56:P56) -> 1756.3 | R56: =+D56+E56+F56+G56-K56 -> 10239 | S56: 14441.47 | T56: 7.71
B57: 42552 | C57: 1295114.1 | D57: 1241.9 | E57: 83.7 | F57: 3823.2 | G57: 5712.7 | H57: 766.9 | I57: 327.1 | J57: =SUM(D57:I57) -> 11955.5 | K57: 645.1 | L57: 0 | M57: 189 | N57: 3.2 | O57: 887.3 | P57: 3.9 | Q57: =SUM(K57:P57) -> 1728.5 | R57: =+D57+E57+F57+G57-K57 -> 10216.4 | S57: 14409.59 | T57: 7.66
B58: 42583 | C58: 1085176.2 | D58: 1012.1 | E58: 77 | F58: 4405.2 | G58: 5248.2 | H58: 766.9 | I58: 327.1 | J58: =SUM(D58:I58) -> 11836.5 | K58: 672.5 | L58: 0 | M58: 114.8 | N58: 2.3 | O58: 872.5 | P58: 3.9 | Q58: =SUM(K58:P58) -> 1666 | R58: =+D58+E58+F58+G58-K58 -> 10070 | S58: 14203.1 | T58: 7.51
B59: 42614 | C59: 1130176.2 | D59: 1061.7 | E59: 77.2 | F59: 4675.6 | G59: 4929.6 | H59: 766.9 | I59: 327.1 | J59: =SUM(D59:I59) -> 11838.1 | K59: 683.4 | L59: 0 | M59: 105.8 | N59: 2.7 | O59: 853.1 | P59: 3.7 | Q59: =SUM(K59:P59) -> 1648.7 | R59: =+D59+E59+F59+G59-K59 -> 10060.7 | S59: 14189.99 | T59: 7.48
B60: 42644 | C60: 1230176.2 | D60: 1114.3 | E60: 75.7 | F60: 4122.4 | G60: 5117 | H60: 766.9 | I60: 327.1 | J60: =SUM(D60:I60) -> 11523.4 | K60: 687 | L60: 0 | M60: 109.1 | N60: 1.1 | O60: 846.6 | P60: 3.5 | Q60: =SUM(K60:P60) -> 1647.3 | R60: =+D60+E60+F60+G60-K60 -> 9742.4 | S60: 13741.04 | T60: 7.21
B61: 42675 | C61: 1225205.1 | D61: 1033.7 | E61: 68.5 | F61: 4883.7 | G61: 4844.4 | H61: 766.9 | I61: 327.1 | J61: =SUM(D61:I61) -> 11924.3 | K61: 717.7 | L61: 0 | M61: 102.8 | N61: 0.4 | O61: 803.7 | P61: 3.6 | Q61: =SUM(K61:P61) -> 1628.2 | R61: =+D61+E61+F61+G61-K61 -> 10112.6 | S61: 14263.19 | T61: 7.45
B62: 42705 | C62: 1325216.8 | D62: 1078.5 | E62: 67.8 | F62: 4851.3 | G62: 5020.3 | H62: 766.9 | I62: 330.7 | J62: =SUM(D62:I62) -> 12115.5 | K62: 737.5 | L62: 0 | M62: 108 | N62: 1.4 | O62: 763.1 | P62: 3.5 | Q62: =SUM(K62:P62) -> 1613.5 | R62: =+D62+E62+F62+G62-K62 -> 10280.4 | S62: 14499.86 | T62: 7.54
B63: 2017
B64: 42736 | C64: 1405240.5 | D64: 1196.9 | E64: 68.7 | F64: 4244.4 | G64: 5038.2 | H64: 766.9 | I64: 331.4 | J64: =SUM(D64:I64) -> 11646.5 | K64: 667.5 | L64: 0 | M64: 131.7 | N64: 0.5 | O64: 760.6 | P64: 3.4 | Q64: =SUM(K64:P64) -> 1563.7 | R64: =+D64+E64+F64+G64-K64 -> 9880.7 | S64: 13936.11 | T64: 7.3
B65: 42767 | C65: 1265293.5 | D65: 1125 | E65: 61.2 | F65: 3904.8 | G65: 5063 | H65: 766.9 | I65: 331.5 | J65: =SUM(D65:I65) -> 11252.4 | K65: 728.5 | L65: 0 | M65: 96.9 | N65: 1.4 | O65: 752.7 | P65: 3.6 | Q65: =SUM(K65:P65) -> 1583.1 | R65: =+D65+E65+F65+G65-K65 -> 9425.5 | S65: 13294.08 | T65: 7
B66: 42795 | C66: 1345327.8 | D66: 1192.2 | E66: 61.6 | F66: 4211.1 | G66: 4744.5 | H66: 766.9 | I66: 331.5 | J66: =SUM(D66:I66) -> 11307.8 | K66: 777.8 | L66: 0 | M66: 107.1 | N66: 0.5 | O66: 757.7 | P66: 3.8 | Q66: =SUM(K66:P66) -> 1646.9 | R66: =+D66+E66+F66+G66-K66 -> 9431.6 | S66: 13302.68 | T66: 7
B67: 42826 | C67: 1305352.1 | D67: 1172.2 | E67: 61.9 | F67: 4182.5 | G67: 4631.3 | H67: 766.9 | I67: 339.3 | J67: =SUM(D67:I67) -> 11154.1 | K67: 746 | L67: 0 | M67: 109 | N67: 2.9 | O67: 753 | P67: 3.3 | Q67: =SUM(K67:P67) -> 1614.2 | R67: =+D67+E67+F67+G67-K67 -> 9301.9 | S67: 13119.75 | T67: 6.9
B68: 42856 | C68: 1345402.9 | D68: 1204.4 | E68: 55.5 | F68: 4371.3 | G68: 4578 | H68: 766.9 | I68: 339.3 | J68: =SUM(D68:I68) -> 11315.4 | K68: 795.6 | L68: 0 | M68: 106.9 | N68: 1.1 | O68: 740.6 | P68: 31.8 | Q68: =SUM(K68:P68) -> 1676 | R68: =+D68+E68+F68+G68-K68 -> 9413.6 | S68: 13277.29 | T68: 7
B69: 42887 | C69: 1325410.5 | D69: 1176.1 | E69: 55.6 | F69: 4495.7 | G69: 4389.7 | H69: 766.9 | I69: 339.3 | J69: =SUM(D69:I69) -> 11223.3 | K69: 825.4 | L69: 0 | M69: 40.2 | N69: 0.4 | O69: 722.2 | P69: 3.4 | Q69: =SUM(K69:P69) -> 1591.6 | R69: =+D69+E69+F69+G69-K69 -> 9291.7 | S69: 13105.36 | T69: 6.9
B70: 42917 | C70: 1305421.9 | D70: 1173.9 | E70: 56.3 | F70: 4479.5 | G70: 4297.4 | H70: 766.9 | I70: 339.7 | J70: =SUM(D70:I70) -> 11113.7 | K70: 803.1 | L70: 0 | M70: 35.9 | N70: 0.1 | O70: 724 | P70: 3.5 | Q70: =SUM(K70:P70) -> 1566.6 | R70: =+D70+E70+F70+G70-K70 -> 9204 | S70: 12981.66 | T70: 6.8
B71: 42948 | C71: 1225421.9 | D71: 1139.7 | E71: 49.4 | F71: 4404 | G71: 4276.3 | H71: 766.9 | I71: 339.7 | J71: =SUM(D71:I71) -> 10976 | K71: 802.8 | L71: 0 | M71: 34.3 | N71: 1.2 | O71: 707 | P71: 3.7 | Q71: =SUM(K71:P71) -> 1549 | R71: =+D71+E71+F71+G71-K71 -> 9066.6 | S71: 12787.87 | T71: 6.7
B72: 42979 | C72: 1245421.9 | D72: 1130.8 | E72: 49 | F72: 4449 | G72: 4237.1 | H72: 766.9 | I72: 339.7 | J72: =SUM(D72:I72) -> 10972.5 | K72: 834.7 | L72: 0 | M72: 37.5 | N72: 0.1 | O72: 705 | P72: 4.1 | Q72: =SUM(K72:P72) -> 1581.4 | R72: =+D72+E72+F72+G72-K72 -> 9031.2 | S72: 12737.94 | T72: 6.7
B73: 43009 | C73: 1445486.5 | D73: 1308.1 | E73: 48.8 | F73: 4663.6 | G73: 4483.5 | H73: 766.9 | I73: 339.7 | J73: =SUM(D73:I73) -> 11610.6 | K73: 833.6 | L73: 0 | M73: 43.6 | N73: 0.8 | O73: 678.8 | P73: 3.6 | Q73: =SUM(K73:P73) -> 1560.4 | R73: =+D73+E73+F73+G73-K73 -> 9670.4 | S73: 13639.49 | T73: 7.2
B74: 43040 | C74: 1345588.6 | D74: 1235.6 | E74: 42.9 | F74: 4643.2 | G74: 4532.7 | H74: 766.9 | I74: 339.7 | J74: =SUM(D74:I74) -> 11561 | K74: 833.1 | L74: 0 | M74: 39.6 | N74: 0 | O74: 671 | P74: 3.5 | Q74: =SUM(K74:P74) -> 1547.2 | R74: =+D74+E74+F74+G74-K74 -> 9621.3 | S74: 13570.24 | T74: 7.1
B75: 43070 | C75: 1595588.6 | D75: 1473.7 | E75: 43.1 | F75: 4889.7 | G75: 4640.4 | H75: 766.9 | I75: 358.1 | J75: =SUM(D75:I75) -> 12171.9 | K75: 843.1 | L75: 0 | M75: 44.9 | N75: 0 | O75: 663.5 | P75: 3.3 | Q75: =SUM(K75:P75) -> 1554.8 | R75: =+D75+E75+F75+G75-K75 -> 10203.8 | S75: 14391.82 | T75: 7.6
B76: 2018
B77: 43101 | C77: 1245677.2 | D77: 1186 | E77: 44.1 | F77: 4743.9 | G77: 4878.8 | H77: 766.9 | I77: 358.8 | J77: =SUM(D77:I77) -> 11978.5 | K77: 800.6 | L77: 0 | M77: 42.7 | N77: 1 | O77: 659.9 | P77: 3.2 | Q77: =SUM(K77:P77) -> 1507.4 | R77: =+D77+E77+F77+G77-K77 -> 10052.2 | S77: 14178 | T77: 7.5
B78: 43132 | C78: 1225685.2 | D78: 1145.4 | E78: 37.9 | F78: 4865.5 | G78: 4633.4 | H78: 766.9 | I78: 358.8 | J78: =SUM(D78:I78) -> 11807.9 | K78: 827.9 | L78: 0 | M78: 35 | N78: 1.1 | O78: 629.5 | P78: 3.2 | Q78: =SUM(K78:P78) -> 1496.7 | R78: =+D78+E78+F78+G78-K78 -> 9854.3 | S78: 13898.87 | T78: 7.4
B79: 43160 | C79: 1155685.2 | D79: 1088.2 | E79: 38.1 | F79: 4811.1 | G79: 4576.9 | H79: 766.9 | I79: 358.8 | J79: =SUM(D79:I79) -> 11640 | K79: 820.9 | L79: 0 | M79: 39.5 | N79: 0.8 | O79: 623.5 | P79: 3.2 | Q79: =SUM(K79:P79) -> 1487.9 | R79: =+D79+E79+F79+G79-K79 -> 9693.4 | S79: 13671.93 | T79: 7.3
B80: 43191 | C80: 1355753 | D80: 1270.4 | E80: 37.5 | F80: 4777 | G80: 4256.2 | H80: 766.9 | I80: 366.7 | J80: =SUM(D80:I80) -> 11474.7 | K80: 844.9 | L80: 0 | M80: 46.1 | N80: 0 | O80: 620.5 | P80: 3.2 | Q80: =SUM(K80:P80) -> 1514.7 | R80: =+D80+E80+F80+G80-K80 -> 9496.2 | S80: 13393.79 | T80: 7.1
B81: 43221 | C81: 1395846.5 | D81: 1292.5 | E81: 31.9 | F81: 4521.1 | G81: 4228.4 | H81: 766.9 | I81: 366.7 | J81: =SUM(D81:I81) -> 11207.5 | K81: 808.9 | L81: 0 | M81: 43.9 | N81: 0.5 | O81: 619.8 | P81: 3.1 | Q81: =SUM(K81:P81) -> 1476.2 | R81: =+D81+E81+F81+G81-K81 -> 9265 | S81: 13067.7 | T81: 7
B82: 43252 | C82: 1455848 | D82: 1292.4 | E82: 31.8 | F82: 4679.6 | G82: 3994.9 | H82: 766.9 | I82: 366.7 | J82: =SUM(D82:I82) -> 11132.3 | K82: 837.9 | L82: 0 | M82: 29.7 | N82: 0.3 | O82: 619.3 | P82: 3 | Q82: =SUM(K82:P82) -> 1490.2 | R82: =+D82+E82+F82+G82-K82 -> 9160.8 | S82: 12920.73 | T82: 6.9
B83: 43282 | C83: 1515887.5 | D83: 1314.2 | E83: 31.7 | F83: 4344.5 | G83: 4023.7 | H83: 766.9 | I83: 367.2 | J83: =SUM(D83:I83) -> 10848.2 | K83: 795.6 | L83: 0 | M83: 50.1 | N83: 0.1 | O83: 602.6 | P83: 3 | Q83: =SUM(K83:P83) -> 1451.4 | R83: =+D83+E83+F83+G83-K83 -> 8918.5 | S83: 12578.98 | T83: 6.8
B84: 43313 | C84: 1555892.5 | D84: 1327.7 | E84: 27.2 | F84: 4703.3 | G84: 3981.6 | H84: 766.9 | I84: 367.2 | J84: =SUM(D84:I84) -> 11173.9 | K84: 827.4 | L84: 0 | M84: 39.7 | N84: 0.4 | O84: 955.9 | P84: 3 | Q84: =SUM(K84:P84) -> 1826.4 | R84: =+D84+E84+F84+G84-K84 -> 9212.4 | S84: 12993.51 | T84: 7
B85: 43344 | C85: 1575893.8 | D85: 1330.5 | E85: 26.4 | F85: 4626.4 | G85: 3661.9 | H85: 766.9 | I85: 367.2 | J85: =SUM(D85:I85) -> 10779.3 | K85: 800.7 | L85: 0 | M85: 56.9 | N85: 0.1 | O85: 952.7 | P85: 3 | Q85: =SUM(K85:P85) -> 1813.4 | R85: =+D85+E85+F85+G85-K85 -> 8844.5 | S85: 12474.61 | T85: 6.8
B86: 43374 | C86: 1515928 | D86: 1309.1 | E86: 26.2 | F86: 5086.1 | G86: 3576.8 | H86: 766.9 | I86: 367.2 | J86: =SUM(D86:I86) -> 11132.3 | K86: 814.9 | L86: 0 | M86: 83.2 | N86: 0.6 | O86: 1178.4 | P86: 2.9 | Q86: =SUM(K86:P86) -> 2080 | R86: =+D86+E86+F86+G86-K86 -> 9183.3 | S86: 12952.47 | T86: 7
B87: 43405 | C87: 1595960.2 | D87: 1387 | E87: 22.6 | F87: 4968.1 | G87: 3535.6 | H87: 766.9 | I87: 367.2 | J87: =SUM(D87:I87) -> 11047.4 | K87: 806.4 | L87: 0 | M87: 54 | N87: 0.3 | O87: 1406.8 | P87: 3.9 | Q87: =SUM(K87:P87) -> 2271.4 | R87: =+D87+E87+F87+G87-K87 -> 9106.9 | S87: 12844.71 | T87: 7
B88: 43435 | C88: 1435953 | D88: 1302.2 | E88: 22.7 | F88: 5429.4 | G88: 3580.4 | H88: 766.9 | I88: 375.1 | J88: =SUM(D88:I88) -> 11476.7 | K88: 839.6 | L88: 0 | M88: 65.2 | N88: 0.2 | O88: 1407 | P88: 3.9 | Q88: =SUM(K88:P88) -> 2315.9 | R88: =+D88+E88+F88+G88-K88 -> 9495.1 | S88: 13392.24 | T88: 7.3
B89: 2019
B90: 43466 | C90: 1436014.4 | D90: 1343.9 | E90: 22.9 | F90: 5343.5 | G90: 3509.6 | H90: 766.9 | I90: 375.5 | J90: =SUM(D90:I90) -> 11362.3 | K90: 798 | L90: 0 | M90: 63.1 | N90: 0.3 | O90: 1397.8 | P90: 3.9 | Q90: =SUM(K90:P90) -> 2263.1 | R90: =+D90+E90+F90+G90-K90 -> 9421.9 | S90: 13289 | T90: 7.4
B91: 43497 | C91: 1376014.4 | D91: 1286.3 | E91: 19.6 | F91: 5540.4 | G91: 3351.1 | H91: 766.9 | I91: 375.5 | J91: =SUM(D91:I91) -> 11339.8 | K91: 799.1 | L91: 0 | M91: 58.4 | N91: 1.1 | O91: 1385.7 | P91: 3.9 | Q91: =SUM(K91:P91) -> 2248.2 | R91: =+D91+E91+F91+G91-K91 -> 9398.3 | S91: 13255.71 | T91: 7.5
B92: 43525 | C92: 1476020.8 | D92: 1352.3 | E92: 19.5 | F92: 5570.4 | G92: 3220.8 | H92: 766.9 | I92: 375.5 | J92: =SUM(D92:I92) -> 11305.4 | K92: 774.9 | L92: 0 | M92: 132.4 | N92: 0 | O92: 1384.9 | P92: 5.6 | Q92: =SUM(K92:P92) -> 2297.8 | R92: =+D92+E92+F92+G92-K92 -> 9388.1 | S92: 13241.33 | T92: 7.5
B93: 43556 | C93: 1596032.2 | D93: 1452.4 | E93: 19.4 | F93: 5498.3 | G93: 3145 | H93: 766.9 | I93: 375.8 | J93: =SUM(D93:I93) -> 11257.8 | K93: 756 | L93: 0 | M93: 81.5 | N93: 6.5 | O93: 1366.5 | P93: 4.7 | Q93: =SUM(K93:P93) -> 2215.2 | R93: =+D93+E93+F93+G93-K93 -> 9359.1 | S93: 13200.42 | T93: 7.6
B94: 43586 | C94: 1616053.4 | D94: 1463.8 | E94: 16.8 | F94: 5578.6 | G94: 3073 | H94: 766.9 | I94: 375.8 | J94: =SUM(D94:I94) -> 11274.9 | K94: 687.3 | L94: 0 | M94: 68.2 | N94: 0.5 | O94: 1360.6 | P94: 15.3 | Q94: =SUM(K94:P94) -> 2131.9 | R94: =+D94+E94+F94+G94-K94 -> 9444.9 | S94: 13321.44 | T94: 7.8
B95: 43617 | C95: 1086053.4 | D95: 1085.5 | E95: 17 | F95: 6278.9 | G95: 3009.8 | H95: 766.9 | I95: 375.8 | J95: =SUM(D95:I95) -> 11533.9 | K95: 703.9 | L95: 0 | M95: 66.9 | N95: 0.7 | O95: 1375 | P95: 8.9 | Q95: =SUM(K95:P95) -> 2155.4 | R95: =+D95+E95+F95+G95-K95 -> 9687.3 | S95: 13663.33 | T95: 8.1
B96: 43647 | C96: 1126053.4 | D96: 1140.9 | E96: 17 | F96: 6522.7 | G96: 2892.8 | H96: 766.9 | I96: 376.2 | J96: =SUM(D96:I96) -> 11716.5 | K96: 714.9 | L96: 0 | M96: 57.1 | N96: 1.1 | O96: 1372.2 | P96: 4.8 | Q96: =SUM(K96:P96) -> 2150.1 | R96: =+D96+E96+F96+G96-K96 -> 9858.5 | S96: 13904.8 | T96: 8.4
B97: 43678 | C97: 1141068.5 | D97: 1248.3 | E97: 13.9 | F97: 6714.2 | G97: 2716.4 | H97: 766.9 | I97: 376.2 | J97: =SUM(D97:I97) -> 11835.9 | K97: 694.9 | L97: 0 | M97: 55.9 | N97: 0.1 | O97: 1368.7 | P97: 5 | Q97: =SUM(K97:P97) -> 2124.6 | R97: =+D97+E97+F97+G97-K97 -> 9997.9 | S97: 14101.41 | T97: 8.6
B98: 43709 | C98: 1221068.5 | D98: 1293.1 | E98: 13.8 | F98: 6204.6 | G98: 3251.7 | H98: 766.9 | I98: 376.2 | J98: =SUM(D98:I98) -> 11906.3 | K98: 683.5 | L98: 0 | M98: 63.6 | N98: 0.1 | O98: 1359.2 | P98: 5 | Q98: =SUM(K98:P98) -> 2111.4 | R98: =+D98+E98+F98+G98-K98 -> 10079.7 | S98: 14216.78 | T98: 8.8
B99: 43739 | C99: 1286311.6 | D99: 1366.4 | E99: 13.9 | F99: 5069.3 | G99: 4224.2 | H99: 766.9 | I99: 376.2 | J99: =SUM(D99:I99) -> 11816.9 | K99: 710.4 | L99: 0 | M99: 51.6 | N99: 0.3 | O99: 1357.8 | P99: 5 | Q99: =SUM(K99:P99) -> 2125.1 | R99: =+D99+E99+F99+G99-K99 -> 9963.4 | S99: 14052.75 | T99: 8.9
B100: 43770 | C100: 1406333.2 | D100: 1452.8 | E100: 11.6 | F100: 5427.5 | G100: 3633.4 | H100: 766.9 | I100: 376.2 | J100: =SUM(D100:I100) -> 11668.4 | K100: 750.9 | L100: 0 | M100: 55.5 | N100: 0.9 | O100: 1351.2 | P100: 8.6 | Q100: =SUM(K100:P100) -> 2167.1 | R100: =+D100+E100+F100+G100-K100 -> 9774.4 | S100: 13786.18 | T100: 8.8
B101: 43800 | C101: 1406327 | D101: 1519 | E101: 11.7 | F101: 5876.5 | G101: 3512.3 | H101: 766.9 | I101: 382.6 | J101: =SUM(D101:I101) -> 12069 | K101: 760 | L101: 0 | M101: 60.1 | N101: 0.1 | O101: 1346.1 | P101: 9.8 | Q101: =SUM(K101:P101) -> 2176.1 | R101: =+D101+E101+F101+G101-K101 -> 10159.5 | S101: 14329.34 | T101: 9.3
B102: 2020
B103: 43831 | C103: 1458342.2 | D103: 1631.9 | E103: 11.6 | F103: 5953.1 | G103: 3384.1 | H103: 766.9 | I103: 383 | J103: =SUM(D103:I103) -> 12130.6 | K103: 729 | L103: 0 | M103: 70.1 | N103: 0.8 | O103: 1338.4 | P103: 11.4 | Q103: =SUM(K103:P103) -> 2149.7 | R103: =+D103+E103+F103+G103-K103 -> 10251.7 | S103: 14459.38 | T103: 9.2
...

Sheet 4
B2: Financial Sector Statistics | E2: جدول (4) Table | J2: إحصاءات القطاع المالي
E3: النقود الاحتياطية
E4: Reserve Money | K4: مليون دينار JD Million
C6: الموجودات | E6: النقود الاحتياطية | F6: المطلوبات
C7: Assets | F7: Liabilities
C8: صافي | D8: صافي | F8: النقد المصدر | I8: ودائع شركات الإيداع الأخرى بالدينار لدى البنك المركزي
C9: الموجودات | D9: الموجودات | F9: Currency Issued | I9: Deposits in JD with Other Depository Corporations
C10: الأجنبية | D10: المحلية
C11: للبنك | D11: للبنك | E11: Reserve Money | G11: النقد لدى
C12: المركزي | D12: المركزي | F12: النقد | G12: شركات الإيداع الأخرى | I12: احتياطــــي الزامي | J12: احتياطي فائض | K12: المجمـوع
F13: المتداول | H13: المجموع
C14: Net Foreign | D14: Net Domestic | F14: Currency | G14: Cash with
C15: Assets of the | D15: Assets of the | F15: with the | G15: Other Depository
C16: Central Bank | D16: Central Bank | F16: Public | G16: Corporations | H16: Total | I16: Legal Reserve | J16: Excess Reserve | K16: Total
B17: الفترة Period
B18: 2014 | C18: 10073.8 | D18: -3032.2 | E18: 7041.6 | F18: 3804.4 | G18: 373.4 | H18: 4177.8 | I18: 1457.1 | J18: 1406.7 | K18: 2863.8
B19: 2015 | C19: 10279.826 | D19: -2774.1 | E19: 7505.7263 | F19: 3933.2 | G19: 403.5 | H19: 4336.7 | I19: 1605.4 | J19: 1563.6 | K19: 3169
B20: 2016 | C20: 10008.421 | D20: -2276.841 | E20: 7731.5804 | F20: 4181.3 | G20: 439.5 | H20: 4620.8 | I20: 1628.3 | J20: 1482.5 | K20: 3110.8
B21: 2017 | C21: 10454.497 | D21: -2756.038 | E21: 7698.4594 | F21: 4326.5 | G21: 510 | H21: 4836.5 | I21: 1603.7 | J21: 1258.3 | K21: 2862
B22: 2018 | C22: 9366.5958 | D22: -2094.9 | E22: 7271.6958 | F22: 4296.4 | G22: 506 | H22: 4802.4 | I22: 1580.3 | J22: 889 | K22: 2469.3
B23: 2019 | C23: 10198.552 | D23: -2115.102 | E23: 8083.4498 | F23: 4631 | G23: 531 | H23: 5162 | I23: 1654 | J23: 1267.4 | K23: 2921.4
B24: 2020 | C24: 11040.716 | D24: -1892.5446 | E24: 9148.1712 | F24: 5939.4 | G24: 557.1 | H24: 6496.5 | I24: 1221.6 | J24: 1430.1 | K24: 2651.7
B25: 2021 | C25: 12017.766 | D25: -2201.721 | E25: 9816.045 | F25: 6225.4 | G25: 609.4 | H25: 6834.8 | I25: 1335.5 | J25: 1645.7 | K25: 2981.2
B26: 2022 | C26: 11654.856 | D26: -2502.702 | E26: 9152.1542 | F26: 6037.4 | G26: 640.8 | H26: 6678.2 | I26: 1457.1 | J26: 1016.9 | K26: 2474
B27: 2023 | C27: 12387.562 | D27: -3527.57 | E27: 8859.992 | F27: 5807.548 | G27: 633.711 | H27: 6441.259 | I27: 1507.477 | J27: 911.256 | K27: 2418.733
B28: 2024 | C28: =C161 -> 14544.818 | D28: =D161 -> -5126.5524 | E28: =E161 -> 9418.266 | F28: =F161 -> 6083.0696 | G28: =G161 -> 650.05442 | H28: =H161 -> 6733.124 | I28: =I161 -> 1589.252 | J28: =J161 -> 1095.89 | K28: =K161 -> 2685.142
B29: 2025* | C29: =C174 -> 17669.823 | D29: =D174 -> -7631.468 | E29: =D29+C29 -> 10038.355 | F29: =F174 -> 6409.518 | G29: =G174 -> 641.46997 | H29: =G29+F29 -> 7050.988 | I29: =I174 -> 1638.612 | J29: =J174 -> 1348.755 | K29: =J29+I29 -> 2987.367
B30: 2014
B31: 41974 | C31: 10073.8 | D31: -3032.2 | E31: 7041.6 | F31: 3804.4 | G31: 373.4 | H31: 4177.8 | I31: 1457.1 | J31: 1406.7 | K31: 2863.8
B32: 2015
B33: 42005 | C33: 9972.2043 | D33: -3042.2 | E33: 6930.0043 | F33: 3792.8 | G33: 344.5 | H33: 4137.3 | I33: 1469.6 | J33: 1323.1 | K33: 2792.7
B34: 42036 | C34: 10188.573 | D34: -3279.969 | E34: 6908.6039 | F34: 3771.4 | G34: 339.3 | H34: 4110.7 | I34: 1491.8 | J34: 1306.1 | K34: 2797.9
B35: 42064 | C35: 10200.712 | D35: -3342.6 | E35: 6858.1121 | F35: 3770.8 | G35: 367.4 | H35: 4138.2 | I35: 1499.6 | J35: 1220.3 | K35: 2719.9
B36: 42095 | C36: 10184.093 | D36: -3220.005 | E36: 6964.0879 | F36: 3836.6 | G36: 366.9 | H36: 4203.5 | I36: 1524.6 | J36: 1236 | K36: 2760.6
B37: 42125 | C37: 10211.625 | D37: -3245.655 | E37: 6965.9703 | F37: 3839.2 | G37: 385.3 | H37: 4224.5 | I37: 1534.6 | J37: 1206.9 | K37: 2741.5
B38: 42156 | C38: 10309.619 | D38: -3048.9 | E38: 7260.719 | F38: 3934.6 | G38: 402.2 | H38: 4336.8 | I38: 1547.7 | J38: 1376.2 | K38: 2923.9
B39: 42186 | C39: 11232.213 | D39: -3756.397 | E39: 7475.8165 | F39: 4117 | G39: 403.2 | H39: 4520.2 | I39: 1555.5 | J39: 1400.1 | K39: 2955.6
B40: 42217 | C40: 11117.458 | D40: -3613.384 | E40: 7504.0738 | F40: 4031.7297 | G40: 394.86933 | H40: 4426.599 | I40: 1568.3 | J40: 1509.2 | K40: 3077.5
B41: 42248 | C41: 10929.35 | D41: -3409.4 | E41: 7519.9504 | F41: 4041.8 | G41: 453.3 | H41: 4495.1 | I41: 1577.3 | J41: 1447.6 | K41: 3024.9
B42: 42278 | C42: 10802.756 | D42: -3320.622 | E42: 7482.1336 | F42: 4005.3 | G42: 382.2 | H42: 4387.5 | I42: 1593.2 | J42: 1501.4 | K42: 3094.6
B43: 42309 | C43: 10245.273 | D43: -2794.2 | E43: 7451.073 | F43: 3951.9 | G43: 399.5 | H43: 4351.4 | I43: 1601.2 | J43: 1498.5 | K43: 3099.7
B44: 42339 | C44: 10279.826 | D44: -2774.1 | E44: 7505.7263 | F44: 3933.2 | G44: 403.5 | H44: 4336.7 | I44: 1605.4 | J44: 1563.6 | K44: 3169
B45: 2016
B46: 42370 | C46: 10311.821 | D46: -2997.724 | E46: 7314.0972 | F46: 3882.2 | G46: 399.4 | H46: 4281.6 | I46: 1611.5 | J46: 1421 | K46: 3032.5
B47: 42401 | C47: 10382.93 | D47: -3032.933 | E47: 7349.9969 | F47: 3905.8 | G47: 389.8 | H47: 4295.6 | I47: 1617.3 | J47: 1437.1 | K47: 3054.4
B48: 42430 | C48: 10147.415 | D48: -2769.8 | E48: 7377.6153 | F48: 3973.7 | G48: 397.6 | H48: 4371.3 | I48: 1625.2 | J48: 1381.1 | K48: 3006.3
B49: 42461 | C49: 9985.3865 | D49: -2459.151 | E49: 7526.2355 | F49: 4050.9 | G49: 402.8 | H49: 4453.7 | I49: 1634.1 | J49: 1438.4 | K49: 3072.5
B50: 42491 | C50: 9804.6565 | D50: -2306.1 | E50: 7498.5565 | F50: 4073.6 | G50: 423 | H50: 4496.6 | I50: 1638.7 | J50: 1363.3 | K50: 3002
B51: 42522 | C51: 9809.8425 | D51: -1959.101 | E51: 7850.7415 | F51: 4316.6 | G51: 520.2 | H51: 4836.8 | I51: 1634.4 | J51: 1379.5 | K51: 3013.9
B52: 42552 | C52: 9672.7848 | D52: -1906.8 | E52: 7765.9848 | F52: 4296.9 | G52: 459.9 | H52: 4756.8 | I52: 1631.3 | J52: 1377.9 | K52: 3009.2
B53: 42583 | C53: 9549.3942 | D53: -1730.4 | E53: 7818.9942 | F53: 4298.4 | G53: 458.8 | H53: 4757.2 | I53: 1639.9 | J53: 1421.9 | K53: 3061.8
B54: 42614 | C54: 9569.8694 | D54: -1769.279 | E54: 7800.5904 | F54: 4315.8 | G54: 452 | H54: 4767.8 | I54: 1646.1 | J54: 1386.7 | K54: 3032.8
B55: 42644 | C55: 9296.6194 | D55: -1536.411 | E55: 7760.2084 | F55: 4210.6 | G55: 441.3 | H55: 4651.9 | I55: 1653.7 | J55: 1454.6 | K55: 3108.3
B56: 42675 | C56: 9774.7874 | D56: -2124.111 | E56: 7650.6764 | F56: 4181.5 | G56: 451.8 | H56: 4633.3 | I56: 1637.9 | J56: 1379.5 | K56: 3017.4
B57: 42705 | C57: 10008.421 | D57: -2276.841 | E57: 7731.5804 | F57: 4181.3 | G57: 439.5 | H57: 4620.8 | I57: 1628.3 | J57: 1482.5 | K57: 3110.8
B58: 2017
B59: 42736 | C59: 9571.728 | D59: -2040.846 | E59: 7530.882 | F59: 4081.9 | G59: 438 | H59: 4519.9 | I59: 1625.1 | J59: 1385.9 | K59: 3011
B60: 42767 | C60: 9239.0735 | D60: -1703.343 | E60: 7535.7305 | F60: 4089.8 | G60: 435.3 | H60: 4525.1 | I60: 1609.1 | J60: 1401.5 | K60: 3010.6
B61: 42795 | C61: 9288.5899 | D61: -2011.161 | E61: 7277.4289 | F61: 4163 | G61: 435.1 | H61: 4598.1 | I61: 1581.2 | J61: 1098.1 | K61: 2679.3
B62: 42826 | C62: 9170.4067 | D62: -1856.946 | E62: 7313.4607 | F62: 4206.3 | G62: 449.8 | H62: 4656.1 | I62: 1559.4 | J62: 1098 | K62: 2657.4
B63: 42856 | C63: 9396.2804 | D63: -1935.72 | E63: 7460.5604 | F63: 4233.3 | G63: 463.1 | H63: 4696.4 | I63: 1554.4 | J63: 1209.8 | K63: 2764.2
B64: 42887 | C64: 9270.6149 | D64: -1376.4 | E64: 7894.2149 | F64: 4514.6 | G64: 590.4 | H64: 5105 | I64: 1572.8 | J64: 1216.4 | K64: 2789.2
B65: 42917 | C65: 9210.0295 | D65: -1544.24 | E65: 7665.7895 | F65: 4408.7 | G65: 481.3 | H65: 4890 | I65: 1579 | J65: 1196.8 | K65: 2775.8
B66: 42948 | C66: 9140.5518 | D66: -1317.8 | E66: 7822.7518 | F66: 4590.1 | G66: 567.5 | H66: 5157.6 | I66: 1588.9 | J66: 1076.3 | K66: 2665.2
B67: 42979 | C67: 9140.575 | D67: -1551.9 | E67: 7588.675 | F67: 4383.8 | G67: 473.8 | H67: 4857.6 | I67: 1592.9 | J67: 1138.2 | K67: 2731.1
B68: 43009 | C68: 9858.9793 | D68: -2225.2 | E68: 7633.7793 | F68: 4328.1 | G68: 461.7 | H68: 4789.8 | I68: 1586.6 | J68: 1257.4 | K68: 2844
B69: 43040 | C69: 9836.8429 | D69: -2201 | E69: 7635.8429 | F69: 4365.8 | G69: 469.4 | H69: 4835.2 | I69: 1595.1 | J69: 1205.5 | K69: 2800.6
B70: 43070 | C70: 10454.497 | D70: -2756.038 | E70: 7698.4594 | F70: 4326.5 | G70: 510 | H70: 4836.5 | I70: 1603.7 | J70: 1258.3 | K70: 2862
B71: 2018
B72: 43101 | C72: 10314.327 | D72: -2683.7 | E72: 7630.6272 | F72: 4373.8 | G72: 449.2 | H72: 4823 | I72: 1606.3 | J72: 1201.3 | K72: 2807.6
B73: 43132 | C73: 10206.533 | D73: -2555.138 | E73: 7651.395 | F73: 4378 | G73: 470.1 | H73: 4848.1 | I73: 1611.8 | J73: 1191.5 | K73: 2803.3
B74: 43160 | C74: 10043.561 | D74: -2397.817 | E74: 7645.7444 | F74: 4443.2 | G74: 453.4 | H74: 4896.6 | I74: 1609.7 | J74: 1139.4 | K74: 2749.1
B75: 43191 | C75: 9936.7014 | D75: -2213.658 | E75: 7723.0434 | F75: 4414.7 | G75: 490.7 | H75: 4905.4 | I75: 1613.4 | J75: 1204.2 | K75: 2817.6
B76: 43221 | C76: 9705.0156 | D76: -1999.695 | E76: 7705.3206 | F76: 4501.8 | G76: 474.9 | H76: 4976.7 | I76: 1627.2 | J76: 1101.4 | K76: 2728.6
B77: 43252 | C77: 9630.935 | D77: -1808.432 | E77: 7822.503 | F77: 4609.8 | G77: 490 | H77: 5099.8 | I77: 1635.4 | J77: 1087.3 | K77: 2722.7
B78: 43282 | C78: 9403.0311 | D78: -1849.6 | E78: 7553.4311 | F78: 4531.1 | G78: 484.4 | H78: 5015.5 | I78: 1615.3 | J78: 922.6 | K78: 2537.9
B79: 43313 | C79: 9407.1759 | D79: -1986.394 | E79: 7420.7819 | F79: 4538 | G79: 532.2 | H79: 5070.2 | I79: 1602.3 | J79: 748.3 | K79: 2350.6
B80: 43344 | C80: 9016.4598 | D80: -1796.113 | E80: 7220.3468 | F80: 4384.1 | G80: 506.5 | H80: 4890.6 | I80: 1595.5 | J80: 734.2 | K80: 2329.7
B81: 43374 | C81: 9162.9291 | D81: -1899.912 | E81: 7263.0171 | F81: 4354.6 | G81: 483.3 | H81: 4837.9 | I81: 1594.2 | J81: 830.9 | K81: 2425.1
B82: 43405 | C82: 8917.3508 | D82: -1678.455 | E82: 7238.8958 | F82: 4330.5 | G82: 482.6 | H82: 4813.1 | I82: 1585.2 | J82: 840.6 | K82: 2425.8
B83: 43435 | C83: 9366.5958 | D83: -2094.9 | E83: 7271.6958 | F83: 4296.4 | G83: 506 | H83: 4802.4 | I83: 1580.3 | J83: 889 | K83: 2469.3
B84: 2019
B85: 43466 | C85: 9299.6731 | D85: -2153.942 | E85: 7145.7311 | F85: 4275.8 | G85: 472.2 | H85: 4748 | I85: 1580.4 | J85: 817.3 | K85: 2397.7
B86: 43497 | C86: 9335.2731 | D86: -2120.95 | E86: 7214.3231 | F86: 4272.3 | G86: 501 | H86: 4773.3 | I86: 1583 | J86: 858 | K86: 2441
B87: 43525 | C87: 9302.7143 | D87: -1991.7163 | E87: 7310.998 | F87: 4317.1 | G87: 500.8 | H87: 4817.9 | I87: 1581.5 | J87: 911.6 | K87: 2493.1
B88: 43556 | C88: 9313.4832 | D88: -1830.8083 | E88: 7482.6749 | F88: 4404.7 | G88: 512.8 | H88: 4917.5 | I88: 1587.9 | J88: 977.3 | K88: 2565.2
B89: 43586 | C89: 9263.1575 | D89: -1431.243 | E89: 7831.9145 | F89: 4629.3 | G89: 624.2 | H89: 5253.5 | I89: 1598.5 | J89: 979.9 | K89: 2578.4
B90: 43617 | C90: 9506.3072 | D90: -1778.6 | E90: 7727.7072 | F90: 4569.1 | G90: 524.5 | H90: 5093.6 | I90: 1603.7 | J90: 1030.4 | K90: 2634.1
B91: 43647 | C91: 9711.1612 | D91: -1814.9 | E91: 7896.2612 | F91: 4634 | G91: 536.7 | H91: 5170.7 | I91: 1614.7 | J91: 1110.9 | K91: 2725.6
B92: 43678 | C92: 9880.5047 | D92: -2065.2246 | E92: 7815.2801 | F92: 4702.7 | G92: 496.4 | H92: 5199.1 | I92: 1633.4 | J92: 982.8 | K92: 2616.2
B93: 43709 | C93: 9961.2421 | D93: -1976.5 | E93: 7984.7421 | F93: 4598.8 | G93: 522.6 | H93: 5121.4 | I93: 1649.5 | J93: 1213.8 | K93: 2863.3
B94: 43739 | C94: 9889.654 | D94: -1989.757 | E94: 7899.897 | F94: 4626.9 | G94: 503 | H94: 5129.9 | I94: 1637.1 | J94: 1132.9 | K94: 2770
B95: 43770 | C95: 9794.0473 | D95: -1852.469 | E95: 7941.5783 | F95: 4636.2 | G95: 489.7 | H95: 5125.9 | I95: 1652.3 | J95: 1163.4 | K95: 2815.7
B96: 43800 | C96: 10198.552 | D96: -2115.102 | E96: 8083.4498 | F96: 4631 | G96: 531 | H96: 5162 | I96: 1654 | J96: 1267.4 | K96: 2921.4
B97: 2020
B98: 43831 | C98: 10286.468 | D98: -2304.26 | E98: 7982.2084 | F98: 4646.5 | G98: 500.3 | H98: 5146.8 | I98: 1651.8 | J98: 1183.6 | K98: 2835.4
B99: 43862 | C99: 10323.247 | D99: -2184.473 | E99: 8138.7744 | F99: 4700.2 | G99: 501.1 | H99: 5201.3 | I99: 1663.8 | J99: 1273.7 | K99: 2937.5
B100: 43891 | C100: 10351.73 | D100: -847.975 | E100: 9503.7554 | F100: 5318.8 | G100: 1152.5 | H100: 6471.3 | I100: 1662.7 | J100: 1369.8 | K100: 3032.5
B101: 43922 | C101: 10163.564 | D101: -819.79 | E101: 9343.7744 | F101: 5768.2 | G101: 843.3 | H101: 6611.5 | I101: 1662.7 | J101: 1069.6 | K101: 2732.3
B102: 43952 | C102: 9873.6414 | D102: -880.3 | E102: 8993.3414 | F102: 5921.9 | G102: 688.6 | H102: 6610.5 | I102: 1222.8 | J102: 1160 | K102: 2382.8
...

Sheet 5
B2: Financial Sector Statistics | D2: جدول (5) Table | H2: إحصاءات القطاع المالي
C3: النقد المصدر حسب الفئات
C4: Currency Issued According Denomination | I4: مليون دينار JD Million
C6: فئة خمسون دينار | D6: فئة عشرون دينار | E6: فئة عشرة دنانير | F6: فئة خمسة دنانير | G6: فئة دينار | H6: المسكوكات المعدنية | I6: المجموع
C7: Fifty Dinars | D7: Twenty Dinars | E7: Ten Dinars | F7: Five Dinars | G7: One Dinar | H7: Coins | I7: Total
B8: الفترة Period
B9: 2010 | C9: 2193.6402 | D9: 603.06654 | E9: 129.64569 | F9: 76.86668 | G9: 38.010354 | H9: 37.270586 | I9: =SUM(C9:H9) -> 3078.5
B10: 2011 | C10: 2471.1489 | D10: 605.1217 | E10: 128.15955 | F10: 80.87206 | G10: 41.095439 | H10: 40.502351 | I10: =SUM(C10:H10) -> 3366.9
B11: 2012 | C11: 2637.7081 | D11: 599.24508 | E11: 145.6805 | F11: 85.53173 | G11: 45.513534 | H11: 44.321056 | I11: =SUM(C11:H11) -> 3558
B12: 2013 | C12: 2965.6082 | D12: 632.07922 | E12: 151.17165 | F12: 91.923345 | G12: 48.400544 | H12: 48.917041 | I12: =SUM(C12:H12) -> 3938.1
B13: 2014 | C13: =C89 -> 3183.0065 | D13: =D89 -> 636.1143 | E13: =E89 -> 157.95872 | F13: =F89 -> 96.43394 | G13: =G89 -> 51.119358 | H13: =H89 -> 53.167182 | I13: =SUM(C13:H13) -> 4177.8
B14: 2015 | C14: =C102 -> 3341.8147 | D14: =D102 -> 620.71656 | E14: =E102 -> 162.79298 | F14: =F102 -> 100.43936 | G14: =G102 -> 53.980886 | H14: =H102 -> 56.955514 | I14: =SUM(C14:H14) -> 4336.7
B15: 2016 | C15: =C115 -> 3554.5214 | D15: =D115 -> 666.27638 | E15: =E115 -> 182.94829 | F15: =F115 -> 100.89822 | G15: =G115 -> 56.087144 | H15: =H115 -> 60.068516 | I15: =SUM(C15:H15) -> 4620.8
B16: 2017 | C16: =C128 -> 3707.9824 | D16: =D128 -> 710.82768 | E16: =E128 -> 194.64785 | F16: =F128 -> 102.99626 | G16: =G128 -> 57.761631 | H16: =H128 -> 62.284184 | I16: =SUM(C16:H16) -> 4836.5
B17: 2018 | C17: =C141 -> 3685.2463 | D17: =D141 -> 694.03114 | E17: =E141 -> 195.80499 | F17: =F141 -> 103.29557 | G17: =G141 -> 59.66989 | H17: =H141 -> 64.352055 | I17: =SUM(C17:H17) -> 4802.4
B18: 2019 | C18: =C154 -> 3963.7898 | D18: =D154 -> 749.17334 | E18: =E154 -> 207.37535 | F18: =F154 -> 110.75156 | G18: =G154 -> 63.550435 | H18: =H154 -> 67.359515 | I18: =SUM(C18:H18) -> 5162
B19: 2020 | C19: =C167 -> 5074.735 | D19: =D167 -> 946.40202 | E19: =E167 -> 221.95813 | F19: =F167 -> 118.12762 | G19: =G167 -> 64.099841 | H19: =H167 -> 71.173389 | I19: =SUM(C19:H19) -> 6496.496
B20: 2021 | C20: =C180 -> 5297.7769 | D20: =D180 -> 1045.1722 | E20: =E180 -> 225.50571 | F20: =F180 -> 123.80879 | G20: =G180 -> 68.727047 | H20: =H180 -> 73.809403 | I20: =SUM(C20:H20) -> 6834.8
B21: 2022 | C21: =C193 -> 5183.6531 | D21: =D193 -> 976.96758 | E21: =E193 -> 238.22275 | F21: =F193 -> 131.24174 | G21: =G193 -> 71.925222 | H21: =H193 -> 76.189613 | I21: 6678.204
B22: 2023 | C22: 5033.425 | D22: 898.265 | E22: 229.458 | F22: 129.157 | G22: 73.391 | H22: 77.563 | I22: 6441.259
B23: 2024 | C23: =C219 -> 5221.014 | D23: =D219 -> 995.309 | E23: =E219 -> 228.894 | F23: =F219 -> 132.975 | G23: =G219 -> 75.806 | H23: =H219 -> 79.126 | I23: =I219 -> 6733.124
B24: 2025 | C24: =C232 -> 5464.7 | D24: =D232 -> 1056.1 | E24: =E232 -> 236.8 | F24: =F232 -> 134.4 | G24: =G232 -> 77.8 | H24: =H232 -> 81.2 | I24: =I232 -> 7051
B25: 2010
B26: 40179 | C26: 2011.6486 | D26: 607.08564 | E26: 119.99846 | F26: 68.93953 | G26: 33.991539 | H26: 34.336231 | I26: =SUM(C26:H26) -> 2876
B27: 40210 | C27: 2011.0336 | D27: 602.06928 | E27: 119.58209 | F27: 67.80109 | G27: 34.051825 | H27: 34.462115 | I27: =SUM(C27:H27) -> 2869
B28: 40238 | C28: 2043.0502 | D28: 604.1228 | E28: 120.41553 | F28: 68.46718 | G28: 34.545525 | H28: 34.598765 | I28: =SUM(C28:H28) -> 2905.2
B29: 40269 | C29: 2090.4131 | D29: 608.18512 | E29: 121.24136 | F29: 68.76641 | G29: 34.860035 | H29: 34.534025 | I29: =SUM(C29:H29) -> 2958
B30: 40299 | C30: 2113.5582 | D30: 609.03172 | E30: 122.54613 | F30: 69.8708 | G30: 35.228883 | H30: 34.764267 | I30: =SUM(C30:H30) -> 2985
B31: 40330 | C31: 2128.2412 | D31: 604.38348 | E31: 122.68082 | F31: 70.1385 | G31: 35.102584 | H31: 34.996416 | I31: =SUM(C31:H31) -> 2995.543
B32: 40360 | C32: 2185.9884 | D32: 604.76016 | E32: 124.1345 | F32: 72.622795 | G32: 36.311166 | H32: 35.383029 | I32: =SUM(C32:H32) -> 3059.2
B33: 40391 | C33: 2206.4448 | D33: 609.8926 | E33: 128.6993 | F33: 76.65664 | G33: 37.547795 | H33: 36.158915 | I33: =SUM(C33:H33) -> 3095.4
B34: 40422 | C34: 2183.2994 | D34: 613.11026 | E34: 137.22781 | F34: 82.69772 | G34: 40.245727 | H34: 36.719083 | I34: =SUM(C34:H34) -> 3093.3
B35: 40452 | C35: 2184.82 | D35: 609.71656 | E35: 132.14 | F35: 78.92686 | G35: 38.725231 | H35: 36.971399 | I35: =SUM(C35:H35) -> 3081.3
B36: 40483 | C36: 2187.3946 | D36: 617.60458 | E36: 136.66733 | F36: 82.220475 | G36: 40.359837 | H36: 37.253178 | I36: =SUM(C36:H36) -> 3101.5
B37: 40513 | C37: 2193.6402 | D37: 603.06654 | E37: 129.64569 | F37: 76.86668 | G37: 38.010354 | H37: 37.270586 | I37: =SUM(C37:H37) -> 3078.5
B38: 2011
B39: 40544 | C39: 2198.0294 | D39: 601.90158 | E39: 123.55062 | F39: 73.332095 | G39: 37.167207 | H39: 37.219048 | I39: =SUM(C39:H39) -> 3071.2
B40: 40575 | C40: 2237.1745 | D40: 600.93332 | E40: 125.68555 | F40: 73.081005 | G40: 36.956369 | H40: 37.269256 | I40: =SUM(C40:H40) -> 3111.1
B41: 40603 | C41: 2296.4378 | D41: 609.61578 | E41: 125.81047 | F41: 74.967585 | G41: 37.342149 | H41: 37.426166 | I41: =SUM(C41:H41) -> 3181.6
B42: 40634 | C42: 2346.6699 | D42: 616.20268 | E42: 127.68955 | F42: 75.95188 | G42: 37.549666 | H42: 37.736324 | I42: =SUM(C42:H42) -> 3241.8
B43: 40664 | C43: 2362.0876 | D43: 617.1644 | E43: 125.51952 | F43: 75.29055 | G43: 37.993967 | H43: 37.943963 | I43: =SUM(C43:H43) -> 3256
B44: 40695 | C44: 2429.4437 | D44: 626.58162 | E44: 127.67152 | F44: 75.667185 | G44: 38.504352 | H44: 38.131673 | I44: =SUM(C44:H44) -> 3336
B45: 40725 | C45: 2507.2429 | D45: 630.08922 | E45: 129.66483 | F45: 78.375905 | G45: 39.435855 | H45: 38.99129 | I45: =SUM(C45:H45) -> 3423.8
B46: 40756 | C46: 2682.0808 | D46: 684.45072 | E46: 145.57015 | F46: 94.704895 | G46: 44.431307 | H46: 39.762178 | I46: =SUM(C46:H46) -> 3691
B47: 40787 | C47: 2486.4491 | D47: 629.7211 | E47: 134.89028 | F47: 86.298435 | G47: 43.265179 | H47: 40.175906 | I47: =SUM(C47:H47) -> 3420.8
B48: 40817 | C48: 2532.0599 | D48: 627.98256 | E48: 137.19217 | F48: 88.473635 | G48: 43.217569 | H48: 40.274166 | I48: =SUM(C48:H48) -> 3469.2
B49: 40848 | C49: 2475.2899 | D49: 612.64546 | E49: 132.63498 | F49: 85.503445 | G49: 42.987123 | H49: 40.439142 | I49: =SUM(C49:H49) -> 3389.5
B50: 40878 | C50: 2471.1489 | D50: 605.1217 | E50: 128.15955 | F50: 80.87206 | G50: 41.095439 | H50: 40.502351 | I50: =SUM(C50:H50) -> 3366.9
B51: 2012
B52: 40909 | C52: 2447.5449 | D52: 585.42448 | E52: 123.05698 | F52: 77.589335 | G52: 40.568792 | H52: 40.515463 | I52: =SUM(C52:H52) -> 3314.7
B53: 40940 | C53: 2453.1125 | D53: 582.254 | E53: 122.39343 | F53: 77.689175 | G53: 40.803496 | H53: 49.847399 | I53: =SUM(C53:H53) -> 3326.1
B54: 40969 | C54: 2498.2596 | D54: 598.23172 | E54: 127.70056 | F54: 80.352095 | G54: 41.393185 | H54: 40.96289 | I54: =SUM(C54:H54) -> 3386.9
B55: 41000 | C55: 2530.117 | D55: 604.05288 | E55: 132.7611 | F55: 82.49627 | G55: 42.136521 | H55: 41.136279 | I55: =SUM(C55:H55) -> 3432.7
B56: 41030 | C56: 2550.4336 | D56: 602.68352 | E56: 133.91162 | F56: 81.7517 | G56: 42.971255 | H56: 41.348355 | I56: =SUM(C56:H56) -> 3453.1
B57: 41061 | C57: 2587.4055 | D57: 607.13048 | E57: 136.39017 | F57: 81.67514 | G57: 43.605015 | H57: 41.793695 | I57: =SUM(C57:H57) -> 3498
B58: 41091 | C58: 2627.2501 | D58: 607.72428 | E58: 142.2746 | F58: 85.05468 | G58: 45.208939 | H58: 42.587451 | I58: =SUM(C58:H58) -> 3550.1
B59: 41122 | C59: 2699.7273 | D59: 626.927 | E59: 162.14237 | F59: 97.14118 | G59: 49.236124 | H59: 43.326026 | I59: =SUM(C59:H59) -> 3678.5
B60: 41153 | C60: 2651.8497 | D60: 600.9073 | E60: 150.28129 | F60: 87.5449 | G60: 46.305108 | H60: 43.811752 | I60: =SUM(C60:H60) -> 3580.7
B61: 41183 | C61: 2734.4268 | D61: 632.4776 | E61: 163.24956 | F61: 95.726125 | G61: 48.343712 | H61: 44.176203 | I61: =SUM(C61:H61) -> 3718.4
B62: 41214 | C62: 2652.1348 | D62: 606.30752 | E62: 152.50463 | F62: 89.02007 | G62: 47.2894 | H62: 44.34353 | I62: =SUM(C62:H62) -> 3591.6
B63: 41244 | C63: 2637.7081 | D63: 599.24508 | E63: 145.6805 | F63: 85.53173 | G63: 45.513534 | H63: 44.321056 | I63: =SUM(C63:H63) -> 3558
B64: 2013
B65: 41275 | C65: 2631.3421 | D65: 591.68146 | E65: 139.39463 | F65: 83.306325 | G65: 44.443067 | H65: 44.432368 | I65: =SUM(C65:H65) -> 3534.6
B66: 41306 | C66: 2645.9464 | D66: 593.5665 | E66: 138.33672 | F66: 82.870085 | G66: 43.626832 | H66: 44.653513 | I66: =SUM(C66:H66) -> 3549
B67: 41334 | C67: 2674.4306 | D67: 595.54282 | E67: 139.0995 | F67: 83.08703 | G67: 44.230962 | H67: 44.909088 | I67: =SUM(C67:H67) -> 3581.3
B68: 41365 | C68: 2732.0853 | D68: 610.31996 | E68: 141.61918 | F68: 85.37351 | G68: 45.72327 | H68: 44.97878 | I68: =SUM(C68:H68) -> 3660.1
B69: 41395 | C69: 2771.3484 | D69: 614.2561 | E69: 145.36834 | F69: 86.449855 | G69: 46.544042 | H69: 45.433313 | I69: =SUM(C69:H69) -> 3709.4
B70: 41426 | C70: 2821.8807 | D70: 617.27076 | E70: 145.28329 | F70: 86.17566 | G70: 46.709991 | H70: 46.179599 | I70: =SUM(C70:H70) -> 3763.5
B71: 41456 | C71: 2950.1229 | D71: 650.3003 | E71: 159.76013 | F71: 97.74122 | G71: 50.602476 | H71: 47.073024 | I71: =SUM(C71:H71) -> 3955.6
B72: 41487 | C72: 2974.7121 | D72: 650.74304 | E72: 166.85421 | F72: 101.20315 | G72: 52.188607 | H72: 47.798848 | I72: =SUM(C72:H72) -> 3993.5
B73: 41518 | C73: 2941.6148 | D73: 644.04662 | E73: 160.67925 | F73: 96.964635 | G73: 50.151337 | H73: 48.343358 | I73: =SUM(C73:H73) -> 3941.8
B74: 41548 | C74: 2975.2344 | D74: 649.26588 | E74: 165.7171 | F74: 100.35077 | G74: 52.044872 | H74: 48.686973 | I74: =SUM(C74:H74) -> 3991.3
B75: 41579 | C75: 2948.9536 | D75: 636.1756 | E75: 154.88365 | F75: 93.78333 | G75: 49.370519 | H75: 48.779351 | I75: =SUM(C75:H75) -> 3931.946
B76: 41609 | C76: 2965.6082 | D76: 632.07922 | E76: 151.17165 | F76: 91.923345 | G76: 48.400544 | H76: 48.917041 | I76: =SUM(C76:H76) -> 3938.1
B77: 2014
B78: 41640 | C78: 2944.0783 | D78: 624.25798 | E78: 146.47692 | F78: 89.017575 | G78: 47.498436 | H78: 49.070739 | I78: =SUM(C78:H78) -> 3900.4
B79: 41671 | C79: 2957.419 | D79: 622.87126 | E79: 146.15652 | F79: 88.585085 | G79: 47.395323 | H79: 49.272762 | I79: =SUM(C79:H79) -> 3911.7
B80: 41699 | C80: 3043.1233 | D80: 636.67112 | E80: 150.64974 | F80: 90.15314 | G80: 48.693084 | H80: 49.409616 | I80: =SUM(C80:H80) -> 4018.7
B81: 41730 | C81: 3091.1188 | D81: 640.44412 | E81: 150.28931 | F81: 91.36188 | G81: 49.422667 | H81: 49.663273 | I81: =SUM(C81:H81) -> 4072.3
B82: 41760 | C82: 3106.0075 | D82: 648.26112 | E82: 151.50597 | F82: 92.093875 | G82: 50.045616 | H82: 50.185919 | I82: =SUM(C82:H82) -> 4098.1
B83: 41791 | C83: 3160.9102 | D83: 646.30838 | E83: 153.95698 | F83: 90.148895 | G83: 50.880987 | H83: 50.894508 | I83: =SUM(C83:H83) -> 4153.1
B84: 41821 | C84: 3472.3927 | D84: 714.05722 | E84: 190.67035 | F84: 112.78639 | G84: 56.662948 | H84: 51.630387 | I84: =SUM(C84:H84) -> 4598.2
B85: 41852 | C85: 3277.8443 | D85: 670.77516 | E85: 172.77883 | F85: 103.22101 | G85: 54.049556 | H85: 52.331099 | I85: =SUM(C85:H85) -> 4331
B86: 41883 | C86: 3323.9962 | D86: 689.6268 | E86: 182.01515 | F86: 108.68909 | G86: 55.163335 | H86: 53.009425 | I86: =SUM(C86:H86) -> 4412.5
B87: 41913 | C87: 3206.0921 | D87: 657.18566 | E87: 169.67299 | F87: 102.77093 | G87: 53.140105 | H87: 53.13822 | I87: =SUM(C87:H87) -> 4242
B88: 41944 | C88: 3171.8386 | D88: 643.74366 | E88: 160.85488 | F88: 98.16246 | G88: 51.841064 | H88: 53.159336 | I88: =SUM(C88:H88) -> 4179.6
B89: 41974 | C89: 3183.0065 | D89: 636.1143 | E89: 157.95872 | F89: 96.43394 | G89: 51.119358 | H89: 53.167182 | I89: =SUM(C89:H89) -> 4177.8
B90: 2015
B91: 42005 | C91: 3163.9892 | D91: 621.18102 | E91: 153.60789 | F91: 94.19209 | G91: 50.864737 | H91: 53.465013 | I91: =SUM(C91:H91) -> 4137.3
B92: 42036 | C92: 3147.3119 | D92: 612.16464 | E92: 153.77561 | F92: 92.93327 | G92: 50.639853 | H92: 53.874777 | I92: =SUM(C92:H92) -> 4110.7
B93: 42064 | C93: 3171.3834 | D93: 613.07704 | E93: 154.71269 | F93: 93.6453 | G93: 51.230895 | H93: 54.150625 | I93: =SUM(C93:H93) -> 4138.2
B94: 42095 | C94: 3231.283 | D94: 614.66978 | E94: 156.46766 | F94: 94.77056 | G94: 51.836711 | H94: 54.472339 | I94: =SUM(C94:H94) -> 4203.5
B95: 42125 | C95: 3251.9425 | D95: 613.9503 | E95: 156.86194 | F95: 94.752935 | G95: 52.251249 | H95: 54.741126 | I95: =SUM(C95:H95) -> 4224.5
B96: 42156 | C96: 3336.7704 | D96: 627.79244 | E96: 162.2443 | F96: 100.36695 | G96: 54.329117 | H96: 55.296748 | I96: =SUM(C96:H96) -> 4336.8
B97: 42186 | C97: 3443.9573 | D97: 658.93518 | E97: 185.46286 | F97: 116.25238 | G97: 59.592046 | H97: 56.000239 | I97: =SUM(C97:H97) -> 4520.2
B98: 42217 | C98: 3391.4156 | D98: 642.00594 | E98: 173.90249 | F98: 106.5045 | G98: 56.254043 | H98: 56.516477 | I98: =SUM(C98:H98) -> 4426.599
B99: 42248 | C99: 3422.9554 | D99: 655.71502 | E99: 186.14335 | F99: 114.75653 | G99: 58.302154 | H99: 57.227491 | I99: =SUM(C99:H99) -> 4495.1
B100: 42278 | C100: 3366.4772 | D100: 630.84236 | E100: 171.56933 | F100: 105.65882 | G100: 55.591779 | H100: 57.360556 | I100: =SUM(C100:H100) -> 4387.5
B101: 42309 | C101: 3348.5561 | D101: 622.67974 | E101: 166.52551 | F101: 102.29041 | G101: 54.208471 | H101: 57.139764 | I101: =SUM(C101:H101) -> 4351.4
B102: 42339 | C102: 3341.8147 | D102: 620.71656 | E102: 162.79298 | F102: 100.43936 | G102: 53.980886 | H102: 56.955514 | I102: =SUM(C102:H102) -> 4336.7
...

Sheet 6a
B2: Financial Sector Statistics | G2: Table (6a) جدول | R2: إحصاءات القطاع المالي
G3: الميزانية الموحدة لشركات الإيداع الأخرى (الموجودات)
G4: Consolidated Balance Sheet of Other Depository Corporations (Assets) | T4: مليون دينار JD Million
C6: الموجودات | D6: الموجودات الأجنبية | L6: الموجودات المحلية
D7: Foreign Assets | L7: Domestic Assets
E8: نقد في الصندوق (بالعملات الأجنبية) | F8: الودائع القابلة للتحويل | G8: ودائع أخرى | H8: الأوراق المالية عدا الأسهم | I8: قروض أخرى | J8: الأسهم وحقوق الملكية الأخرى | K8: حسابات مستحقة أخرى | M8: الديون على الحكومة المركزية | N8: الديون على البلديات | O8: الديون على الشركات العامة غير المالية | P8: الديون على الشركات المالية الأخرى | Q8: الديون على البنك المركزي** | R8: الديون على القطاع الخاص | S8: النقد في الصندوق (بالدينار) | T8: الموجودات الأخرى
C10: Assets | E10: Cash in Vaults (In Foreign Currencies) | F10: Transferable Deposits | G10: Other Deposits | H10: Securities Other Than Shares | I10: Other Loans | J10: Shares and Other Equity | K10: Other accounts receivable | M10: Claims on Central Government | N10: Claims on Munici-palities | O10: Claims on Public Nonfinancial Corporations | P10: Claims on Other Financial Corporations | Q10: Claims on Central Bank** | R10: Claims on Private Sectors | S10: Cash in Vaults (In JD) | T10: Unclassified assets
B11: الفترة Period
B12: 2014 | C12: 44868.146 | D12: 4729.58 | E12: 208.98559 | F12: 998.40834 | G12: 2291.1983 | H12: 181.25257 | I12: 481.92764 | J12: 460.66828 | K12: 107.13929 | L12: 40138.566 | M12: 10653.149 | N12: 232.42298 | O12: 129.78793 | P12: 501.55094 | Q12: 7217.564 | R12: 17418.072 | S12: 373.4637 | T12: 3612.5558
B13: 2015 | C13: 47133.173 | D13: 4681.0709 | E13: 182.20323 | F13: 849.02953 | G13: 2409.4174 | H13: 218.65179 | I13: 477.08372 | J13: 473.99396 | K13: 70.691241 | L13: 42452.102 | M13: 11175.176 | N13: 225.66142 | O13: 113.21721 | P13: 513.08415 | Q13: 7568.8659 | R13: 18253.466 | S13: 403.55521 | T13: 4199.0764
B14: 2016 | C14: 48383.547 | D14: 5435.4329 | E14: 166.20429 | F14: 1236.1392 | G14: 2698.7297 | H14: 251.57088 | I14: 479.75801 | J14: 465.27998 | K14: 137.75088 | L14: 42948.114 | M14: 10559.376 | N14: 221.43857 | O14: 305.33899 | P14: 663.04233 | Q14: 6328.5503 | R14: 20073.653 | S14: 439.44467 | T14: 4357.2709
B15: 2017 | C15: 49102.541 | D15: 5652.0301 | E15: 193.0047 | F15: 1334.829 | G15: 2729.9846 | H15: 268.40101 | I15: 500.23454 | J15: 488.75857 | K15: 136.81762 | L15: 43450.511 | M15: 9665.3204 | N15: 212.2756 | O15: 414.95629 | P15: 801.08435 | Q15: 6180.6879 | R15: 21983.818 | S15: 509.98872 | T15: 3682.3796
B16: 2018 | C16: 50917.752 | D16: 5543.8335 | E16: 233.91301 | F16: 996.54536 | G16: 2840.143 | H16: 268.91532 | I16: 655.26517 | J16: 471.55922 | K16: 77.49248 | L16: 45373.918 | M16: 10388.884 | N16: 291.97368 | O16: 499.98047 | P16: 793.33346 | Q16: 5399.9571 | R16: 23263.496 | S16: 506.01559 | T16: 4230.2781
B17: 2019 | C17: 53642.048 | D17: 5579.0867 | E17: 204.23539 | F17: 1091.0725 | G17: 2725.7559 | H17: 259.77047 | I17: 674.39803 | J17: 542.49211 | K17: 81.362306 | L17: 48062.961 | M17: 11354.634 | N17: 357.16916 | O17: 551.01766 | P17: 847.47791 | Q17: 5874.3258 | R17: 24275.241 | S17: 531.05168 | T17: 4272.0448
B18: 2020 | C18: 57037.963 | D18: 6290.1312 | E18: 271.23311 | F18: 1569.4955 | G18: 2924.5879 | H18: 219.59328 | I18: 612.75676 | J18: 581.56114 | K18: 110.90362 | L18: 50747.831 | M18: 11916.709 | N18: 401.61153 | O18: 571.52837 | P18: 1005.458 | Q18: 6300.0991 | R18: 25771.866 | S18: 557.11641 | T18: 4223.4426
B19: 2021 | C19: 61057.724 | D19: 6332.6627 | E19: 250.40413 | F19: 1607.3773 | G19: 2840.1093 | H19: 237.92814 | I19: 687.83957 | J19: 615.48549 | K19: 93.51886 | L19: 54725.061 | M19: 13177.149 | N19: 530.02201 | O19: 610.29539 | P19: 1017.768 | Q19: 7407.712 | R19: 26918.897 | S19: 609.46439 | T19: 4453.7529
B20: 2022 | C20: 64145.305 | D20: 5864.0619 | E20: 253.8531 | F20: 1086.6485 | G20: 2836.2533 | H20: 355.28776 | I20: 664.81915 | J20: 606.23674 | K20: 60.963229 | L20: 58281.243 | M20: 13876.368 | N20: 728.43974 | O20: 1017.068 | P20: 1056.6382 | Q20: 7177.9167 | R20: 29137.742 | S20: 640.76552 | T20: 4646.3053
B21: 2023 | C21: =+D21+L21 -> 66175.778 | D21: =SUM(E21:K21) -> 6220.7698 | E21: 217.09875 | F21: 1204.6664 | G21: 2918.2698 | H21: 329.13193 | I21: 844.86764 | J21: 658.34739 | K21: 48.387891 | L21: =SUM(M21:T21) -> 59955.008 | M21: 14044.525 | N21: 806.60443 | O21: 1385.5077 | P21: 869.45151 | Q21: 7883.1061 | R21: 29647.844 | S21: 633.71072 | T21: 4684.2581
B22: 2024 | C22: =C155 -> 69853.314 | D22: =D155 -> 6798.3797 | E22: =E155 -> 251.66922 | F22: =F155 -> 1243.7093 | G22: =G155 -> 2807.147 | H22: =H155 -> 315.46825 | I22: =I155 -> 1341.6311 | J22: =J155 -> 790.40617 | ... T22: =T155 -> 4945.6262
B23: 2025* | C23: =+D23+L23 -> 74112.341 | D23: =SUM(E23:K23) -> 8684.601 | E23: =E168 -> 246.589 | F23: =F168 -> 1594.946 | G23: =G168 -> 3593.277 | H23: =H168 -> 608.518 | I23: =I168 -> 1469.391 | J23: =J168 -> 1129.896 | K23: =K168 -> 41.984 | L23: =SUM(M23:T23) -> 65427.74 | M23: =M168 -> 15628.936 | N23: =N168 -> 955.29 | O23: =O168 -> 1758.112 | P23: =P168 -> 944.049 | Q23: =Q168 -> 9173.052 | R23: =R168 -> 31158.998 | S23: =S168 -> 641.47 | T23: =T168 -> 5167.833
B24: 2014
B25: 41974 | C25: =+D25+L25 -> 44868.146 | D25: =SUM(E25:K25) -> 4729.58 | E25: 208.98559 | F25: 998.40834 | G25: 2291.1983 | H25: 181.25257 | I25: 481.92764 | J25: 460.66828 | K25: 107.13929 | L25: =SUM(M25:T25) -> 40138.566 | M25: 10653.149 | N25: 232.42298 | O25: 129.78793 | P25: 501.55094 | Q25: 7217.564 | R25: 17418.072 | S25: 373.4637 | T25: 3612.5558
B26: 2015
B27: 42005 | C27: =+D27+L27 -> 45490.239 | D27: =SUM(E27:K27) -> 4588.7652 | E27: 198.80472 | F27: 808.02429 | G27: 2394.9649 | H27: 181.62816 | I27: 484.00584 | J27: 457.55519 | K27: 63.782086 | L27: =SUM(M27:T27) -> 40901.474 | M27: 10802.738 | N27: 231.69713 | O27: 129.44202 | P27: 510.57599 | Q27: 7454.9691 | R27: 17537.498 | S27: 344.62141 | T27: 3889.9317
B28: 42036 | C28: =+D28+L28 -> 45640.092 | D28: =SUM(E28:K28) -> 4808.6629 | E28: 173.1997 | F28: 976.85926 | G28: 2416.6451 | H28: 190.62633 | I28: 497.62934 | J28: 460.36433 | K28: 93.338797 | L28: =SUM(M28:T28) -> 40831.429 | M28: 10824.465 | N28: 230.97191 | O28: 122.87806 | P28: 514.43627 | Q28: 7573.8246 | R28: 17397.919 | S28: 339.31835 | T28: 3827.6159
B29: 42064 | C29: =+D29+L29 -> 45515.05 | D29: =SUM(E29:K29) -> 4830.005 | E29: 192.65534 | F29: 1060.4354 | G29: 2341.3249 | H29: 199.78278 | I29: 499.55557 | J29: 450.72225 | K29: 85.528737 | L29: =SUM(M29:T29) -> 40685.045 | M29: 11278.471 | N29: 230.24691 | O29: 132.19412 | P29: 524.7962 | Q29: 7108.0807 | R29: 17352.049 | S29: 367.48815 | T29: 3691.7186
B30: 42095 | C30: =+D30+L30 -> 46047.485 | D30: =SUM(E30:K30) -> 4850.1657 | E30: 187.73778 | F30: 933.00403 | G30: 2448.352 | H30: 204.49756 | I30: 513.02491 | J30: 449.0528 | K30: 114.49669 | L30: =SUM(M30:T30) -> 41197.319 | M30: 11222.269 | N30: 231.52217 | O30: 155.10148 | P30: 525.94151 | Q30: 7364.1966 | R30: 17304.468 | S30: 366.87987 | T30: 4026.9409
B31: 42125 | C31: =+D31+L31 -> 46007.456 | D31: =SUM(E31:K31) -> 4586.071 | E31: 209.5466 | F31: 862.4627 | G31: 2236.1867 | H31: 207.27197 | I31: 494.89935 | J31: 452.90685 | K31: 122.79679 | L31: =SUM(M31:T31) -> 41421.385 | M31: 11270.762 | N31: 230.80742 | O31: 141.84162 | P31: 527.81033 | Q31: 7499.679 | R31: 17428.015 | S31: 385.20022 | T31: 3937.2693
B32: 42156 | C32: =+D32+L32 -> 46410.567 | D32: =SUM(E32:K32) -> 4558.0903 | E32: 185.37121 | F32: 908.32337 | G32: 2192.0169 | H32: 214.50413 | I32: 474.647 | J32: 457.89342 | K32: 125.33421 | L32: =SUM(M32:T32) -> 41852.477 | M32: 11351.566 | N32: 230.0719 | O32: 144.26945 | P32: 517.30981 | Q32: 7632.5589 | R32: 17622.867 | S32: 402.13276 | T32: 3951.7011
B33: 42186 | C33: =+D33+L33 -> 46494.337 | D33: =SUM(E33:K33) -> 4626.5707 | E33: 199.61696 | F33: 926.23912 | G33: 2244.8868 | H33: 205.01461 | I33: 467.62781 | J33: 459.53947 | K33: 123.6459 | L33: =SUM(M33:T33) -> 41867.767 | M33: 11042.157 | N33: 226.71734 | O33: 140.70978 | P33: 516.43333 | Q33: 7897.4131 | R33: 17719.475 | S33: 403.16696 | T33: 3921.6946
B34: 42217 | C34: =+D34+L34 -> 46687.64 | D34: =SUM(E34:K34) -> 4492.5951 | E34: 190.04574 | F34: 777.10372 | G34: 2237.4755 | H34: 218.45744 | I34: 490.28505 | J34: 458.25717 | K34: 120.97042 | L34: =SUM(M34:T34) -> 42195.045 | M34: 11211.857 | N34: 229.80679 | O34: 137.29957 | P34: 504.4667 | Q34: 8001.5359 | R34: 17829.222 | S34: 394.86933 | T34: 3885.9874
B35: 42248 | C35: =+D35+L35 -> 46917.305 | D35: =SUM(E35:K35) -> 4519.0415 | E35: 196.91071 | F35: 867.75329 | G35: 2183.9944 | H35: 222.5845 | I35: 479.32986 | J35: 458.33916 | K35: 110.12952 | L35: =SUM(M35:T35) -> 42398.264 | M35: 11221.804 | N35: 227.89935 | O35: 125.76257 | P35: 507.17104 | Q35: 7903.3458 | R35: 17963.736 | S35: 453.421 | T35: 3995.1233
B36: 42278 | C36: =+D36+L36 -> 46865.764 | D36: =SUM(E36:K36) -> 4367.3787 | E36: 159.56142 | F36: 811.49928 | G36: 2115.9758 | H36: 215.43542 | I36: 481.01268 | J36: 473.85155 | K36: 110.04257 | L36: =SUM(M36:T36) -> 42498.385 | M36: 11285.403 | N36: 227.17133 | O36: 126.03415 | P36: 507.0018 | Q36: 7868.1901 | R36: 18147.978 | S36: 382.24766 | T36: 3954.3583
B37: 42309 | C37: =+D37+L37 -> 47016.946 | D37: =SUM(E37:K37) -> 4697.3667 | E37: 182.9204 | F37: 1141.5747 | G37: 2084.9664 | H37: 213.84702 | I37: 492.62206 | J37: 471.34129 | K37: 110.09486 | L37: =SUM(M37:T37) -> 42319.579 | M37: 11136.558 | N37: 230.07503 | O37: 122.17217 | P37: 505.26696 | Q37: 7769.9887 | R37: 18151.371 | S37: 399.59972 | T37: 4004.5479
B38: 42339 | C38: =+D38+L38 -> 47133.173 | D38: =SUM(E38:K38) -> 4681.0709 | E38: 182.20323 | F38: 849.02953 | G38: 2409.4174 | H38: 218.65179 | I38: 477.08372 | J38: 473.99396 | K38: 70.691241 | L38: =SUM(M38:T38) -> 42452.102 | M38: 11175.176 | N38: 225.66142 | O38: 113.21721 | P38: 513.08415 | Q38: 7568.8659 | R38: 18253.466 | S38: 403.55521 | T38: 4199.0764
B39: 2016
B40: 42370 | C40: =+D40+L40 -> 47361.377 | D40: =SUM(E40:K40) -> 4840.1241 | E40: 184.90427 | F40: 1002.2381 | G40: 2355.5727 | H40: 228.79225 | I40: 489.41383 | J40: 459.50481 | K40: 119.6982 | L40: =SUM(M40:T40) -> 42521.253 | M40: 11154.926 | N40: 224.93642 | O40: 119.66942 | P40: 495.3886 | Q40: 7550.4933 | R40: 18349.084 | S40: 399.38367 | T40: 4227.3711
B41: 42401 | C41: =+D41+L41 -> 47390.832 | D41: =SUM(E41:K41) -> 4572.4056 | E41: 166.01553 | F41: 787.45415 | G41: 2338.5602 | H41: 231.28448 | I41: 469.33798 | J41: 471.02366 | K41: 108.7296 | L41: =SUM(M41:T41) -> 42818.426 | M41: 11358.994 | N41: 224.21142 | O41: 108.84732 | P41: 494.50072 | Q41: 7457.3122 | R41: 18545.278 | S41: 389.81407 | T41: 4239.4683
B42: 42430 | C42: =+D42+L42 -> 47376.713 | D42: =SUM(E42:K42) -> 4731.8642 | E42: 152.68885 | F42: 998.18962 | G42: 2309.4003 | H42: 240.44675 | I42: 459.00016 | J42: 472.11578 | K42: 100.02272 | L42: =SUM(M42:T42) -> 42644.848 | M42: 11283.233 | N42: 223.41849 | O42: 133.54265 | P42: 532.6431 | Q42: 7262.0816 | R42: 18735.01 | S42: 397.5616 | T42: 4077.358
B43: 42461 | C43: =+D43+L43 -> 47330.311 | D43: =SUM(E43:K43) -> 4775.9829 | E43: 156.88733 | F43: 886.14226 | G43: 2448.052 | H43: 243.51692 | I43: 469.3789 | J43: 472.30182 | K43: 99.70361 | L43: =SUM(M43:T43) -> 42554.328 | M43: 11314.293 | N43: 222.69349 | O43: 134.52912 | P43: 535.28676 | Q43: 6705.2161 | R43: 18973.938 | S43: 402.84685 | T43: 4265.5246
B44: 42491 | C44: =+D44+L44 -> 47234.29 | D44: =SUM(E44:K44) -> 4727.4525 | E44: 163.13485 | F44: 1012.0806 | G44: 2282.2107 | H44: 232.10892 | I44: 486.6719 | J44: 451.49901 | K44: 99.746508 | L44: =SUM(M44:T44) -> 42506.837 | M44: 11195.094 | N44: 222.13469 | O44: 185.8588 | P44: 553.32807 | Q44: 6658.6994 | R44: 19054.832 | S44: 422.99081 | T44: 4213.8998
B45: 42522 | C45: =+D45+L45 -> 47551.248 | D45: =SUM(E45:K45) -> 4857.2328 | E45: 172.8946 | F45: 1030.8567 | G45: 2334.8514 | H45: 245.8437 | I45: 466.58503 | J45: 487.18107 | K45: 119.02021 | L45: =SUM(M45:T45) -> 42694.015 | M45: 11320.577 | N45: 218.41787 | O45: 216.63828 | P45: 516.54528 | Q45: 6243.206 | R45: 19346.494 | S45: 520.28521 | T45: 4311.8516
B46: 42552 | C46: =+D46+L46 -> 47577.72 | D46: =SUM(E46:K46) -> 4996.9207 | E46: 212.17228 | F46: 963.32092 | G46: 2475.3977 | H46: 257.81952 | I46: 485.87251 | J46: 485.55795 | K46: 116.77984 | L46: =SUM(M46:T46) -> 42580.799 | M46: 11368.175 | N46: 216.03557 | O46: 240.48243 | P46: 525.54528 | Q46: 6064.8139 | R46: 19409.397 | S46: 459.87176 | T46: 4296.478
B47: 42583 | C47: =+D47+L47 -> 47697.968 | D47: =SUM(E47:K47) -> 5048.6279 | E47: 194.08518 | F47: 855.38912 | G47: 2695.1287 | H47: 253.74212 | I47: 488.3244 | J47: 440.93148 | K47: 121.02685 | L47: =SUM(M47:T47) -> 42649.34 | M47: 11304.412 | N47: 228.73071 | O47: 233.98636 | P47: 575.93238 | Q47: 6178.704 | R47: 19519.155 | S47: 458.82302 | T47: 4149.5962
B48: 42614 | C48: =+D48+L48 -> 48003.296 | D48: =SUM(E48:K48) -> 5001.8282 | E48: 165.23471 | F48: 858.05646 | G48: 2640.857 | H48: 260.5436 | I48: 482.24541 | J48: 481.80346 | K48: 113.0876 | L48: =SUM(M48:T48) -> 43001.468 | M48: 11632.133 | N48: 228.00568 | O48: 188.61117 | P48: 568.03103 | Q48: 5971.9576 | R48: 19667.759 | S48: 451.99865 | T48: 4292.9715
B49: 42644 | C49: =+D49+L49 -> 47570.167 | D49: =SUM(E49:K49) -> 4851.0876 | E49: 174.10203 | F49: 770.7057 | G49: 2578.7653 | H49: 245.90864 | I49: 463.81982 | J49: 481.06314 | K49: 136.72297 | L49: =SUM(M49:T49) -> 42719.08 | M49: 11378.579 | N49: 226.9006 | O49: 247.52073 | P49: 574.50946 | Q49: 5991.6298 | R49: 19748.361 | S49: 441.29681 | T49: 4110.2818
B50: 42675 | C50: =+D50+L50 -> 47814.937 | D50: =SUM(E50:K50) -> 5035.7226 | E50: 161.88734 | F50: 942.31753 | G50: 2605.6228 | H50: 245.33343 | I50: 481.11559 | J50: 461.86236 | K50: 137.58351 | L50: =SUM(M50:T50) -> 42779.215 | M50: 10976.465 | N50: 227.46266 | O50: 228.52797 | P50: 608.17089 | Q50: 6281.724 | R50: 19939.469 | S50: 451.78504 | T50: 4065.611
B51: 42705 | C51: =+D51+L51 -> 48383.547 | D51: =SUM(E51:K51) -> 5435.4329 | E51: 166.20429 | F51: 1236.1392 | G51: 2698.7297 | H51: 251.57088 | I51: 479.75801 | J51: 465.27998 | K51: 137.75088 | L51: =SUM(M51:T51) -> 42948.114 | M51: 10559.376 | N51: 221.43857 | O51: 305.33899 | P51: 663.04233 | Q51: 6328.5503 | R51: 20073.653 | S51: 439.44467 | T51: 4357.2709
B52: 2017
B53: 42736 | C53: =+D53+L53 -> 47982.26 | D53: =SUM(E53:K53) -> 5695.4665 | E53: 163.72376 | F53: 1046.1229 | G53: 3130.6552 | H53: 262.5095 | I53: 492.02318 | J53: 468.31216 | K53: 132.1198 | L53: =SUM(M53:T53) -> 42286.793 | M53: 10442.259 | N53: 216.22794 | O53: 233.96551 | P53: 669.86347 | Q53: 6111.1789 | R53: 20280.931 | S53: 438.01615 | T53: 3894.3514
B54: 42767 | C54: =+D54+L54 -> 47526.977 | D54: =SUM(E54:K54) -> 5418.2705 | E54: 162.09414 | F54: 975.19994 | G54: 2892.6905 | H54: 263.44671 | I54: 512.57728 | J54: 468.63702 | K54: 143.62495 | L54: =SUM(M54:T54) -> 42108.707 | M54: 10534.835 | N54: 212.84653 | O54: 238.20052 | P54: 680.93357 | Q54: 5703.8184 | R54: 20409.656 | S54: 435.24788 | T54: 3893.1697
B55: 42795 | C55: =+D55+L55 -> 47651.09 | D55: =SUM(E55:K55) -> 5282.7937 | E55: 186.71951 | F55: 1054.2489 | G55: 2668.7913 | H55: 254.84738 | I55: 499.20835 | J55: 471.8582 | K55: 147.12003 | L55: =SUM(M55:T55) -> 42368.297 | M55: 10692.465 | N55: 209.50912 | O55: 300.64015 | P55: 690.33101 | Q55: 5614.224 | R55: 20702.106 | S55: 435.1031 | T55: 3723.9183
B56: 42826 | C56: =+D56+L56 -> 47749.883 | D56: =SUM(E56:K56) -> 5368.887 | E56: 164.56566 | F56: 1065.4022 | G56: 2755.2261 | H56: 267.11529 | I56: 505.59094 | J56: 476.47718 | K56: 134.50962 | L56: =SUM(M56:T56) -> 42380.996 | M56: 10587.868 | N56: 206.15652 | O56: 321.40259 | P56: 687.55315 | Q56: 5429.6237 | R56: 20944.916 | S56: 449.7927 | T56: 3753.6833
B57: 42856 | C57: =+D57+L57 -> 47956.875 | D57: =SUM(E57:K57) -> 5290.2388 | E57: 159.92758 | F57: 1071.0072 | G57: 2698.9514 | H57: 267.36604 | I57: 480.44883 | J57: 482.44632 | K57: 130.0914 | L57: =SUM(M57:T57) -> 42666.637 | M57: 10455.698 | N57: 205.60755 | O57: 385.62817 | P57: 709.89461 | Q57: 5629.091 | R57: 21042.298 | S57: 463.07333 | T57: 3775.3459
B58: 42887 | C58: =+D58+L58 -> 48461.261 | D58: =SUM(E58:K58) -> 5637.4974 | E58: 191.03113 | F58: 1270.2018 | G58: 2837.8121 | H58: 253.30958 | I58: 481.3479 | J58: 473.83461 | K58: 129.96029 | L58: =SUM(M58:T58) -> 42823.763 | M58: 10320.589 | N58: 216.67735 | O58: 402.88159 | P58: 762.82181 | Q58: 5294.3373 | R58: 21198.04 | S58: 590.32944 | T58: 4038.0874
B59: 42917 | C59: =+D59+L59 -> 48205.705 | D59: =SUM(E59:K59) -> 5421.8654 | E59: 204.21146 | F59: 1111.667 | G59: 2814.0395 | H59: 252.16738 | I59: 496.08301 | J59: 481.34611 | K59: 62.350951 | L59: =SUM(M59:T59) -> 42783.84 | M59: 10255.747 | N59: 192.62282 | O59: 400.83755 | P59: 782.51853 | Q59: 5569.2851 | R59: 21313.695 | S59: 481.21725 | T59: 3787.9159
B60: 42948 | C60: =+D60+L60 -> 48196.209 | D60: =SUM(E60:K60) -> 5465.7113 | E60: 233.51807 | F60: 1090.8207 | G60: 2836.9897 | H60: 252.23032 | I60: 520.98137 | J60: 477.98592 | K60: 53.185152 | L60: =SUM(M60:T60) -> 42730.497 | M60: 10432.791 | N60: 193.50966 | O60: 392.37754 | P60: 808.6362 | Q60: 5015.3849 | R60: 21474.384 | S60: 567.47437 | T60: 3845.939
B61: 42979 | C61: =+D61+L61 -> 48474.208 | D61: =SUM(E61:K61) -> 5378.5837 | E61: 225.07405 | F61: 1128.035 | G61: 2756.2424 | H61: 240.26555 | I61: 489.90615 | J61: 478.38254 | K61: 60.677932 | L61: =SUM(M61:T61) -> 43095.625 | M61: 10289.132 | N61: 203.53582 | O61: 378.83014 | P61: 809.76826 | Q61: 5480.1664 | R61: 21669.195 | S61: 473.78758 | T61: 3791.2092
B62: 43009 | C62: =+D62+L62 -> 48925.467 | D62: =SUM(E62:K62) -> 5413.5382 | E62: 181.49813 | F62: 1085.2212 | G62: 2854.3539 | H62: 249.64938 | I62: 498.25624 | J62: 476.58892 | K62: 67.970448 | L62: =SUM(M62:T62) -> 43511.928 | M62: 9977.9927 | N62: 213.0592 | O62: 384.51117 | P62: 805.58723 | Q62: 6154.3831 | R62: 21807.962 | S62: 461.71994 | T62: 3706.7131
B63: 43040 | C63: =+D63+L63 -> 49049.164 | D63: =SUM(E63:K63) -> 5322.5254 | E63: 190.3265 | F63: 1057.7438 | G63: 2723.0479 | H63: 246.49599 | I63: 500.09071 | J63: 468.96899 | K63: 135.85156 | L63: =SUM(M63:T63) -> 43726.638 | M63: 10036.834 | N63: 214.617 | O63: 395.12802 | P63: 809.51449 | Q63: 6044.1677 | R63: 22033.72 | S63: 469.3902 | T63: 3723.2666
B64: 43070 | C64: =+D64+L64 -> 49102.541 | D64: =SUM(E64:K64) -> 5652.0301 | E64: 193.0047 | F64: 1334.829 | G64: 2729.9846 | H64: 268.40101 | I64: 500.23454 | J64: 488.75857 | K64: 136.81762 | L64: =SUM(M64:T64) -> 43450.511 | M64: 9665.3204 | N64: 212.2756 | O64: 414.95629 | P64: 801.08435 | Q64: 6180.6879 | R64: 21983.818 | S64: 509.98872 | T64: 3682.3796
B65: 2018
B66: 43101 | C66: =+D66+L66 -> 49238.615 | D66: =SUM(E66:K66) -> 5450.4888 | E66: 166.90678 | F66: 1094.5009 | G66: 2864.2012 | H66: 271.09124 | I66: 514.3234 | J66: 471.7922 | K66: 67.673134 | L66: =SUM(M66:T66) -> 43788.126 | M66: 9743.9744 | N66: 215.19031 | O66: 416.88489 | P66: 820.12214 | Q66: 6144.8427 | R66: 22149.775 | S66: 449.26341 | T66: 3848.0731
B67: 43132 | C67: =+D67+L67 -> 49410.357 | D67: =SUM(E67:K67) -> 5407.0565 | E67: 175.85958 | F67: 1017.9109 | G67: 2791.6326 | H67: 277.46205 | I67: 523.98535 | J67: 494.98553 | K67: 125.22047 | L67: =SUM(M67:T67) -> 44003.301 | M67: 9756.9301 | N67: 212.84642 | O67: 421.83904 | P67: 793.39657 | Q67: 6203.0683 | R67: 22362.64 | S67: 470.04141 | T67: 3782.5392
B68: 43160 | C68: =+D68+L68 -> 49777.021 | D68: =SUM(E68:K68) -> 5443.7317 | E68: 187.33576 | F68: 1048.3857 | G68: 2857.9726 | H68: 262.48204 | I68: 533.96797 | J68: 485.1784 | K68: 68.409272 | L68: =SUM(M68:T68) -> 44333.289 | M68: 9860.138 | N68: 239.5863 | O68: 424.86755 | P68: 787.00497 | Q68: 6147.4112 | R68: 22421.915 | S68: 453.39878 | T68: 3998.9671
B69: 43191 | C69: =+D69+L69 -> 49965.534 | D69: =SUM(E69:K69) -> 5397.367 | E69: 203.88461 | F69: 942.29158 | G69: 2889.5613 | H69: 263.22124 | I69: 541.7799 | J69: 488.35018 | K69: 68.27817 | L69: =SUM(M69:T69) -> 44568.167 | M69: 10022.606 | N69: 238.09151 | O69: 414.46867 | P69: 795.58854 | Q69: 5913.7685 | R69: 22615.941 | S69: 490.6959 | T69: 4077.0058
B70: 43221 | C70: =+D70+L70 -> 49876.172 | D70: =SUM(E70:K70) -> 5281.1995 | E70: 174.12179 | F70: 891.31108 | G70: 2824.1877 | H70: 269.28697 | I70: 551.93737 | J70: 501.5307 | K70: 68.823859 | L70: =SUM(M70:T70) -> 44594.972 | M70: 10105.289 | N70: 255.29127 | O70: 420.18309 | P70: 796.9417 | Q70: 5758.2499 | R70: 22783.928 | S70: 474.94322 | T70: 4000.1457
B71: 43252 | C71: =+D71+L71 -> 49869.48 | D71: =SUM(E71:K71) -> 5054.5022 | E71: 214.7913 | F71: 826.1192 | G71: 2580.5789 | H71: 266.27394 | I71: 593.76141 | J71: 493.54014 | K71: 79.437268 | L71: =SUM(M71:T71) -> 44814.978 | M71: 10139.385 | N71: 254.46051 | O71: 414.50449 | P71: 790.82977 | Q71: 5813.7961 | R71: 22830.689 | S71: 490.0703 | T71: 4081.2433
B72: 43282 | C72: =+D72+L72 -> 49850.768 | D72: =SUM(E72:K72) -> 5171.5857 | E72: 201.88709 | F72: 935.06727 | G72: 2582.4143 | H72: 273.28656 | I72: 602.17767 | J72: 503.16228 | K72: 73.590556 | L72: =SUM(M72:T72) -> 44679.183 | M72: 10269.657 | N72: 252.11817 | O72: 400.51202 | P72: 792.92317 | Q72: 5511.6599 | R72: 22871.889 | S72: 484.40198 | T72: 4096.0207
B73: 43313 | C73: =+D73+L73 -> 50273.992 | D73: =SUM(E73:K73) -> 5247.6447 | E73: 210.35789 | F73: 984.48364 | G73: 2597.3062 | H73: 271.86656 | I73: 617.5667 | J73: 499.60473 | K73: 66.458937 | L73: =SUM(M73:T73) -> 45026.348 | M73: 10357.677 | N73: 255.38759 | O73: 507.65679 | P73: 799.65594 | Q73: 5520.3768 | R73: 22937.174 | S73: 532.23938 | T73: 4116.18
B74: 43344 | C74: =+D74+L74 -> 50234.115 | D74: =SUM(E74:K74) -> 5425.9853 | E74: 205.8257 | F74: 1095.5029 | G74: 2660.576 | H74: 269.39531 | I74: 633.10924 | J74: 486.61428 | K74: 74.961907 | L74: =SUM(M74:T74) -> 44808.13 | M74: 10439.345 | N74: 264.65024 | O74: 500.70099 | P74: 837.37789 | Q74: 5165.1607 | R74: 23011.336 | S74: 506.57367 | T74: 4082.9856
B75: 43374 | C75: =+D75+L75 -> 50576.601 | D75: =SUM(E75:K75) -> 5277.1393 | E75: 177.98703 | F75: 933.05248 | G75: 2720.7339 | H75: 255.04637 | I75: 626.81431 | J75: 491.28191 | K75: 72.223285 | L75: =SUM(M75:T75) -> 45299.462 | M75: 10704.602 | N75: 271.88031 | O75: 506.45132 | P75: 825.82412 | Q75: 5303.8519 | R75: 23149.541 | S75: 483.27503 | T75: 4054.0362
B76: 43405 | C76: =+D76+L76 -> 50609.672 | D76: =SUM(E76:K76) -> 5150.7271 | E76: 199.50688 | F76: 900.1621 | G76: 2584.5128 | H76: 241.79135 | I76: 663.72495 | J76: 485.99081 | K76: 75.038192 | L76: =SUM(M76:T76) -> 45458.945 | M76: 10815.425 | N76: 279.15088 | O76: 486.66942 | P76: 797.85209 | Q76: 5002.6618 | R76: 23305.708 | S76: 482.56879 | T76: 4288.9089
B77: 43435 | C77: =+D77+L77 -> 50917.752 | D77: =SUM(E77:K77) -> 5543.8335 | E77: 233.91301 | F77: 996.54536 | G77: 2840.143 | H77: 268.91532 | I77: 655.26517 | J77: 471.55922 | K77: 77.49248 | L77: =SUM(M77:T77) -> 45373.918 | M77: 10388.884 | N77: 291.97368 | O77: 499.98047 | P77: 793.33346 | Q77: 5399.9571 | R77: 23263.496 | S77: 506.01559 | T77: 4230.2781
B78: 2019
B79: 43466 | C79: =+D79+L79 -> 50702.886 | D79: =SUM(E79:K79) -> 5437.1281 | E79: 201.45978 | F79: 914.66718 | G79: 2803.046 | H79: 260.13841 | I79: 676.8607 | J79: 491.47805 | K79: 89.478034 | L79: =SUM(M79:T79) -> 45265.758 | M79: 10553.852 | N79: 289.08269 | O79: 476.00794 | P79: 819.42414 | Q79: 5066.8452 | R79: 23338.525 | S79: 472.28419 | T79: 4249.7372
B80: 43497 | C80: =+D80+L80 -> 51002.778 | D80: =SUM(E80:K80) -> 5382.052 | E80: 209.47117 | F80: 930.79708 | G80: 2740.8088 | H80: 256.81188 | I80: 650.1243 | J80: 500.1896 | K80: 93.849096 | L80: =SUM(M80:T80) -> 45620.726 | M80: 10562.817 | N80: 288.03959 | O80: 495.82478 | P80: 820.0441 | Q80: 5181.1849 | R80: 23489.977 | S80: 500.94709 | T80: 4281.8912
B81: 43525 | C81: =+D81+L81 -> 51392.642 | D81: =SUM(E81:K81) -> 5627.6882 | E81: 228.68712 | F81: 995.13838 | G81: 2872.7273 | H81: 258.06382 | I81: 660.40036 | J81: 504.65285 | K81: 108.01841 | L81: =SUM(M81:T81) -> 45764.954 | M81: 10664.766 | N81: 298.51755 | O81: 503.74483 | P81: 815.10403 | Q81: 5159.5485 | R81: 23568.738 | S81: 500.81305 | T81: 4253.7221
B82: 43556 | C82: =+D82+L82 -> 51416.953 | D82: =SUM(E82:K82) -> 5565.4196 | E82: 216.48994 | F82: 1058.5433 | G82: 2790.3133 | H82: 254.58244 | I82: 645.28344 | J82: 515.19541 | K82: 85.011767 | L82: =SUM(M82:T82) -> 45851.533 | M82: 10794.788 | N82: 299.482 | O82: 500.54578 | P82: 798.71154 | Q82: 4824.9742 | R82: 23742.318 | S82: 512.79406 | T82: 4377.9198
B83: 43586 | C83: =+D83+L83 -> 51550.217 | D83: =SUM(E83:K83) -> 5390.9383 | E83: 211.1802 | F83: 1012.2971 | G83: 2684.6713 | H83: 263.59612 | I83: 628.28064 | J83: 506.18676 | K83: 84.726165 | L83: =SUM(M83:T83) -> 46159.279 | M83: 10769.501 | N83: 307.88672 | O83: 500.74058 | P83: 781.17601 | Q83: 4700.0901 | R83: 23935.341 | S83: 624.22885 | T83: 4540.3145
B84: 43617 | C84: =+D84+L84 -> 51962.389 | D84: =SUM(E84:K84) -> 5379.1616 | E84: 240.81601 | F84: 1114.0303 | G84: 2551.8755 | H84: 260.48612 | I84: 615.80542 | J84: 512.79702 | K84: 83.351178 | L84: =SUM(M84:T84) -> 46583.227 | M84: 11045.898 | N84: 313.91408 | O84: 589.67461 | P84: 797.92153 | Q84: 4893.7626 | R84: 24014.768 | S84: 524.50449 | T84: 4402.7841
B85: 43647 | C85: =+D85+L85 -> 52194.336 | D85: =SUM(E85:K85) -> 5596.9092 | E85: 242.47694 | F85: 1122.037 | G85: 2737.1881 | H85: 277.0946 | I85: 600.0005 | J85: 513.66951 | K85: 104.44255 | L85: =SUM(M85:T85) -> 46597.426 | M85: 10958.511 | N85: 322.06181 | O85: 587.80065 | P85: 793.25455 | Q85: 5087.3689 | R85: 24054.553 | S85: 536.67141 | T85: 4257.2058
B86: 43678 | C86: =+D86+L86 -> 52554.132 | D86: =SUM(E86:K86) -> 5554.8305 | E86: 235.98181 | F86: 1051.0135 | G86: 2750.178 | H86: 295.30201 | I86: 609.70964 | J86: 512.20617 | K86: 100.43938 | L86: =SUM(M86:T86) -> 46999.301 | M86: 11133.537 | N86: 336.19537 | O86: 586.20377 | P86: 782.32398 | Q86: 5248.1839 | R86: 24167.4 | S86: 496.45259 | T86: 4249.005
B87: 43709 | C87: =+D87+L87 -> 52850.801 | D87: =SUM(E87:K87) -> 5458.5517 | E87: 208.98241 | F87: 1033.1007 | G87: 2704.5807 | H87: 303.22063 | I87: 616.6247 | J87: 512.98834 | K87: 79.054299 | L87: =SUM(M87:T87) -> 47392.249 | M87: 11446.049 | N87: 351.67558 | O87: 570.99469 | P87: 824.10016 | Q87: 5286.2943 | R87: 24167.397 | S87: 522.64327 | T87: 4223.0953
B88: 43739 | C88: =+D88+L88 -> 53302.236 | D88: =SUM(E88:K88) -> 5579.0387 | E88: 171.65801 | F88: 1061.0652 | G88: 2835.0741 | H88: 286.04513 | I88: 634.64435 | J88: 511.88664 | K88: 78.665307 | L88: =SUM(M88:T88) -> 47723.198 | M88: 11599.124 | N88: 358.04979 | O88: 574.23685 | P88: 813.65438 | Q88: 5329.1638 | R88: 24333.005 | S88: 502.96817 | T88: 4212.9955
B89: 43770 | C89: =+D89+L89 -> 53314.671 | D89: =SUM(E89:K89) -> 5419.4737 | E89: 211.70318 | F89: 1087.2235 | G89: 2653.4492 | H89: 260.22019 | I89: 626.56169 | J89: 513.63185 | K89: 66.684141 | L89: =SUM(M89:T89) -> 47895.197 | M89: 11805.226 | N89: 364.62242 | O89: 579.21419 | P89: 818.87067 | Q89: 5227.0106 | R89: 24290.9 | S89: 489.69272 | T89: 4319.6602
B90: 43800 | C90: =+D90+L90 -> 53642.048 | D90: =SUM(E90:K90) -> 5579.0867 | E90: 204.23539 | F90: 1091.0725 | G90: 2725.7559 | H90: 259.77047 | I90: 674.39803 | J90: 542.49211 | K90: 81.362306 | L90: =SUM(M90:T90) -> 48062.961 | M90: 11354.634 | N90: 357.16916 | O90: 551.01766 | P90: 847.47791 | Q90: 5874.3258 | R90: 24275.241 | S90: 531.05168 | T90: 4272.0448
B91: 2020
B92: 43831 | C92: =+D92+L92 -> 53451.061 | D92: =SUM(E92:K92) -> 5476.1027 | E92: 177.43288 | F92: 1076.3574 | G92: 2699.9457 | H92: 246.70382 | I92: 652.69971 | J92: 543.99546 | K92: 78.9678 | L92: =SUM(M92:T92) -> 47974.958 | M92: 11296.867 | N92: 347.54769 | O92: 557.30228 | P92: 887.16019 | Q92: 5701.0359 | R92: 24394.014 | S92: 500.26183 | T92: 4290.7694
B93: 43862 | C93: =+D93+L93 -> 53901.052 | D93: =SUM(E93:K93) -> 5732.9463 | E93: 214.17549 | F93: 1240.2089 | G93: 2687.9341 | H93: 271.27223 | I93: 673.9815 | J93: 543.5042 | K93: 101.8699 | L93: =SUM(M93:T93) -> 48168.106 | M93: 11292.487 | N93: 354.47894 | O93: 561.50137 | P93: 927.6059 | Q93: 5606.3048 | R93: 24573.202 | S93: 501.15469 | T93: 4351.3707
B94: 43891 | C94: =+D94+L94 -> 54434.326 | D94: =SUM(E94:K94) -> 5638.5339 | E94: 201.16546 | F94: 1073.9853 | G94: 2816.6486 | H94: 266.95913 | I94: 640.98606 | J94: 531.18655 | K94: 107.60281 | L94: =SUM(M94:T94) -> 48795.793 | M94: 11517.694 | N94: 369.60891 | O94: 569.48967 | P94: 954.90493 | Q94: 5095.876 | R94: 24798.945 | S94: 1152.4555 | T94: 4336.8179
B95: 43922 | C95: =+D95+L95 -> 53832.378 | D95: =SUM(E95:K95) -> 5417.2439 | E95: 226.81179 | F95: 958.88598 | G95: 2682.151 | H95: 278.944 | I95: 631.35518 | J95: 532.51055 | K95: 106.58545 | L95: =SUM(M95:T95) -> 48415.134 | M95: 11895.55 | N95: 381.72384 | O95: 581.09295 | P95: 956.57041 | Q95: 4658.6881 | R95: 24924.041 | S95: 843.27969 | T95: 4174.1893
B96: 43952 | C96: =+D96+L96 -> 53651.361 | D96: =SUM(E96:K96) -> 5478.8717 | E96: 196.95917 | F96: 1102.3395 | G96: 2691.5912 | H96: 261.97025 | I96: 610.17784 | J96: 522.88354 | K96: 92.950306 | L96: =SUM(M96:T96) -> 48172.489 | M96: 11797.272 | N96: 386.07243 | O96: 582.26124 | P96: 954.81494 | Q96: 4461.8572 | R96: 25067.092 | S96: 688.61807 | T96: 4234.5005
B97: 43983 | C97: =+D97+L97 -> 54108.354 | D97: =SUM(E97:K97) -> 5261.4785 | E97: 179.53736 | F97: 1096.1754 | G97: 2513.4875 | H97: 232.47593 | I97: 610.15778 | J97: 534.93891 | K97: 94.705578 | L97: =SUM(M97:T97) -> 48846.875 | M97: 11911.942 | N97: 381.135 | O97: 577.04916 | P97: 942.0982 | Q97: 4949.8944 | R97: 25278.465 | S97: 553.03491 | T97: 4253.256
B98: 44013 | C98: =+D98+L98 -> 54826.053 | D98: =SUM(E98:K98) -> 5420.07 | E98: 177.55139 | F98: 1064.0709 | G98: 2688.1214 | H98: 224.54767 | I98: 610.37715 | J98: 545.01255 | K98: 110.38899 | L98: =SUM(M98:T98) -> 49405.983 | M98: 11830.724 | N98: 385.90249 | O98: 584.81664 | P98: 955.32811 | Q98: 5008.7551 | R98: 25591.861 | S98: 675.70564 | T98: 4372.8898
B99: 44044 | C99: =+D99+L99 -> 55274.604 | D99: =SUM(E99:K99) -> 5601.9495 | E99: 198.7269 | F99: 1168.0288 | G99: 2747.1653 | H99: 219.35668 | I99: 613.10661 | J99: 545.70678 | K99: 109.85844 | L99: =SUM(M99:T99) -> 49672.654 | M99: 11659.634 | N99: 383.55906 | O99: 579.40184 | P99: 962.96695 | Q99: 5602.3177 | R99: 25690.268 | S99: 588.16024 | T99: 4206.3463
B100: 44075 | C100: =+D100+L100 -> 55775.3 | D100: =SUM(E100:K100) -> 5746.4096 | E100: 206.72966 | F100: 1233.9379 | G100: 2802.1389 | H100: 221.10137 | I100: 625.50376 | J100: 564.23761 | K100: 92.760387 | L100: =SUM(M100:T100) -> 50028.891 | M100: 11645.712 | N100: 384.66266 | O100: 575.03885 | P100: 982.21164 | Q100: 6013.0537 | R100: 25704.39 | S100: 566.96115 | T100: 4156.8615
B101: 44105 | C101: =+D101+L101 -> 55958.395 | D101: =SUM(E101:K101) -> 5644.199 | E101: 215.57865 | F101: 1194.8503 | G101: 2745.7673 | H101: 226.62586 | I101: 610.77327 | J101: 560.74994 | K101: 89.853729 | L101: =SUM(M101:T101) -> 50314.196 | M101: 11651.696 | N101: 390.48525 | O101: 570.46312 | P101: 1013.75 | Q101: 6103.0812 | R101: 25795.785 | S101: 580.58228 | T101: 4208.3536
B102: 44136 | C102: =+D102+L102 -> 56502.344 | D102: =SUM(E102:K102) -> 5825.6583 | E102: 252.9788 | F102: 1215.0865 | G102: 2881.8507 | H102: 222.12065 | I102: 605.08526 | J102: 557.34257 | K102: 91.193737 | L102: =SUM(M102:T102) -> 50676.685 | M102: 12008.854 | N102: 400.11189 | O102: 578.39931 | P102: 979.9802 | Q102: 6082.2291 | R102: 25813.767 | S102: 589.65083 | T102: 4223.6925
B103: 44166 | C103: =+D103+L103 -> 57037.963 | D103: =SUM(E103:K103) -> 6290.1312 | E103: 271.23311 | F103: 1569.4955 | G103: 2924.5879 | H103: 219.59328 | I103: 612.75676 | J103: 581.56114 | K103: 110.90362 | L103: =SUM(M103:T103) -> 50747.831 | M103: 11916.709 | N103: 401.61153 | O103: 571.52837 | P103: 1005.458 | Q103: 6300.0991 | R103: 25771.866 | S103: 557.11641 | T103: 4223.4426
...

Sheet 6b
C2: Financial Sector Statistics | H2: Table (6b) جدول | R2: إحصاءات القطاع المالي
H3: الميزانية الموحدة لشركات الإيداع الأخرى (المطلوبات)
H4: Consolidated Balance Sheet of Other Depository Corporations (Liabilities) | U4: مليون دينار JD million
D6: المطلوبات | E6: الودائع القابلة للتحويل المتضمنة في السيولة المحلية | K6: الودائع الأخرى المتضمنة في السيولة المحلية | Q6: ودائع الحكومة المركزية | R6: اقتراض من البنك المركزي | S6: المطلوبات الأجنبية | T6: حسابات رأس المال | U6: المطلوبات الأخرى
E7: Transferable Deposits Included in Broad Money | K7: Other Deposits Included in Broad Money
F8: الشركات المالية الأخرى | G8: البلديات | H8: الشركات العامة غير المالية | I8: مؤسسة الضمان الاجتماعي | J8: القطاع الخاص (مقيم) | L8: الشركات المالية الأخرى | M8: البلديات | N8: الشركات العامة غير المالية | O8: مؤسسة الضمان الاجتماعي | P8: القطاع الخاص (مقيم)
D10: Liabilities | F10: Other Financial Corpor-ations | G10: Municip-alities | H10: Public Nonf-inancial Corpora-tions | I10: Social Security Corp-oration | J10: Private Sector Resident | L10: Other Financial Corp-orations | M10: Munici-palities | N10: Public Nonfin-ancial Corpor-ations | O10: Social Security Corporation | P10: Private Sector (Resident) | Q10: Central Gover-nment Deposits | R10: Credit from Central Bank | S10: Foreign Liabilities | T10: Capital Accounts | U10: Unclassified Liabilities
C11: الفترة Period
C12: 2014 | D12: =E12+Q12+R12+S12+T12+U12+K12 -> 44868.144 | E12: =SUM(F12:J12) -> 7793.1535 | F12: 87.92214 | G12: 24.196638 | H12: 93.579653 | I12: 66.467381 | J12: 7520.9877 | K12: =SUM(L12:P12) -> 17635.23 | L12: 272.51522 | M12: 29.055816 | N12: 152.37219 | O12: 725.41613 | P12: 16455.87 | Q12: 1379.9987 | R12: 645.56339 | S12: 6729.9312 | T12: 5286.8113 | U12: 5397.456
C13: 2015 | D13: 47133.172 | E13: 8556.0454 | F13: 98.154917 | G13: 17.223452 | H13: 129.01422 | I13: 77.016266 | J13: 8234.6365 | K13: 19110.656 | L13: 345.02646 | M13: 37.281148 | N13: 223.37452 | O13: 939.89135 | P13: 17565.083 | Q13: 1293.2411 | R13: 500.56032 | S13: 6662.9426 | T13: 5645.0801 | U13: 5364.6468
C14: 2016 | D14: 48383.547 | E14: 9062.0993 | F14: 68.307152 | G14: 24.238794 | H14: 67.231439 | I14: 180.46319 | J14: 8721.8587 | K14: 19616.222 | L14: 317.17295 | M14: 38.191345 | N14: 255.94913 | O14: 773.86544 | P14: 18231.043 | Q14: 1130.225 | R14: 499.2929 | S14: 6430.4441 | T14: 5824.6074 | U14: 5820.6562
C15: 2017 | D15: 49102.541 | E15: 8561.7513 | F15: 65.386367 | G15: 21.574257 | H15: 54.399761 | I15: 66.542722 | J15: 8353.8482 | K15: 20044.385 | L15: 244.14147 | M15: 58.241573 | N15: 196.01096 | O15: 983.58221 | P15: 18562.409 | Q15: 955.90018 | R15: 527.36084 | S15: 6795.5085 | T15: 6107.848 | U15: 6109.7872
C16: 2018 | D16: 50917.752 | E16: 8052.0423 | F16: 111.23105 | G16: 25.269562 | H16: 43.452786 | I16: 73.443187 | J16: 7798.6457 | K16: 21006.998 | L16: 278.90493 | M16: 50.713271 | N16: 202.23904 | O16: 1329.2944 | P16: 19145.846 | Q16: 946.76767 | R16: 753.84929 | S16: 7315.0778 | T16: 6057.2654 | U16: 6785.7518
C17: 2019 | D17: 53642.048 | E17: 8226.3091 | F17: 69.891319 | G17: 12.731547 | H17: 51.932649 | I17: 50.982469 | J17: 8040.7712 | K17: 22110.433 | L17: 309.18839 | M17: 38.338711 | N17: 183.30509 | O17: 1328.29 | P17: 20251.311 | Q17: 912.47437 | R17: 880.17962 | S17: 8031.0871 | T17: 6168.9838 | U17: 7312.5805
C18: 2020 | D18: 57037.963 | E18: 9069.3575 | F18: 71.593305 | G18: 9.7397845 | H18: 90.993349 | I18: 143.23576 | J18: 8753.7953 | K18: 21998.36 | L18: 339.73143 | M18: 18.821119 | N18: 172.41463 | O18: 1370.0779 | P18: 20097.315 | Q18: 944.93323 | R18: 1622.8887 | S18: 9519.8162 | T18: 6428.6966 | U18: 7453.9107
C19: 2021 | D19: 61057.724 | E19: 9940.6979 | F19: 57.803194 | G19: 5.2635293 | H19: 93.599722 | I19: 117.45465 | J19: 9666.5768 | K19: 23329.4 | L19: 404.60511 | M19: 19.552979 | N19: 185.64638 | O19: 1397.9535 | P19: 21321.642 | Q19: 985.8644 | R19: 1737.2259 | S19: 10592.582 | T19: 6593.2548 | U19: 7878.6992
C20: 2022 | D20: 64145.305 | E20: 9999.7308 | F20: 69.558285 | G20: 8.2067833 | H20: 56.107983 | I20: 64.376684 | J20: 9801.4811 | K20: 25634.347 | L20: 408.20881 | M20: 15.582484 | N20: 234.70823 | O20: 1571.0845 | P20: 23404.763 | Q20: 1174.6413 | R20: 1690.5783 | S20: 10387.335 | T20: 6755.816 | U20: 8502.8567
C21: 2023 | D21: =E21+Q21+R21+S21+T21+U21+K21 -> 66175.778 | E21: =SUM(F21:J21) -> 9450.755 | F21: 109.21644 | G21: 6.0817184 | H21: 52.569988 | I21: 79.681779 | J21: 9203.2051 | K21: =SUM(L21:P21) -> 27376.503 | L21: 403.93066 | M21: 5.6545547 | N21: 285.80911 | O21: 1721.3616 | P21: 24959.747 | Q21: 1215.7206 | R21: 1459.0252 | S21: 10661.407 | T21: 7263.8723 | U21: 8748.4946
C22: 2024 | D22: 69853.314 | E22: 9698.6745 | F22: 114.70199 | G22: 9.75339 | H22: 55.088231 | I22: 67.49126 | J22: 9451.6396 | K22: 29439.838 | L22: 451.69989 | M22: 1.9184148 | N22: 283.64279 | O22: 1849.7864 | P22: 26852.79 | Q22: 1326.4943 | R22: 1387.5146 | S22: 11435.595 | T22: 7555.683 | U22: 9009.5143
C23: 2025* | D23: =E23+Q23+R23+S23+T23+U23+K23 -> 74112.341 | E23: =SUM(F23:J23) -> 10346.612 | F23: =F168 -> 190.03 | G23: =G168 -> 9.353 | H23: =H168 -> 83.888 | I23: =I168 -> 84.661 | J23: =J168 -> 9978.68 | K23: =SUM(L23:P23) -> 30959.872 | L23: =L168 -> 539.18 | M23: =M168 -> 3.665 | N23: =N168 -> 337.347 | O23: =O168 -> 1728.721 | P23: =P168 -> 28350.959 | Q23: =Q168 -> 1635.155 | R23: =R168 -> 1444.786 | S23: =S168 -> 12430.755 | ... U23: =U168 -> 9303.013
C24: 2014
C25: 41974 | D25: =E25+Q25+R25+S25+T25+U25+K25 -> 44868.144 | E25: =SUM(F25:J25) -> 7793.1535 | F25: 87.92214 | G25: 24.196638 | H25: 93.579653 | I25: 66.467381 | J25: 7520.9877 | K25: =SUM(L25:P25) -> 17635.23 | L25: 272.51522 | M25: 29.055816 | N25: 152.37219 | O25: 725.41613 | P25: 16455.87 | Q25: 1379.9987 | R25: 645.56339 | S25: 6729.9312 | T25: 5286.8113 | U25: 5397.456
C26: 2015
C27: 42005 | D27: =E27+Q27+R27+S27+T27+U27+K27 -> 45490.24 | E27: =SUM(F27:J27) -> 8259.1185 | F27: 86.456574 | G27: 30.424465 | H27: 109.97989 | I27: 160.26415 | J27: 7871.9934 | K27: =SUM(L27:P27) -> 17737.519 | L27: 278.48028 | M27: 29.622738 | N27: 180.40315 | O27: 668.12559 | P27: 16580.887 | Q27: 1438.2166 | R27: 648.5625 | S27: 6652.9756 | T27: 5429.0171 | U27: 5324.8311
C28: 42036 | D28: =E28+Q28+R28+S28+T28+U28+K28 -> 45640.092 | E28: =SUM(F28:J28) -> 8049.0572 | F28: 93.369446 | G28: 36.528308 | H28: 111.82458 | I28: 173.6415 | J28: 7633.6934 | K28: =SUM(L28:P28) -> 18084.063 | L28: 305.36042 | M28: 29.573502 | N28: 187.74403 | O28: 788.03742 | P28: 16773.348 | Q28: 1431.1109 | R28: 641.85484 | S28: 6752.6255 | T28: 5389.2197 | U28: 5292.1607
C29: 42064 | D29: =E29+Q29+R29+S29+T29+U29+K29 -> 45515.05 | E29: =SUM(F29:J29) -> 8031.0271 | F29: 90.778731 | G29: 41.990921 | H29: 82.504727 | I29: 143.33489 | J29: 7672.4179 | K29: =SUM(L29:P29) -> 18146.834 | L29: 318.6692 | M29: 30.386295 | N29: 210.4919 | O29: 877.03314 | P29: 16710.253 | Q29: 1452.1305 | R29: 496.52552 | S29: 6748.5512 | T29: 5384.9715 | U29: 5255.0106
C30: 42095 | D30: =E30+Q30+R30+S30+T30+U30+K30 -> 46047.484 | E30: =SUM(F30:J30) -> 8114.0162 | F30: 118.38294 | G30: 30.111309 | H30: 93.949839 | I30: 211.4716 | J30: 7660.1005 | K30: =SUM(L30:P30) -> 18430.932 | L30: 289.36825 | M30: 29.302459 | N30: 198.42923 | O30: 884.67941 | P30: 17029.153 | Q30: 1376.8079 | R30: 498.77943 | S30: 6873.5386 | T30: 5324.8542 | U30: 5428.5558
C31: 42125 | D31: =E31+Q31+R31+S31+T31+U31+K31 -> 46007.457 | E31: =SUM(F31:J31) -> 8240.0468 | F31: 117.26417 | G31: 35.219926 | H31: 100.91456 | I31: 262.93496 | J31: 7723.7132 | K31: =SUM(L31:P31) -> 18466.907 | L31: 300.645 | M31: 29.519828 | N31: 205.18605 | O31: 876.34751 | P31: 17055.209 | Q31: 1379.2779 | R31: 496.21103 | S31: 6797.2756 | T31: 5307.0951 | U31: 5320.643
C32: 42156 | D32: =E32+Q32+R32+S32+T32+U32+K32 -> 46410.567 | E32: =SUM(F32:J32) -> 8296.8687 | F32: 89.604278 | G32: 17.851328 | H32: 103.06222 | I32: 226.56065 | J32: 7859.7902 | K32: =SUM(L32:P32) -> 18469.628 | L32: 297.00978 | M32: 40.155104 | N32: 194.40293 | O32: 900.35968 | P32: 17037.7 | Q32: 1368.9615 | R32: 559.92341 | S32: 7046.5942 | T32: 5344.8299 | U32: 5323.7617
C33: 42186 | D33: =E33+Q33+R33+S33+T33+U33+K33 -> 46494.337 | E33: =SUM(F33:J33) -> 8444.7165 | F33: 99.150085 | G33: 12.243534 | H33: 97.423471 | I33: 258.87384 | J33: 7977.0255 | K33: =SUM(L33:P33) -> 18492.947 | L33: 292.43872 | M33: 39.089741 | N33: 190.26214 | O33: 928.39099 | P33: 17042.766 | Q33: 1376.5002 | R33: 504.03357 | S33: 6979.6448 | T33: 5398.4583 | U33: 5298.0368
C34: 42217 | D34: =E34+Q34+R34+S34+T34+U34+K34 -> 46687.64 | E34: =SUM(F34:J34) -> 8606.5138 | F34: 96.979113 | G34: 12.472843 | H34: 115.64404 | I34: 281.06038 | J34: 8100.3574 | K34: =SUM(L34:P34) -> 18517.806 | L34: 316.6667 | M34: 34.809478 | N34: 203.42869 | O34: 921.37961 | P34: 17041.522 | Q34: 1325.8245 | R34: 478.0655 | S34: 6897.1686 | T34: 5452.0446 | U34: 5410.2171
C35: 42248 | D35: =E35+Q35+R35+S35+T35+U35+K35 -> 46917.304 | E35: =SUM(F35:J35) -> 8473.6824 | F35: 78.341205 | G35: 17.40334 | H35: 109.51057 | I35: 58.883515 | J35: 8209.5438 | K35: =SUM(L35:P35) -> 18653.315 | L35: 359.35602 | M35: 33.711672 | N35: 224.74185 | O35: 1013.0224 | P35: 17022.483 | Q35: 1326.1866 | R35: 480.51305 | S35: 7116.0705 | T35: 5478.9826 | U35: 5388.5543
C36: 42278 | D36: =E36+Q36+R36+S36+T36+U36+K36 -> 46865.763 | E36: =SUM(F36:J36) -> 8508.3397 | F36: 83.910869 | G36: 16.301082 | H36: 113.69874 | I36: 108.83385 | J36: 8185.5951 | K36: =SUM(L36:P36) -> 18799.429 | L36: 370.17108 | M36: 30.494866 | N36: 203.44942 | O36: 980.64641 | P36: 17214.667 | Q36: 1392.0482 | R36: 397.83007 | S36: 6919.5533 | T36: 5528.7593 | U36: 5319.8036
C37: 42309 | D37: =E37+Q37+R37+S37+T37+U37+K37 -> 47016.946 | E37: =SUM(F37:J37) -> 8488.5381 | F37: 84.020182 | G37: 14.978089 | H37: 110.57936 | I37: 52.339163 | J37: 8226.6213 | K37: =SUM(L37:P37) -> 18914.577 | L37: 337.08445 | M37: 26.253105 | N37: 225.78208 | O37: 947.78987 | P37: 17377.667 | Q37: 1316.0518 | R37: 405.53511 | S37: 6933.935 | T37: 5595.22 | U37: 5363.0892
C38: 42339 | D38: =E38+Q38+R38+S38+T38+U38+K38 -> 47133.172 | E38: =SUM(F38:J38) -> 8556.0454 | F38: 98.154917 | G38: 17.223452 | H38: 129.01422 | I38: 77.016266 | J38: 8234.6365 | K38: =SUM(L38:P38) -> 19110.656 | L38: 345.02646 | M38: 37.281148 | N38: 223.37452 | O38: 939.89135 | P38: 17565.083 | Q38: 1293.2411 | R38: 500.56032 | S38: 6662.9426 | T38: 5645.0801 | U38: 5364.6468
C39: 2016
C40: 42370 | D40: =E40+Q40+R40+S40+T40+U40+K40 -> 47361.378 | E40: =SUM(F40:J40) -> 8463.9458 | F40: 81.505498 | G40: 18.670731 | H40: 123.67092 | I40: 70.493457 | J40: 8169.6052 | K40: =SUM(L40:P40) -> 19167.837 | L40: 333.08374 | M40: 36.137409 | N40: 271.05638 | O40: 870.10505 | P40: 17657.454 | Q40: 1320.7111 | R40: 451.25575 | S40: 6949.8171 | T40: 5581.0931 | U40: 5426.7185
C41: 42401 | D41: =E41+Q41+R41+S41+T41+U41+K41 -> 47390.832 | E41: =SUM(F41:J41) -> 8670.5465 | F41: 65.911764 | G41: 23.950525 | H41: 121.67825 | I41: 237.44977 | J41: 8221.5562 | K41: =SUM(L41:P41) -> 19166.996 | L41: 335.99368 | M41: 36.189725 | N41: 302.37784 | O41: 879.36587 | P41: 17613.069 | Q41: 1285.6905 | R41: 457.76198 | S41: 6797.5414 | T41: 5636.5953 | U41: 5375.7
C42: 42430 | D42: =E42+Q42+R42+S42+T42+U42+K42 -> 47376.713 | E42: =SUM(F42:J42) -> 8806.7021 | F42: 67.410712 | G42: 20.4614 | H42: 127.91045 | I42: 330.97957 | J42: 8259.94 | K42: =SUM(L42:P42) -> 19198.05 | L42: 324.54515 | M42: 28.920519 | N42: 299.94551 | O42: 869.407 | P42: 17675.232 | Q42: 1307.9909 | R42: 413.17073 | S42: 6754.5263 | T42: 5687.8713 | U42: 5208.4014
C43: 42461 | D43: =E43+Q43+R43+S43+T43+U43+K43 -> 47330.312 | E43: =SUM(F43:J43) -> 8675.9392 | F43: 75.821057 | G43: 17.731226 | H43: 86.648043 | I43: 124.57579 | J43: 8371.1631 | K43: =SUM(L43:P43) -> 19300.613 | L43: 357.50285 | M43: 33.137082 | N43: 342.17719 | O43: 874.72754 | P43: 17693.068 | Q43: 1247.0378 | R43: 447.16792 | S43: 6742.118 | T43: 5522.5831 | U43: 5394.8527
C44: 42491 | D44: =E44+Q44+R44+S44+T44+U44+K44 -> 47234.29 | E44: =SUM(F44:J44) -> 8546.6041 | F44: 58.254061 | G44: 16.808113 | H44: 84.215478 | I44: 166.23274 | J44: 8221.0937 | K44: =SUM(L44:P44) -> 19347.285 | L44: 369.73394 | M44: 31.049526 | N44: 325.24957 | O44: 915.07845 | P44: 17706.174 | Q44: 1221.5331 | R44: 428.14858 | S44: 6811.5561 | T44: 5531.5322 | U44: 5347.6305
C45: 42522 | D45: =E45+Q45+R45+S45+T45+U45+K45 -> 47551.249 | E45: =SUM(F45:J45) -> 8518.6909 | F45: 73.258608 | G45: 15.426087 | H45: 78.478276 | I45: 81.438658 | J45: 8270.0893 | K45: =SUM(L45:P45) -> 19263.069 | L45: 363.42249 | M45: 20.891244 | N45: 352.93385 | O45: 970.82094 | P45: 17555 | Q45: 1417.8009 | R45: 456.4121 | S45: 6925.001 | T45: 5549.3839 | U45: 5420.8914
C46: 42552 | D46: =E46+Q46+R46+S46+T46+U46+K46 -> 47577.72 | E46: =SUM(F46:J46) -> 8708.5075 | F46: 62.16345 | G46: 15.746346 | H46: 89.400442 | I46: 95.193177 | J46: 8446.0041 | K46: =SUM(L46:P46) -> 19288.81 | L46: 296.92381 | M46: 16.400972 | N46: 349.45215 | O46: 954.78364 | P46: 17671.25 | Q46: 1413.4156 | R46: 432.94102 | S46: 6738.1135 | T46: 5605.3185 | U46: 5390.6132
C47: 42583 | D47: =E47+Q47+R47+S47+T47+U47+K47 -> 47697.968 | E47: =SUM(F47:J47) -> 8874.4898 | F47: 54.169206 | G47: 15.796819 | H47: 77.778218 | I47: 111.62213 | J47: 8615.1234 | K47: =SUM(L47:P47) -> 19425.083 | L47: 318.8647 | M47: 15.838009 | N47: 341.20895 | O47: 971.04537 | P47: 17778.126 | Q47: 1269.1311 | R47: 443.00056 | S47: 6658.7798 | T47: 5637.9864 | U47: 5389.497
C48: 42614 | D48: =E48+Q48+R48+S48+T48+U48+K48 -> 48003.296 | E48: =SUM(F48:J48) -> 9016.6964 | F48: 66.362303 | G48: 14.475847 | H48: 103.85801 | I48: 85.676384 | J48: 8746.3238 | K48: =SUM(L48:P48) -> 19375.461 | L48: 309.04633 | M48: 12.561673 | N48: 321.74245 | O48: 968.45275 | P48: 17763.657 | Q48: 1232.1284 | R48: 467.47888 | S48: 6795.6843 | T48: 5668.239 | U48: 5447.609
C49: 42644 | D49: =E49+Q49+R49+S49+T49+U49+K49 -> 47570.167 | E49: =SUM(F49:J49) -> 8861.4462 | F49: 75.509477 | G49: 14.362004 | H49: 104.42269 | I49: 82.577273 | J49: 8584.5748 | K49: =SUM(L49:P49) -> 19415.024 | L49: 289.93345 | M49: 9.606153 | N49: 321.90032 | O49: 797.2495 | P49: 17996.335 | Q49: 1229.7223 | R49: 468.23666 | S49: 6406.9131 | T49: 5711.6687 | U49: 5477.1558
C50: 42675 | D50: =E50+Q50+R50+S50+T50+U50+K50 -> 47814.937 | E50: =SUM(F50:J50) -> 8848.1313 | F50: 76.903585 | G50: 13.890993 | H50: 101.0195 | I50: 86.746066 | J50: 8569.5711 | K50: =SUM(L50:P50) -> 19429.397 | L50: 296.88233 | M50: 8.8679675 | N50: 311.7414 | O50: 712.29577 | P50: 18099.61 | Q50: 1203.6825 | R50: 490.89309 | S50: 6530.6147 | T50: 5779.7193 | U50: 5532.4992
C51: 42705 | D51: =E51+Q51+R51+S51+T51+U51+K51 -> 48383.547 | E51: =SUM(F51:J51) -> 9062.0993 | F51: 68.307152 | G51: 24.238794 | H51: 67.231439 | I51: 180.46319 | J51: 8721.8587 | K51: =SUM(L51:P51) -> 19616.222 | L51: 317.17295 | M51: 38.191345 | N51: 255.94913 | O51: 773.86544 | P51: 18231.043 | Q51: 1130.225 | R51: 499.2929 | S51: 6430.4441 | T51: 5824.6074 | U51: 5820.6562
C52: 2017
C53: 42736 | D53: =E53+Q53+R53+S53+T53+U53+K53 -> 47982.26 | E53: =SUM(F53:J53) -> 8683.8971 | F53: 83.741238 | G53: 35.207295 | H53: 79.30939 | I53: 102.0185 | J53: 8383.6207 | K53: =SUM(L53:P53) -> 19792.949 | L53: 341.36027 | M53: 38.758214 | N53: 249.46114 | O53: 790.27711 | P53: 18373.092 | Q53: 1086.9701 | R53: 631.71394 | S53: 6497.4412 | T53: 5784.8249 | U53: 5504.4637
C54: 42767 | D54: =E54+Q54+R54+S54+T54+U54+K54 -> 47526.977 | E54: =SUM(F54:J54) -> 8677.4397 | F54: 76.881855 | G54: 27.360888 | H54: 89.25868 | I54: 87.947051 | J54: 8395.9912 | K54: =SUM(L54:P54) -> 19101.254 | L54: 294.7053 | M54: 48.340426 | N54: 215.5236 | O54: 784.85068 | P54: 17757.834 | Q54: 1115.8021 | R54: 510.24056 | S54: 6533.3209 | T54: 5842.432 | U54: 5746.4878
C55: 42795 | D55: =E55+Q55+R55+S55+T55+U55+K55 -> 47651.09 | E55: =SUM(F55:J55) -> 8604.294 | F55: 65.4974 | G55: 22.788062 | H55: 66.063548 | I55: 82.223583 | J55: 8367.7214 | K55: =SUM(L55:P55) -> 19191.508 | L55: 299.91466 | M55: 52.024567 | N55: 222.80284 | O55: 870.10199 | P55: 17746.664 | Q55: 1104.5503 | R55: 502.67927 | S55: 6612.0067 | T55: 5904.3084 | U55: 5731.7439
C56: 42826 | D56: =E56+Q56+R56+S56+T56+U56+K56 -> 47749.883 | E56: =SUM(F56:J56) -> 8748.9559 | F56: 79.881534 | G56: 18.335738 | H56: 57.386442 | I56: 78.677944 | J56: 8514.6742 | K56: =SUM(L56:P56) -> 19184.933 | L56: 291.95071 | M56: 48.519481 | N56: 218.85591 | O56: 920.75283 | P56: 17704.854 | Q56: 1079.029 | R56: 547.8975 | S56: 6640.6863 | T56: 5806.6678 | U56: 5741.7136
C57: 42856 | D57: =E57+Q57+R57+S57+T57+U57+K57 -> 47956.875 | E57: =SUM(F57:J57) -> 8704.9071 | F57: 78.629459 | G57: 17.003622 | H57: 56.912643 | I57: 84.465585 | J57: 8467.8958 | K57: =SUM(L57:P57) -> 19315.465 | L57: 297.58266 | M57: 38.871612 | N57: 224.63695 | O57: 1024.9863 | P57: 17729.387 | Q57: 1039.9291 | R57: 712.86615 | S57: 6544.8563 | T57: 5788.9415 | U57: 5849.9106
C58: 42887 | D58: =E58+Q58+R58+S58+T58+U58+K58 -> 48461.26 | E58: =SUM(F58:J58) -> 8842.2859 | F58: 74.790167 | G58: 15.304386 | H58: 54.416992 | I58: 80.17507 | J58: 8617.5993 | K58: =SUM(L58:P58) -> 19517.592 | L58: 296.60958 | M58: 37.75366 | N58: 220.99182 | O58: 1052.6374 | P58: 17909.6 | Q58: 987.21985 | R58: 536.89648 | S58: 6633.8625 | T58: 5804.0118 | U58: 6139.3912
C59: 42917 | D59: =E59+Q59+R59+S59+T59+U59+K59 -> 48205.705 | E59: =SUM(F59:J59) -> 8691.6559 | F59: 88.512712 | G59: 19.391627 | H59: 63.178191 | I59: 85.183431 | J59: 8435.39 | K59: =SUM(L59:P59) -> 19592.918 | L59: 310.47668 | M59: 35.873521 | N59: 218.81831 | O59: 946.21433 | P59: 18081.535 | Q59: 1009.0207 | R59: 514.68414 | S59: 6631.1594 | T59: 5847.8847 | U59: 5918.3824
C60: 42948 | D60: =E60+Q60+R60+S60+T60+U60+K60 -> 48196.21 | E60: =SUM(F60:J60) -> 8705.005 | F60: 64.690224 | G60: 20.198358 | H60: 59.566232 | I60: 112.98982 | J60: 8447.5604 | K60: =SUM(L60:P60) -> 19512.348 | L60: 306.83811 | M60: 35.386331 | N60: 250.25755 | O60: 722.99555 | P60: 18196.87 | Q60: 906.36357 | R60: 512.93915 | S60: 6670.6105 | T60: 5899.9787 | U60: 5988.9647
C61: 42979 | D61: =E61+Q61+R61+S61+T61+U61+K61 -> 48474.208 | E61: =SUM(F61:J61) -> 8685.3889 | F61: 67.758976 | G61: 16.385149 | H61: 76.401629 | I61: 71.215365 | J61: 8453.6278 | K61: =SUM(L61:P61) -> 19546.815 | L61: 300.55892 | M61: 34.77664 | N61: 218.45718 | O61: 764.21778 | P61: 18228.805 | Q61: 942.52525 | R61: 630.41502 | S61: 6755.9893 | T61: 5922.3684 | U61: 5990.7062
C62: 43009 | D62: =E62+Q62+R62+S62+T62+U62+K62 -> 48925.466 | E62: =SUM(F62:J62) -> 8623.7092 | F62: 62.720829 | G62: 16.201189 | H62: 55.089035 | I62: 81.257689 | J62: 8408.4405 | K62: =SUM(L62:P62) -> 19841.38 | L62: 299.57551 | M62: 34.489151 | N62: 230.89017 | O62: 844.7564 | P62: 18431.669 | Q62: 869.2377 | R62: 632.74862 | S62: 6816.6081 | T62: 5979.2502 | U62: 6162.5322
C63: 43040 | D63: =E63+Q63+R63+S63+T63+U63+K63 -> 49049.164 | E63: =SUM(F63:J63) -> 8604.9247 | F63: 63.068782 | G63: 14.372933 | H63: 59.037042 | I63: 115.75725 | J63: 8352.6887 | K63: =SUM(L63:P63) -> 19974.591 | L63: 286.58555 | M63: 45.42547 | N63: 228.2275 | O63: 876.78446 | P63: 18537.568 | Q63: 947.65392 | R63: 539.79299 | S63: 6798.8618 | T63: 6034.8713 | U63: 6148.4676
C64: 43070 | D64: =E64+Q64+R64+S64+T64+U64+K64 -> 49102.541 | E64: =SUM(F64:J64) -> 8561.7513 | F64: 65.386367 | G64: 21.574257 | H64: 54.399761 | I64: 66.542722 | J64: 8353.8482 | K64: =SUM(L64:P64) -> 20044.385 | L64: 244.14147 | M64: 58.241573 | N64: 196.01096 | O64: 983.58221 | P64: 18562.409 | Q64: 955.90018 | R64: 527.36084 | S64: 6795.5085 | T64: 6107.848 | U64: 6109.7872
C65: 2018
C66: 43101 | D66: =E66+Q66+R66+S66+T66+U66+K66 -> 49238.615 | E66: =SUM(F66:J66) -> 8602.9611 | F66: 92.390038 | G66: 26.257367 | H66: 66.743584 | I66: 76.888363 | J66: 8340.6817 | K66: =SUM(L66:P66) -> 20252.445 | L66: 270.91814 | M66: 60.425422 | N66: 164.52688 | O66: 1048.0337 | P66: 18708.541 | Q66: 930.48683 | R66: 528.07448 | S66: 6708.232 | T66: 5993.4614 | U66: 6222.9542
C67: 43132 | D67: =E67+Q67+R67+S67+T67+U67+K67 -> 49410.357 | E67: =SUM(F67:J67) -> 8470.2199 | F67: 86.636675 | G67: 30.623186 | H67: 63.478238 | I67: 66.808996 | J67: 8222.6728 | K67: =SUM(L67:P67) -> 20319.751 | L67: 279.84245 | M67: 59.604821 | N67: 171.91453 | O67: 1030.4257 | P67: 18777.964 | Q67: 952.45062 | R67: 533.8509 | S67: 6768.1955 | T67: 6050.0774 | U67: 6315.8111
C68: 43160 | D68: =E68+Q68+R68+S68+T68+U68+K68 -> 49777.02 | E68: =SUM(F68:J68) -> 8565.2907 | F68: 78.040191 | G68: 30.495026 | H68: 63.411021 | I68: 77.724145 | J68: 8315.6203 | K68: =SUM(L68:P68) -> 20341.759 | L68: 290.291 | M68: 60.284282 | N68: 181.35019 | O68: 988.1322 | P68: 18821.701 | Q68: 966.61396 | R68: 631.17267 | S68: 6786.9764 | T68: 6061.1065 | U68: 6424.1012
C69: 43191 | D69: =E69+Q69+R69+S69+T69+U69+K69 -> 49965.532 | E69: =SUM(F69:J69) -> 8529.0157 | F69: 82.156874 | G69: 23.71776 | H69: 75.004854 | I69: 67.652097 | J69: 8280.4841 | K69: =SUM(L69:P69) -> 20544.867 | L69: 296.6703 | M69: 61.543355 | N69: 187.40734 | O69: 1114.6047 | P69: 18884.641 | Q69: 986.88063 | R69: 629.96154 | S69: 6864.7171 | T69: 5910.3491 | U69: 6499.7416
C70: 43221 | D70: =E70+Q70+R70+S70+T70+U70+K70 -> 49876.171 | E70: =SUM(F70:J70) -> 8414.7096 | F70: 74.717246 | G70: 30.645288 | H70: 93.43156 | I70: 72.154521 | J70: 8143.7609 | K70: =SUM(L70:P70) -> 20662.196 | L70: 291.83511 | M70: 59.907274 | N70: 198.62683 | O70: 1203.9328 | P70: 18907.894 | Q70: 988.80346 | R70: 691.97335 | S70: 6912.0185 | T70: 5851.3971 | U70: 6355.0736
C71: 43252 | D71: =E71+Q71+R71+S71+T71+U71+K71 -> 49869.48 | E71: =SUM(F71:J71) -> 8375.0575 | F71: 72.029214 | G71: 17.994916 | H71: 67.695246 | I71: 70.795071 | J71: 8146.543 | K71: =SUM(L71:P71) -> 20578.363 | L71: 289.33109 | M71: 58.639569 | N71: 211.09432 | O71: 1098.706 | P71: 18920.592 | Q71: 1032.5816 | R71: 747.38609 | S71: 6861.4427 | T71: 5851.7588 | U71: 6422.8904
C72: 43282 | D72: =E72+Q72+R72+S72+T72+U72+K72 -> 49850.769 | E72: =SUM(F72:J72) -> 8375.1256 | F72: 67.578539 | G72: 15.572118 | H72: 79.210348 | I72: 78.634515 | J72: 8134.1301 | K72: =SUM(L72:P72) -> 20590.088 | L72: 290.28969 | M72: 56.824557 | N72: 207.42194 | O72: 1103.955 | P72: 18931.597 | Q72: 996.73705 | R72: 741.17505 | S72: 6710.7825 | T72: 5892.5671 | U72: 6544.2936
C73: 43313 | D73: =E73+Q73+R73+S73+T73+U73+K73 -> 50273.993 | E73: =SUM(F73:J73) -> 8444.5776 | F73: 64.352438 | G73: 15.881382 | H73: 92.548922 | I73: 61.576562 | J73: 8210.2183 | K73: =SUM(L73:P73) -> 20660.961 | L73: 284.14268 | M73: 49.804847 | N73: 206.19784 | O73: 1174.9856 | P73: 18945.83 | Q73: 983.02623 | R73: 779.38548 | S73: 6888.3511 | T73: 5928.3173 | U73: 6589.3739
C74: 43344 | D74: =E74+Q74+R74+S74+T74+U74+K74 -> 50234.115 | E74: =SUM(F74:J74) -> 8349.9756 | F74: 64.994157 | G74: 17.575181 | H74: 78.355737 | I74: 65.283312 | J74: 8123.7673 | K74: =SUM(L74:P74) -> 20649.332 | L74: 285.0819 | M74: 48.660925 | N74: 192.95808 | O74: 1144.7276 | P74: 18977.904 | Q74: 964.20397 | R74: 809.39117 | S74: 6891.7756 | T74: 5973.2876 | U74: 6596.1492
C75: 43374 | D75: =E75+Q75+R75+S75+T75+U75+K75 -> 50576.601 | E75: =SUM(F75:J75) -> 8080.2173 | F75: 52.426727 | G75: 13.617274 | H75: 38.549398 | I75: 39.196853 | J75: 7936.427 | K75: =SUM(L75:P75) -> 20875.929 | L75: 285.34438 | M75: 48.828309 | N75: 185.54693 | O75: 1292.8477 | P75: 19063.362 | Q75: 931.67688 | R75: 753.88926 | S75: 7319.1091 | T75: 6024.0295 | U75: 6591.7499
C76: 43405 | D76: =E76+Q76+R76+S76+T76+U76+K76 -> 50609.672 | E76: =SUM(F76:J76) -> 8162.0435 | F76: 74.745387 | G76: 12.724014 | H76: 39.755356 | I76: 65.846184 | J76: 7968.9726 | K76: =SUM(L76:P76) -> 20705.683 | L76: 276.94177 | M76: 48.633814 | N76: 183.52198 | O76: 1186.0763 | P76: 19010.509 | Q76: 919.1175 | R76: 652.22256 | S76: 7285.9623 | T76: 5992.8135 | U76: 6891.8293
C77: 43435 | D77: =E77+Q77+R77+S77+T77+U77+K77 -> 50917.752 | E77: =SUM(F77:J77) -> 8052.0423 | F77: 111.23105 | G77: 25.269562 | H77: 43.452786 | I77: 73.443187 | J77: 7798.6457 | K77: =SUM(L77:P77) -> 21006.998 | L77: 278.90493 | M77: 50.713271 | N77: 202.23904 | O77: 1329.2944 | P77: 19145.846 | Q77: 946.76767 | R77: 753.84929 | S77: 7315.0778 | T77: 6057.2654 | U77: 6785.7518
C78: 2019
C79: 43466 | D79: =E79+Q79+R79+S79+T79+U79+K79 -> 50702.886 | E79: =SUM(F79:J79) -> 7891.9824 | F79: 53.079446 | G79: 23.052791 | H79: 48.91955 | I79: 82.110135 | J79: 7684.8205 | K79: =SUM(L79:P79) -> 21021.668 | L79: 302.33154 | M79: 47.816823 | N79: 198.51393 | O79: 1285.351 | P79: 19187.655 | Q79: 883.24007 | R79: 691.6659 | S79: 7441.9528 | T79: 6000.2831 | U79: 6772.0934
C80: 43497 | D80: =E80+Q80+R80+S80+T80+U80+K80 -> 51002.778 | E80: =SUM(F80:J80) -> 7871.012 | F80: 60.95085 | G80: 17.758804 | H80: 53.504914 | I80: 60.693539 | J80: 7678.1039 | K80: =SUM(L80:P80) -> 21155.032 | L80: 273.96463 | M80: 48.051537 | N80: 183.45352 | O80: 1310.4819 | P80: 19339.08 | Q80: 864.87211 | R80: 695.67138 | S80: 7440.5156 | T80: 6054.5364 | U80: 6921.1386
C81: 43525 | D81: =E81+Q81+R81+S81+T81+U81+K81 -> 51392.642 | E81: =SUM(F81:J81) -> 7974.0606 | F81: 56.681 | G81: 18.849666 | H81: 48.001068 | I81: 67.592085 | J81: 7782.9368 | K81: =SUM(L81:P81) -> 20964.191 | L81: 275.91939 | M81: 46.975963 | N81: 178.44454 | O81: 1091.2502 | P81: 19371.601 | Q81: 945.09358 | R81: 814.57137 | S81: 7606.0837 | T81: 6087.5183 | U81: 7001.1238
C82: 43556 | D82: =E82+Q82+R82+S82+T82+U82+K82 -> 51416.953 | E82: =SUM(F82:J82) -> 7924.4315 | F82: 63.677585 | G82: 13.772575 | H82: 40.604421 | I82: 56.611108 | J82: 7749.7658 | K82: =SUM(L82:P82) -> 21152.011 | L82: 279.18731 | M82: 47.186674 | N82: 173.07485 | O82: 1225.7435 | P82: 19426.819 | Q82: 912.88662 | R82: 708.73913 | S82: 7678.3594 | T82: 6024.9756 | U82: 7015.5498
C83: 43586 | D83: =E83+Q83+R83+S83+T83+U83+K83 -> 51550.217 | E83: =SUM(F83:J83) -> 8028.5919 | F83: 64.782882 | G83: 18.542128 | H83: 51.334916 | I83: 81.480309 | J83: 7812.4517 | K83: =SUM(L83:P83) -> 21180.986 | L83: 279.83789 | M83: 42.372927 | N83: 165.27906 | O83: 1216.2149 | P83: 19477.281 | Q83: 909.44545 | R83: 748.1528 | S83: 7672.8381 | T83: 5929.6071 | U83: 7080.5951
C84: 43617 | D84: =E84+Q84+R84+S84+T84+U84+K84 -> 51962.389 | E84: =SUM(F84:J84) -> 8073.6045 | F84: 56.588673 | G84: 19.517698 | H84: 47.256787 | I84: 34.371371 | J84: 7915.87 | K84: =SUM(L84:P84) -> 21247.274 | L84: 279.30979 | M84: 41.445611 | N84: 158.67265 | O84: 1262.9367 | P84: 19504.909 | Q84: 927.95465 | R84: 768.34021 | S84: 7925.3224 | T84: 5968.4967 | U84: 7051.3965
C85: 43647 | D85: =E85+Q85+R85+S85+T85+U85+K85 -> 52194.336 | E85: =SUM(F85:J85) -> 8155.1629 | F85: 58.160111 | G85: 17.33433 | H85: 56.159682 | I85: 89.93738 | J85: 7933.5714 | K85: =SUM(L85:P85) -> 21520.292 | L85: 278.05974 | M85: 35.957602 | N85: 160.81464 | O85: 1314.6243 | P85: 19730.836 | Q85: 918.75751 | R85: 757.22725 | S85: 7892.1052 | T85: 6011.0462 | U85: 6939.7448
C86: 43678 | D86: =E86+Q86+R86+S86+T86+U86+K86 -> 52554.132 | E86: =SUM(F86:J86) -> 8281.203 | F86: 51.375748 | G86: 17.303785 | H86: 51.480827 | I86: 62.298293 | J86: 8098.7444 | K86: =SUM(L86:P86) -> 21521.812 | L86: 288.94393 | M86: 32.884557 | N86: 169.98075 | O86: 1245.2242 | P86: 19784.778 | Q86: 905.85446 | R86: 832.74675 | S86: 7961.5752 | T86: 6073.3047 | U86: 6977.6359
C87: 43709 | D87: =E87+Q87+R87+S87+T87+U87+K87 -> 52850.801 | E87: =SUM(F87:J87) -> 8266.7848 | F87: 64.208822 | G87: 37.824282 | H87: 73.089932 | I87: 62.147039 | J87: 8029.5148 | K87: =SUM(L87:P87) -> 21777.914 | L87: 308.60216 | M87: 29.95229 | N87: 158.88852 | O87: 1415.8314 | P87: 19864.639 | Q87: 951.89873 | R87: 709.42278 | S87: 7978.6737 | T87: 6099.1519 | U87: 7066.9552
C88: 43739 | D88: =E88+Q88+R88+S88+T88+U88+K88 -> 53302.236 | E88: =SUM(F88:J88) -> 8232.4677 | F88: 60.859221 | G88: 12.543708 | H88: 66.477802 | I88: 58.965895 | J88: 8033.6211 | K88: =SUM(L88:P88) -> 22042.153 | L88: 310.14528 | M88: 44.09436 | N88: 158.8852 | O88: 1497.7933 | P88: 20031.235 | Q88: 919.30396 | R88: 772.57963 | S88: 8076.6645 | T88: 6153.261 | U88: 7105.8057
C89: 43770 | D89: =E89+Q89+R89+S89+T89+U89+K89 -> 53314.671 | E89: =SUM(F89:J89) -> 8190.13 | F89: 67.906018 | G89: 13.36628 | H89: 47.309482 | I89: 48.896621 | J89: 8012.6516 | K89: =SUM(L89:P89) -> 21971.923 | L89: 307.92277 | M89: 40.780166 | N89: 163.44275 | O89: 1385.7639 | P89: 20074.013 | Q89: 931.49662 | R89: 754.35555 | S89: 8102.2135 | T89: 6181.326 | U89: 7183.2261
C90: 43800 | D90: =E90+Q90+R90+S90+T90+U90+K90 -> 53642.048 | E90: =SUM(F90:J90) -> 8226.3091 | F90: 69.891319 | G90: 12.731547 | H90: 51.932649 | I90: 50.982469 | J90: 8040.7712 | K90: =SUM(L90:P90) -> 22110.433 | L90: 309.18839 | M90: 38.338711 | N90: 183.30509 | O90: 1328.29 | P90: 20251.311 | Q90: 912.47437 | R90: 880.17962 | S90: 8031.0871 | T90: 6168.9838 | U90: 7312.5805
C91: 2020
C92: 43831 | D92: =E92+Q92+R92+S92+T92+U92+K92 -> 53451.061 | E92: =SUM(F92:J92) -> 8390.3226 | F92: 99.208522 | G92: 13.674507 | H92: 68.388733 | I92: 69.56452 | J92: 8139.4863 | K92: =SUM(L92:P92) -> 21922.775 | L92: 307.93309 | M92: 33.427569 | N92: 174.65974 | O92: 1107.0268 | P92: 20299.728 | Q92: 918.63655 | R92: 906.97394 | S92: 8096.2285 | T92: 6237.1806 | U92: 6978.9438
C93: 43862 | D93: =E93+Q93+R93+S93+T93+U93+K93 -> 53901.052 | E93: =SUM(F93:J93) -> 8423.3873 | F93: 58.875445 | G93: 18.89126 | H93: 57.856437 | I93: 57.45549 | J93: 8230.3087 | K93: =SUM(L93:P93) -> 22209.023 | L93: 321.99295 | M93: 31.323648 | N93: 179.88566 | O93: 1274.4908 | P93: 20401.33 | Q93: 881.58445 | R93: 803.95885 | S93: 8244.2595 | T93: 6268.5135 | U93: 7070.3252
C94: 43891 | D94: =E94+Q94+R94+S94+T94+U94+K94 -> 54434.327 | E94: =SUM(F94:J94) -> 8584.697 | F94: 72.223587 | G94: 15.699363 | H94: 87.078657 | I94: 44.172675 | J94: 8365.5228 | K94: =SUM(L94:P94) -> 21772.786 | L94: 318.48142 | M94: 29.395425 | N94: 157.59591 | O94: 1078.2899 | P94: 20189.024 | Q94: 915.21834 | R94: 1709.1121 | S94: 8020.1458 | T94: 6261.0879 | U94: 7171.2792
C95: 43922 | D95: =E95+Q95+R95+S95+T95+U95+K95 -> 53832.378 | E95: =SUM(F95:J95) -> 8418.6543 | F95: 64.508457 | G95: 13.066081 | H95: 74.331215 | I95: 83.422893 | J95: 8183.3257 | K95: =SUM(L95:P95) -> 21549.484 | L95: 336.05112 | M95: 26.458169 | N95: 157.18556 | O95: 1089.2877 | P95: 19940.502 | Q95: 935.61532 | R95: 1679.8273 | S95: 8070.5386 | T95: 6291.6674 | U95: 6886.5912
C96: 43952 | D96: =E96+Q96+R96+S96+T96+U96+K96 -> 53651.361 | E96: =SUM(F96:J96) -> 8453.3359 | F96: 59.169659 | G96: 16.095178 | H96: 67.585503 | I96: 75.926377 | J96: 8234.5592 | K96: =SUM(L96:P96) -> 21476.593 | L96: 336.22825 | M96: 23.681316 | N96: 168.36125 | O96: 981.73162 | P96: 19966.591 | Q96: 917.37803 | R96: 1331.8199 | S96: 7975.8581 | T96: 6310.8458 | U96: 7185.5299
C97: 43983 | D97: =E97+Q97+R97+S97+T97+U97+K97 -> 54108.353 | E97: =SUM(F97:J97) -> 8507.9371 | F97: 75.572634 | G97: 11.860922 | H97: 67.513715 | I97: 96.52094 | J97: 8256.4689 | K97: =SUM(L97:P97) -> 21107.533 | L97: 330.55399 | M97: 22.018516 | N97: 167.00308 | O97: 991.31996 | P97: 19596.637 | Q97: 897.25839 | R97: 1611.0924 | S97: 8609.0028 | T97: 6303.2506 | U97: 7072.2787
C98: 44013 | D98: =E98+Q98+R98+S98+T98+U98+K98 -> 54826.053 | E98: =SUM(F98:J98) -> 8515.4365 | F98: 70.800682 | G98: 10.842052 | H98: 52.418931 | I98: 71.501029 | J98: 8309.8738 | K98: =SUM(L98:P98) -> 21307.408 | L98: 333.1701 | M98: 20.732323 | N98: 170.0586 | O98: 1027.9572 | P98: 19755.49 | Q98: 843.17409 | R98: 1830.3648 | S98: 8764.6139 | T98: 6347.5673 | U98: 7217.4888
C99: 44044 | D99: =E99+Q99+R99+S99+T99+U99+K99 -> 55274.604 | E99: =SUM(F99:J99) -> 8588.9288 | F99: 69.561673 | G99: 9.5624112 | H99: 51.77062 | I99: 94.010499 | J99: 8364.0236 | K99: =SUM(L99:P99) -> 21414.679 | L99: 334.08487 | M99: 20.039975 | N99: 165.62058 | O99: 1029.0132 | P99: 19865.92 | Q99: 887.28086 | R99: 1851.1953 | S99: 9021.7273 | T99: 6371.1957 | U99: 7139.5972
C100: 44075 | D100: =E100+Q100+R100+S100+T100+U100+K100 -> 55775.301 | E100: =SUM(F100:J100) -> 8745.772 | F100: 58.276819 | G100: 9.767025 | H100: 60.477687 | I100: 43.651523 | J100: 8573.599 | K100: =SUM(L100:P100) -> 21692.102 | L100: 346.45267 | M100: 19.18819 | N100: 159.99684 | O100: 1154.4337 | P100: 20012.03 | Q100: 890.66661 | R100: 1849.9386 | S100: 9107.9142 | T100: 6360.6959 | U100: 7128.2118
C101: 44105 | D101: =E101+Q101+R101+S101+T101+U101+K101 -> 55958.395 | E101: =SUM(F101:J101) -> 8801.5315 | F101: 55.5005 | G101: 10.260852 | H101: 71.079478 | I101: 59.177404 | J101: 8605.5133 | K101: =SUM(L101:P101) -> 21853.023 | L101: 365.25659 | M101: 18.975391 | N101: 166.658 | O101: 1195.6372 | P101: 20106.496 | Q101: 914.51544 | R101: 1732.4218 | S101: 9108.1776 | T101: 6379.1583 | U101: 7169.5674
C102: 44136 | D102: =E102+Q102+R102+S102+T102+U102+K102 -> 56502.344 | E102: =SUM(F102:J102) -> 8791.7378 | F102: 63.566955 | G102: 8.482303 | H102: 55.869351 | I102: 84.095037 | J102: 8579.7242 | K102: =SUM(L102:P102) -> 21858.19 | L102: 360.80694 | M102: 18.602623 | N102: 161.71144 | O102: 1354.8627 | P102: 19962.206 | Q102: 929.16284 | R102: 1674.1989 | S102: 9404.1285 | T102: 6440.3363 | U102: 7404.5897
C103: 44166 | D103: =E103+Q103+R103+S103+T103+U103+K103 -> 57037.963 | E103: =SUM(F103:J103) -> 9069.3575 | F103: 71.593305 | G103: 9.7397845 | H103: 90.993349 | I103: 143.23576 | J103: 8753.7953 | K103: =SUM(L103:P103) -> 21998.36 | L103: 339.73143 | M103: 18.821119 | N103: 172.41463 | O103: 1370.0779 | P103: 20097.315 | Q103: 944.93323 | R103: 1622.8887 | S103: 9519.8162 | T103: 6428.6966 | U103: 7453.9107
...

Sheet 7a
B2: Financial Sector Statistics | E2: Table (7a) جدول | I2: إحصاءات القطاع المالي
E3: (**) موجودات شركات الإيداع الأخرى من العملات الأجنبية
D4: Assets of Other Depository Corporations in Foreign Currencies (**) | I4: مليون دينار JD million
C6: الموجودات من العملات الأجنبية | D6: النقد في الصندوق | E6: أرصدة لدى البنك المركزي | F6: أرصدة لدى شركات الإيداع الأخرى | G6: محفظة الاوراق المالية | H6: التسهيلات الائتمانية | I6: أخرى
C8: Assets in Foreign Currencies | D8: Cash in Vaults | E8: Balances with CBJ | F8: Balances with Other Depository Corporations | G8: Portfolio | H8: Credit Facilities | I8: Other
B9: الفترة Period
B10: 2014 | C10: =D10+E10+F10+G10+H10+I10 -> 8744.6 | D10: 210.5 | E10: 732.8 | F10: 3662 | G10: 1399.2 | H10: 2496.5 | I10: 243.6
B11: 2015 | C11: =D11+E11+F11+G11+H11+I11 -> 8894.8 | D11: 184.2 | E11: 611.5 | F11: 3721.4 | G11: 1415.6 | H11: 2750.5 | I11: 211.6
B12: 2016 | C12: =D12+E12+F12+G12+H12+I12 -> 9777.3 | D12: 174.5 | E12: 731.5 | F12: 4375.4 | G12: 1522.9 | H12: 2647.9 | I12: 325.1
B13: 2017 | C13: =D13+E13+F13+G13+H13+I13 -> 10163.9 | D13: 201.6 | E13: 840.1 | F13: 4454.5 | G13: 1883.6 | H13: 2524.5 | I13: 259.6
B14: 2018 | C14: =D14+E14+F14+G14+H14+I14 -> 10691.4 | D14: 241.7 | E14: 857.5 | F14: 4086 | G14: 2371.3 | H14: 2840.5 | I14: 294.4
B15: 2019 | C15: =D15+E15+F15+G15+H15+I15 -> 11123.7 | D15: 207.2 | E15: 763.8 | F15: 4033.4 | G15: 2667.3 | H15: 3158.2 | I15: 293.8
B16: 2020 | C16: =D16+E16+F16+G16+H16+I16 -> 12261.1 | D16: 283.8 | E16: 734.1 | F16: 4688.9 | G16: 2872.2 | H16: 3389.4 | I16: 292.7
B17: 2021 | C17: =D17+E17+F17+G17+H17+I17 -> 12820.3 | D17: 260.1 | E17: 704.3 | F17: 4650.2 | G17: 3308.3 | H17: 3589.9 | I17: 307.5
B18: 2022 | C18: =D18+E18+F18+G18+H18+I18 -> 12949.7 | D18: 272.4 | E18: 649 | F18: 3924.4 | G18: 3797.3 | H18: 4010.5 | I18: 296.1
B19: 2023 | C19: =D19+E19+F19+G19+H19+I19 -> 13293.592 | D19: 247.463 | E19: 666.03 | F19: 4069.069 | G19: 4107.871 | H19: 3848.615 | I19: 354.544
B20: 2024 | C20: =C153 -> 14177.775 | D20: =D153 -> 258.879 | E20: =E153 -> 678.257 | F20: =F153 -> 3978.252 | G20: =G153 -> 4694.76 | H20: =H153 -> 4222.542 | I20: =I153 -> 345.085
B21: 2025* | C21: =D21+E21+F21+G21+H21+I21 -> 15837.579 | D21: =D166 -> 353.418 | E21: =E166 -> 691.936 | F21: =F166 -> 5210.475 | G21: =G166 -> 5179.879 | H21: =H166 -> 4089.219 | I21: =I166 -> 312.652
B22: 2014
B23: 41974 | C23: 8744.6 | D23: 210.5 | E23: 732.8 | F23: 3662 | G23: 1399.2 | H23: 2496.5 | I23: 243.6
B24: 2015
B25: 42005 | C25: 8681.8 | D25: 208.3 | E25: 733 | F25: 3489.2 | G25: 1396.5 | H25: 2657.1 | I25: 197.7
B26: 42036 | C26: 8788.9 | D26: 183.2 | E26: 803.1 | F26: 3635.6 | G26: 1407.6 | H26: 2554.4 | I26: 205
B27: 42064 | C27: 8727.2 | D27: 200.2 | E27: 704.8 | F27: 3635 | G27: 1434.3 | H27: 2593.1 | I27: 159.8
B28: 42095 | C28: 8824.9 | D28: 190.1 | E28: 752.7 | F28: 3650.5 | G28: 1457.6 | H28: 2606 | I28: 168
B29: 42125 | C29: 8827.4 | D29: 221.2 | E29: 753.3 | F29: 3457 | G29: 1477.9 | H29: 2741 | I29: 177
B30: 42156 | C30: 8991.6 | D30: 186.2 | E30: 867.6 | F30: 3447.2 | G30: 1487 | H30: 2810.2 | I30: 193.4
B31: 42186 | C31: 9160.8 | D31: 199.8 | E31: 803.4 | F31: 3554.7 | G31: 1464.2 | H31: 2949.6 | I31: 189.1
B32: 42217 | C32: 8961.39 | D32: 192.64 | E32: 727.59 | F32: 3393.85 | G32: 1482.09 | H32: 3006.25 | I32: 158.97
B33: 42248 | C33: 8968.8 | D33: 205.3 | E33: 622.2 | F33: 3504.1 | G33: 1486 | H33: 3001.2 | I33: 150
B34: 42278 | C34: 8691.4 | D34: 166.6 | E34: 637.8 | F34: 3313.6 | G34: 1470.2 | H34: 2942.9 | I34: 160.3
B35: 42309 | C35: 8886.8 | D35: 185.3 | E35: 675.7 | F35: 3580.7 | G35: 1425.1 | H35: 2858.8 | I35: 161.2
B36: 42339 | C36: 8894.8 | D36: 184.2 | E36: 611.5 | F36: 3721.4 | G36: 1415.6 | H36: 2750.5 | I36: 211.6
B37: 2016
B38: 42370 | C38: 8975.2 | D38: 199.4 | E38: 663.8 | F38: 3704.7 | G38: 1424.7 | H38: 2801.9 | I38: 180.7
B39: 42401 | C39: 8796.1 | D39: 178.1 | E39: 635.5 | F39: 3590.1 | G39: 1470.6 | H39: 2768.5 | I39: 153.3
B40: 42430 | C40: 8895.5 | D40: 161.6 | E40: 626.4 | F40: 3703.2 | G40: 1474.4 | H40: 2777 | I40: 152.9
B41: 42461 | C41: 8934.1 | D41: 162.5 | E41: 595.1 | F41: 3683.7 | G41: 1486 | H41: 2771.7 | I41: 235.1
B42: 42491 | C42: 9025.7 | D42: 175.1 | E42: 611.6 | F42: 3716.1 | G42: 1478 | H42: 2807.1 | I42: 237.8
B43: 42522 | C43: 9292.9 | D43: 180.2 | E43: 726.9 | F43: 3856.4 | G43: 1475.7 | H43: 2800 | I43: 253.7
B44: 42552 | C44: 9272.8 | D44: 227.6 | E44: 637.4 | F44: 3876.8 | G44: 1488.1 | H44: 2771.6 | I44: 271.3
B45: 42583 | C45: 9302.5 | D45: 199.4 | E45: 674.4 | F45: 3934.9 | G45: 1483.2 | H45: 2731.2 | I45: 279.4
B46: 42614 | C46: 9430.4 | D46: 174.4 | E46: 679.6 | F46: 3983.4 | G46: 1532.1 | H46: 2788.3 | I46: 272.6
B47: 42644 | C47: 9200.1 | D47: 179.2 | E47: 685.1 | F47: 3813.9 | G47: 1516.3 | H47: 2709.4 | I47: 296.2
B48: 42675 | C48: 9403.4 | D48: 172.8 | E48: 712.3 | F48: 4012.8 | G48: 1523 | H48: 2687.6 | I48: 294.9
B49: 42705 | C49: 9777.3 | D49: 174.5 | E49: 731.5 | F49: 4375.4 | G49: 1522.9 | H49: 2647.9 | I49: 325.1
B50: 2017
B51: 42736 | C51: 9791.2 | D51: 170.5 | E51: 660 | F51: 4528.1 | G51: 1523.5 | H51: 2698.6 | I51: 210.5
B52: 42767 | C52: 9646.1 | D52: 176.9 | E52: 721.2 | F52: 4361.2 | G52: 1529.1 | H52: 2664.1 | I52: 193.6
B53: 42795 | C53: 9866.8 | D53: 194.1 | E53: 777.6 | F53: 4190.6 | G53: 1875 | H53: 2618.2 | I53: 211.3
B54: 42826 | C54: 9954.6 | D54: 177.2 | E54: 742.4 | F54: 4281.9 | G54: 1894.3 | H54: 2663.9 | I54: 194.9
B55: 42856 | C55: 10042.1 | D55: 172.6 | E55: 796.4 | F55: 4336.3 | G55: 1904.6 | H55: 2630.3 | I55: 201.9
B56: 42887 | C56: 10232.9 | D56: 202.9 | E56: 822.2 | F56: 4596.8 | G56: 1882.1 | H56: 2515.8 | I56: 213.1
B57: 42917 | C57: 10035.4 | D57: 213.2 | E57: 801.7 | F57: 4381.5 | G57: 1888.2 | H57: 2510 | I57: 240.8
B58: 42948 | C58: 10037.5 | D58: 241.3 | E58: 801.2 | F58: 4354.5 | G58: 1883.1 | H58: 2552.3 | I58: 205.1
B59: 42979 | C59: 9985.9 | D59: 231.4 | E59: 831.1 | F59: 4322.3 | G59: 1870 | H59: 2500.2 | I59: 230.9
B60: 43009 | C60: 10137.1 | D60: 183.3 | E60: 832.9 | F60: 4447.7 | G60: 1861.3 | H60: 2571.2 | I60: 240.7
B61: 43040 | C61: 9931 | D61: 200 | E61: 833.4 | F61: 4189.7 | G61: 1849.7 | H61: 2625.1 | I61: 233.1
B62: 43070 | C62: 10163.9 | D62: 201.6 | E62: 840.1 | F62: 4454.5 | G62: 1883.6 | H62: 2524.5 | I62: 259.6
B63: 2018
B64: 43101 | C64: 10006.8 | D64: 175.1 | E64: 794.4 | F64: 4354.1 | G64: 1861.9 | H64: 2617.1 | I64: 204.2
B65: 43132 | C65: 9900.3 | D65: 182.8 | E65: 822 | F65: 4166.7 | G65: 1893.7 | H65: 2634.4 | I65: 200.7
B66: 43160 | C66: 10049 | D66: 194.2 | E66: 818.3 | F66: 4326.1 | G66: 1873 | H66: 2615.6 | I66: 221.8
B67: 43191 | C67: 10122 | D67: 210.7 | E67: 840.6 | F67: 4251.1 | G67: 1880.9 | H67: 2712.5 | I67: 226.2
B68: 43221 | C68: 9919.6 | D68: 177.2 | E68: 807.1 | F68: 4100.3 | G68: 1887.3 | H68: 2727.1 | I68: 220.6
B69: 43252 | C69: 9701.8 | D69: 216 | E69: 837.7 | F69: 3767.5 | G69: 1864.8 | H69: 2749.6 | I69: 266.2
B70: 43282 | C70: 9823 | D70: 203.1 | E70: 790.5 | F70: 3893.7 | G70: 1882.6 | H70: 2807.3 | I70: 245.8
B71: 43313 | C71: 9962.3 | D71: 211.5 | E71: 829.3 | F71: 3935.2 | G71: 1882.8 | H71: 2862.4 | I71: 241.1
B72: 43344 | C72: 9932.8 | D72: 207 | E72: 831.7 | F72: 4053.8 | G72: 1864 | H72: 2733 | I72: 243.3
B73: 43374 | C73: 10313 | D73: 179.2 | E73: 810.7 | F73: 3923.7 | G73: 2333.7 | H73: 2807.9 | I73: 257.8
B74: 43405 | C74: 10387.9 | D74: 207.8 | E74: 810.8 | F74: 3814.5 | G74: 2348.8 | H74: 2910.1 | I74: 295.9
B75: 43435 | C75: 10691.4 | D75: 241.7 | E75: 857.5 | F75: 4086 | G75: 2371.3 | H75: 2840.5 | I75: 294.4
B76: 2019
B77: 43466 | C77: 10654.5 | D77: 209.3 | E77: 793.1 | F77: 4042.6 | G77: 2342.9 | H77: 2993.5 | I77: 273.1
B78: 43497 | C78: 10695.2 | D78: 217.3 | E78: 796.1 | F78: 3996.2 | G78: 2349.8 | H78: 3063.9 | I78: 271.9
B79: 43525 | C79: 10833.8 | D79: 232.5 | E79: 771.2 | F79: 4175 | G79: 2385.6 | H79: 2999.1 | I79: 270.4
B80: 43556 | C80: 10862.8 | D80: 222 | E80: 747.3 | F80: 4148.5 | G80: 2399.6 | H80: 3086 | I80: 259.4
B81: 43586 | C81: 10780.2 | D81: 213.4 | E81: 680.8 | F81: 4030.8 | G81: 2398.3 | H81: 3192.5 | I81: 264.4
B82: 43617 | C82: 10940.3 | D82: 245.4 | E82: 704 | F82: 3951.5 | G82: 2673.6 | H82: 3073.4 | I82: 292.4
B83: 43647 | C83: 10996 | D83: 246.9 | E83: 711 | F83: 3994.9 | G83: 2697.4 | H83: 3029.6 | I83: 316.2
B84: 43678 | C84: 11085.8 | D84: 241.3 | E84: 689.9 | F84: 3995 | G84: 2711.6 | H84: 3130.8 | I84: 317.2
B85: 43709 | C85: 10878 | D85: 213 | E85: 680.5 | F85: 3939.9 | G85: 2716.8 | H85: 3044 | I85: 283.8
B86: 43739 | C86: 11126.2 | D86: 176.7 | E86: 708 | F86: 4130.6 | G86: 2683.6 | H86: 3155.2 | I86: 272.1
B87: 43770 | C87: 11008.9 | D87: 214.9 | E87: 741 | F87: 3976 | G87: 2661.8 | H87: 3146.2 | I87: 269
B88: 43800 | C88: 11123.7 | D88: 207.2 | E88: 763.8 | F88: 4033.4 | G88: 2667.3 | H88: 3158.2 | I88: 293.8
B89: 2020
B90: 43831 | C90: 11118.7 | D90: 179.3 | E90: 726.2 | F90: 3961 | G90: 2665.1 | H90: 3295.1 | I90: 292
B91: 43862 | C91: 11401.4 | D91: 216.3 | E91: 708.8 | F91: 4133 | G91: 2678 | H91: 3361.3 | I91: 304
B92: 43891 | C92: 11345.3 | D92: 201.4 | E92: 760.2 | F92: 4007.8 | G92: 2684.6 | H92: 3367.5 | I92: 323.8
B93: 43922 | C93: 11292.8 | D93: 236.7 | E93: 760.6 | F93: 3822.8 | G93: 2680.2 | H93: 3474.7 | I93: 317.8
B94: 43952 | C94: 11431.6 | D94: 204.5 | E94: 702.4 | F94: 4036.6 | G94: 2656 | H94: 3512.8 | I94: 319.3
B95: 43983 | C95: 11412.7 | D95: 187.9 | E95: 668.8 | F95: 3865 | G95: 2922.2 | H95: 3445.9 | I95: 322.9
B96: 44013 | C96: 11651.9 | D96: 188.5 | E96: 651 | F96: 4008.7 | G96: 2957.6 | H96: 3506.4 | I96: 339.7
B97: 44044 | C97: 11763.9 | D97: 203.6 | E97: 641.4 | F97: 4098 | G97: 2968.5 | H97: 3525.2 | I97: 327.2
B98: 44075 | C98: 11953.5 | D98: 211.8 | E98: 689.5 | F98: 4267.4 | G98: 2992.4 | H98: 3486.2 | I98: 306.2
B99: 44105 | C99: 11809.2 | D99: 228.7 | E99: 687.5 | F99: 4184.9 | G99: 2989.7 | H99: 3418.4 | I99: 300
B100: 44136 | C100: 12144 | D100: 264.7 | E100: 727.7 | F100: 4358 | G100: 2992.2 | H100: 3519 | I100: 282.4
B101: 44166 | C101: 12261.1 | D101: 283.8 | E101: 734.1 | F101: 4688.9 | G101: 2872.2 | H101: 3389.4 | I101: 292.7
B102: 2021
B103: 44197 | C103: 12198.7 | D103: 279.7 | E103: 785.6 | F103: 4499.2 | G103: 2920.9 | H103: 3409.4 | I103: 303.9
...

Sheet 7b
B2: Financial Sector Statistics | E2: Table (7b) جدول | L2: إحصاءات القطاع المالي
E3: (**) مطلوبات شركات الإيداع الأخرى من العملات الأجنبية
E4: Liabilities of Other Depository Corporations in Foreign Currencies (**) | L4: مليون دينار JD million
C6: المطلوبات من العملات الأجنبية | D6: ودائع العملاء | I6: التأمينات النقدية | J6: ودائع البنوك | K6: اخرى | L6: صافي الموجودات من العملات الأجنبية
D8: Customers' Deposits
E9: الحكومة المركزية | F9: المؤسسات العامة | G9: الشركات المالية الأخرى | H9: القطاع الخاص | I9: Cash Margins | J9: Deposits of Banks | K9: Other | L9: Net Assets in Foreign Currencies
C10: Liabilities in Foreign Currencies | E10: Central Government | F10: Public Entities | G10: Other Financial Corporations | H10: Private Sector
B11: الفترة Period
B12: 2014 | C12: 8735.1 | D12: 6247.9 | E12: 7.2 | F12: 16.6 | G12: 40.9 | H12: 6183.2 | I12: 383 | J12: 1894.1 | K12: 210.1 | L12: 9.5
B13: 2015 | C13: 8720.7 | D13: 6584 | E13: 30.6 | F13: 18.1 | G13: 52.6 | H13: 6482.7 | I13: 356.5 | J13: 1582.1 | K13: 198.1 | L13: 174.1
B14: 2016 | C14: 9655.3 | D14: 6931.8 | E14: 137.4 | F14: 15.5 | G14: 22 | H14: 6756.9 | I14: 421.4 | J14: 2022.7 | K14: 279.4 | L14: 122
B15: 2017 | C15: 10259.5 | D15: 7555.5 | E15: 121.1 | F15: 21.3 | G15: 17 | H15: 7396.1 | I15: 432.5 | J15: 1957.6 | K15: 313.9 | L15: -95.6
B16: 2018 | C16: 11253.2 | D16: 8180.5 | E16: 122.9 | F16: 42.4 | G16: 27.9 | H16: 7987.3 | I16: 519.6 | J16: 2190.3 | K16: 362.8 | L16: -561.8
B17: 2019 | C17: =D17+I17+J17+K17 -> 11630.8 | D17: =E17+F17+G17+H17 -> 8198 | E17: 60.8 | F17: 44.3 | G17: 44.3 | H17: 8048.6 | I17: 535.3 | J17: 2488.7 | K17: 408.8 | L17: -507.1
B18: 2020 | C18: =D18+I18+J18+K18 -> 12439.3 | D18: =E18+F18+G18+H18 -> 8555.2 | E18: 61.1 | F18: 41.9 | G18: 35.9 | H18: 8416.3 | I18: 462.7 | J18: 2767.4 | K18: 654 | L18: -178.2
B19: 2021 | C19: =D19+I19+J19+K19 -> 13163 | D19: =E19+F19+G19+H19 -> 8837.7 | E19: 60.6 | F19: 43.2 | G19: 19.1 | H19: 8714.8 | I19: 535.1 | J19: 2927 | K19: 863.2 | L19: -342.7
B20: 2022 | C20: =D20+I20+J20+K20 -> 13522.1 | D20: =E20+F20+G20+H20 -> 9265.2 | E20: 222.6 | F20: 30.6 | G20: 16.9 | H20: 8995.1 | I20: 585 | J20: 2422 | K20: 1249.9 | L20: -572.4
B21: 2023 | C21: =D21+I21+J21+K21 -> 13864.313 | D21: 9275.429 | E21: 162.574 | F21: 28.86 | G21: 21.748 | H21: 9062.247 | I21: 605.613 | J21: 2562.712 | K21: 1420.559 | L21: -570.722
B22: 2024 | C22: =C155 -> 14729.332 | D22: =D155 -> 9998.554 | E22: =E155 -> 59.166 | F22: =F155 -> 23.934 | G22: =G155 -> 24.596 | H22: =H155 -> 9890.859 | I22: =I155 -> 746.546 | J22: =J155 -> 2453.081 | ... L22: =L155 -> -551.557
B23: 2025* | C23: =D23+I23+J23+K23 -> 15762.44 | D23: =E23+F23+G23+H23 -> 10763.756 | E23: =E168 -> 172.566 | F23: =F168 -> 39.437 | G23: =G168 -> 16.349 | H23: =H168 -> 10535.404 | I23: =I168 -> 925.965 | J23: =J168 -> 2407.276 | K23: =K168 -> 1665.443 | L23: =L168 -> 75.139
B24: 2014
B25: 41974 | C25: 8735.1 | D25: 6247.9 | E25: 7.2 | F25: 16.6 | G25: 40.9 | H25: 6183.2 | I25: 383 | J25: 1894.1 | K25: 210.1 | L25: 9.5
B26: 2015
B27: 42005 | C27: 8524.3 | D27: 6382.5 | E27: 7.1 | F27: 29.7 | G27: 25.8 | H27: 6319.9 | I27: 365.5 | J27: 1595.9 | K27: 180.4 | L27: 157.5
B28: 42036 | C28: 8568.7 | D28: 6277.9 | E28: 7.6 | F28: 25.1 | G28: 33.4 | H28: 6211.8 | I28: 365.1 | J28: 1679.2 | K28: 246.5 | L28: 220.2
B29: 42064 | C29: 8525.6 | D29: 6312.2 | E29: 18.8 | F29: 23.2 | G29: 42.2 | H29: 6228 | I29: 355.5 | J29: 1665.7 | K29: 192.2 | L29: 201.6
B30: 42095 | C30: 8563 | D30: 6319.2 | E30: 9.7 | F30: 29.3 | G30: 36.6 | H30: 6243.6 | I30: 355.1 | J30: 1641.3 | K30: 247.4 | L30: 261.9
B31: 42125 | C31: 8627.8 | D31: 6433.3 | E31: 9.2 | F31: 19.6 | G31: 34.4 | H31: 6370.1 | I31: 359.1 | J31: 1619.6 | K31: 215.8 | L31: 199.6
B32: 42156 | C32: 8817.8 | D32: 6466.7 | E32: 9 | F32: 21.3 | G32: 36.5 | H32: 6399.9 | I32: 362.5 | J32: 1783.3 | K32: 205.3 | L32: 173.8
B33: 42186 | C33: 8890.7 | D33: 6498.6 | E33: 10.2 | F33: 17.4 | G33: 29.9 | H33: 6441.1 | I33: 364.1 | J33: 1829.3 | K33: 198.7 | L33: 270.1
B34: 42217 | C34: 8771.2 | D34: 6429.25 | E34: 9.86 | F34: 14.55 | G34: 44.77 | H34: 6360.08 | I34: 413.6 | J34: 1727.96 | K34: 200.39 | L34: 190.19
B35: 42248 | C35: 8866.25 | D35: 6409.25 | E35: 13.82 | F35: 13.83 | G35: 28.8 | H35: 6352.8 | I35: 370.5 | J35: 1879.7 | K35: 206.8 | L35: 102.55
B36: 42278 | C36: 8634.77 | D36: 6362.98 | E36: 13.6 | F36: 13.98 | G36: 35.8 | H36: 6299.6 | I36: 354.99 | J36: 1748.1 | K36: 168.7 | L36: 56.63
